 Dungeon Crawl Stone Soup version 0.31-a0-177-g4aa6249778 (webtiles) character file.

Game seed: 3899796825352821321

775865 qw the Bringer of Light (level 27, -2/197 HPs)
             Began as a Gargoyle Fighter on June 18, 2023.
             Was the Champion of the Shining One.
             Killed from afar by a starcursed mass (17 damage)
             ... with an accursed screaming
             ... on level 4 of the Abyss.
             The game lasted 01:00:14 (74661 turns).

qw the Bringer of Light (Gargoyle Fighter)         Turns: 74661, Time: 01:00:14

Health: -2/197     AC: 58    Str: 37      XL:     27
Magic:  30/40      EV: 19    Int:  5 (6)  God:    the Shining One [******]
Gold:   4539       SH: 26    Dex: 13 (15) Spells: 26/26 levels left

rFire   + + .        G - +9 broad axe (holy)
rCold   + . .        F - +4 tower shield of Jiosh {Will- Regen+ Dex+3}
rNeg    + + +        u - +3 plate armour "Rinal" {-Cast rF++ Will+ Slay+2}
rPois   inf          j - +2 helmet
rElec   +            M - +2 cloak of the Monkey's Uncle {rElec Will+}
rCorr   .            J - +2 pair of gloves
SInv    .            m - +3 pair of mountain boots {steadfast, rC+}
Will    +++..        E - amulet of Birdsong {Faith Dex+5} Stlth
                     S - +5 ring of evasion
HPRegen 1.32/turn    t - +6 ring of strength
MPRegen 0.27/turn

%: no spellcasting, faith
@: about to teleport, flying
A: sickness immunity, AC +20, big wings, negative energy resistance 1,
electricity resistance, torment resistance 1, petrification resistance, talons
1, clumsy 1, dopey 2, weak 1, subdued magic 1, [deformed body], [deterioration
2], [no potion heal 1]
}: 6/15 runes: barnacled, slimy, silver, golden, abyssal, gossamer
a: Renounce Religion, Divine Shield, Cleansing Flame, Summon Divine Warrior


You were on level 4 of the Abyss.
You worshipped the Shining One.
The Shining One was exalted by your worship.
You visited 12 branches of the dungeon, and saw 55 of its levels.
You visited the Abyss 1 time.
You visited 1 bazaar.
You also visited: Sewer, Gauntlet and Wizlab.

You collected 10761 gold pieces.
You spent 6222 gold pieces at shops.


Innate Abilities, Weirdness & Mutations

You are immune to sickness and miasma.
Your stone body is resilient. (AC +20)
You are immune to poison.
Your large and strong wings let you fly.
You resist negative energy. (rN+)
You are resistant to electric shocks. (rElec)
You are resistant to unholy torment.
You are immune to petrification.
You have sharp toenails.
You are clumsy. (Dex -2)
You are very dopey. (Int -4)
You are weak. (Str -2)
Your spells are a little easier to cast, but a little less powerful.
[Armour fits poorly on your strangely shaped body.]
[Your body often deteriorates upon taking damage.]
[Potions are less effective at restoring your health.]


   Skills:
 + Level 26.6 Fighting
 + Level 2.3 Short Blades
 - Level 18.0 Axes
 - Level 14.0 Throwing
 - Level 26.0 Armour
 - Level 12.0 Dodging
 - Level 22.9 Shields
 O Level 27 Invocations


You had 26 spell levels left.
You didn't know any spells.
Your spell library was empty.

Inventory:

Hand Weapons
 e - the +8 mithril axe "Arga" {speed, Will+}
   (Okawaru gifted it to you on level 2 of the Vaults)

   Will:      It increases your willpower.
 G - a +9 broad axe of holy wrath (weapon)
 T - the +11 broad axe of Salt {freeze, rF++ Int+2 Dex-4 SInv}
   (You found it on level 2 of the Depths)

   Int:       It affects your intelligence (+2).
   Dex:       It affects your dexterity (-4).
   rF:        It greatly protects you from fire.
   SInv:      It lets you see invisible.
Missiles
 c - 28 boomerangs (quivered)
Armour
 j - a +2 helmet (worn)
 l - +0 gold dragon scales
 m - the +3 pair of mountain boots (worn) {steadfast, rC+}
   (Okawaru gifted it to you on level 2 of the Orcish Mines)

   Steadfast: It prevents involuntary movement, except for blinking,
   teleportation, or banishment.
   rC:        It protects you from cold.
 u - the +3 plate armour "Rinal" (worn) {-Cast rF++ Will+ Slay+2}
   (You found it on level 2 of the Spider Nest)

   Slay:      It affects your accuracy & damage with ranged weapons and melee
   (+2).
   rF:        It greatly protects you from fire.
   -Cast:     It prevents spellcasting.
   Will:      It increases your willpower.
 x - a scarf of resistance
 y - the scarf "Teluempy" {repulsion, rC+++ Str-3 Stlth+}
   (You bought it in a shop on level 14 of the Dungeon)

   Str:       It affects your strength (-3).
   rC:        It renders you almost immune to cold.
   Stlth:     It makes you more stealthy.
 F - the +4 tower shield of Jiosh (worn) {Will- Regen+ Dex+3}
   (You found it on level 3 of the Vaults)

   Dex:       It affects your dexterity (+3).
   Regen:     It increases your rate of health regeneration.
   Will:      It decreases your willpower.
 J - a +2 pair of gloves (worn)
 M - the +2 cloak of the Monkey's Uncle (worn) {rElec Will+}
   (You found it on level 2 of the Vaults)

   rElec:     It insulates you from electricity.
   Will:      It increases your willpower.
Jewellery
 f - a ring of protection from fire
 q - a ring of protection from cold
 t - a +6 ring of strength (right hand)
 E - the amulet of Birdsong (around neck) {Faith Dex+5}
   (You found it on level 3 of the Tomb of the Ancients)

   [amulet of faith]

   It allows you to gain divine favour quickly.
   Dex:       It affects your dexterity (+5).
 H - a ring of ice
 P - the brooch of Shielding {Spirit SH+8}
   (You found it on level 5 of the Pits of Slime)

   [amulet of guardian spirit]

   It causes incoming damage to be divided between your reserves of health and
   magic.
   SH:        It affects your SH (+8).
 S - a +5 ring of evasion (left hand)
Wands
 s - a wand of digging (44)
Scrolls
 i - 4 scrolls of teleportation
 k - 39 scrolls of identify
 w - 6 scrolls of brand weapon
 D - 4 scrolls of enchant weapon
 R - 4 scrolls of enchant armour
Potions
 a - 10 potions of enlightenment
 b - 4 potions of mutation
 d - 13 potions of might
 n - 9 potions of resistance
 o - 2 potions of heal wounds
 r - 18 potions of curing
 v - 6 potions of haste
 K - 2 potions of magic
 L - 2 potions of cancellation

Dungeon Overview and Level Annotations

Branches:
Dungeon (15/15)            Temple (1/1) D:6            Lair (5/5) D:10
 Shoals (4/4) Lair:3       Spider (4/4) Lair:2        Slime (5/5) Lair:4
    Orc (2/2) D:12            Elf (0/3) Orc:2        Vaults (5/5) D:13
  Crypt (3/3) Vaults:2       Tomb (3/3) Crypt:3      Depths (4/4) D:15
    Zot (4/5) Depths:4      Sewer (visited)          WizLab (visited)
Gauntlet (visited)

Altars:
Ashenzari
Cheibriados
Dithmenos
Elyvilon
Fedhas
Gozag
Hepliaklqana
Kikubaaqudgha
Makhleb
Nemelex Xobeh
Okawaru
Qazlal
Ru
Sif Muna
Trog
Uskayaw
Vehumet
Wu Jian
Xom
Yredelemnul
Zin
The Shining One
Ignis
Jiyva

Shops:
D:5 *   D:6 ?   D:7 [[?   D:12 :   D:14 *   Orc:1 *   Orc:2 =!*[=   Shoals:3 **
Vaults:1 (   Vaults:2 (   Vaults:3 [   Vaults:4 (   Vaults:5 [   Depths:1 ?
Depths:2 *=::

Portals:
Hell: Depths:1 Depths:2 Depths:3 Depths:4
Abyss: Depths:3
Pandemonium: Orc:2 Depths:2
Ziggurat: Depths:3

Annotations:
Lair:5 3 runed translucent doors, qw's ghost, journeyman MiHu
Shoals:3 3 runed translucent doors, qw's ghost, adept NaHu
Vaults:3 exclusion: great orb of eyes
Crypt:3 exclusion: lich


Message History

An ancient zyme comes into view.
The alligator snapping turtle bites you but does no damage.
A cacophony of accursed wailing tears at your sanity!
74659 ||| DRINKING 4 potions of heal wounds.
Your system partially rejects the healing.
You feel much better.
You block the thrashing horror's attack. x2
A cacophony of accursed wailing tears at your sanity!
Your body deteriorates!
You feel dopey.
You suddenly lose the ability to move!
Your daeva calls down the wrath of the Shining One upon the thrashing horror.
The thrashing horror is smitten.
The small abomination hits you but does no damage.
The ynoxinul gestures at you.
The entropic shot hits you but does no damage.
The orange demon stings you but does no damage.
The thrashing horror barely misses you. x2
Your daeva blocks the green death's attack.
The alligator snapping turtle bites you but does no damage.
The thrashing horror tramples you but does no damage. x2
The ynoxinul gestures.
Your daeva closely misses the green death.
Your daeva hits the green death with a +3 scimitar of holy wrath!
The green death convulses.
The small abomination hits you but does no damage.
The ynoxinul gestures.
An orange demon comes into view.
The orange demon stings you but does no damage.
A large abomination comes into view.
The green death hits your daeva!
You can move again.
74661 ||| DRINKING 3 potions of heal wounds.
Your system partially rejects the healing.
You feel much better.
You block the thrashing horror's attack. x2
The thrashing horror tramples you but does no damage.
You block the thrashing horror's attack.
The ynoxinul gestures.
A cacophony of accursed wailing tears at your sanity!
You die...

# ## .# #.
#.###.# ..# X#
#..#.. # . .. #
.#5X55##.##.
...
3X...4t2.)>.%>.
. . #
..##3A%)..}.} )
. #@x.....##)
4xXXXAX##5#..}#


X.4XXXX ... .. .##zX## #.### ### # #.3 #.. ) . ..5 #.. } ..5 # # ### } You could
see a profane servitor, 9 starcursed masses, an alligator snapping turtle, a
green death (ally target), 2 orange demons, an ancient zyme, a thrashing horror,
a large abomination, 2 ynoxinuls, a chaos spawn, a small abomination, a wight, 6
ufetubi and a friendly daeva (summoned).

Vanquished Creatures
  the Royal Jelly (Slime:5)
  3 ancient liches
  3 dread liches
  3 orbs of fire
  2 juggernauts
  23 royal mummies
  Boris (twice) (Vaults:2 Crypt:2)
  4 shard shrikes (Depths:2)
  Margery (Crypt:2)
  A Killer Klown (Zot:3)
  4 curse toes
  7 golden dragons
  A profane servitor (Abyss:1)
  Nikola (Spider:1)
  the Enchantress (Depths:2)
  9 bone dragons
  3 doom hounds (Zot:4)
  A Hell Sentinel (Tomb:2)
  10 tentacled monstrosities
  A walking earthen tome (Abyss:4)
  Jorgrun (Shoals:1)
  2 shard shrike skeletons
  A walking crystal tome (Depths:3)
  14 titans
  2 deep elf blademasters
  Grunn (Zot:4)
  7 quicksilver dragons
  15 liches
  16 acid blobs
  2 walking frostbound tomes
  5 deep elf master archers
  16 ancient champions
  15 sphinxes
  Polyphemus (Shoals:4)
  10 death cobs
  39 tentacled starspawn
  An eldritch tentacle (WizLab)
  2 Executioners (Abyss:4)
  5 tengu reavers
  A kraken (Shoals:2)
  8 storm dragons
  12 shadow dragons
  A storm dragon (shapeshifter) (Abyss:4)
  5 revenants
  Roxanne (Shoals:4)
  9 rockslimes
  2 draconian monks
  6 emperor scorpions
  4 narguns (Zot:3)
  11 azure jellies
  2 draconian knights (Zot:3)
  17 fire giants
  5 deep elf sorcerers
  Aizul (Spider:4)
  21 frost giants
  2 balrugs
  2 iron dragons
  2 draconian scorchers
  4 draconian shifters
  20 vault wardens
  3 cacodemons (Abyss:4)
  A deep elf elementalist (Abyss:4)
  A caustic shrike zombie (Abyss:4)
  8 ghost moths
  3 ghouls
  A curse skull (Crypt:3)
  3 spriggan defenders (Depths:2)
  An ophan (Abyss:1)
  8 quicksilver oozes
  23 stone giants
  3 war gargoyles
  A draconian stormcaller (Zot:1)
  6 formless jellyfish
  A reaper (Crypt:2)
  25 very ugly things
  4 draconian annihilators
  16 ironbound preservers
  7 ironbound thunderhulks
  A caustic shrike skeleton (Crypt:2)
  4 broodmothers (Spider:4)
  12 vampire knights
  8 green draconians
  2 deep elf demonologists
  4 bennus
  6 black draconians
  2 spark wasps
  A minotaur (Gauntlet)
  9 purple draconians
  2 dire elephants (Vaults:2)
  6 red draconians
  2 lorocyprocas (Abyss:4)
  A deep elf annihilator (Vaults:5)
  10 yellow draconians
  A bunyip (Abyss:4)
  A bunyip (shapeshifter) (Vaults:5)
  13 eidola
  11 white draconians
  3 blizzard demons
  A green death (Abyss:4)
  4 deep elf death magi
  12 ettins
  2 deep elf high priests (Vaults:5)
  An entropy weaver (shapeshifter) (Abyss:4)
  3 crystal guardians
  13 jiangshi
  6 fire dragons
  8 entropy weavers
  21 mummy priests
  2 quicksilver dragon zombies
  5 merfolk javelineers
  12 merfolk impalers
  8 yaktaur captains
  38 vault guards
  A juggernaut simulacrum (Depths:2)
  6 spriggan zombies
  Fannar (D:11)
  14 great orbs of eyes
  4 hydras
  4 rakshasas
  2 spriggan skeletons (Abyss:4)
  A caustic shrike simulacrum (Abyss:4)
  5 peacekeepers
  10 ice dragons
  A jorogumo (shapeshifter) (Depths:4)
  3 ogre magi
  3 spriggan air magi
  2 demonspawn (Orc:2)
  8 catoblepae
  4 jorogumos
  8 ironbound frosthearts
  An alligator snapping turtle (Shoals:4)
  14 centaur warriors
  4 death knights
  8 deep troll earth magi
  6 two-headed ogres (Orc:1)
  3 hell hogs (Abyss:4)
  81 death scarabs
  An Orb Guardian skeleton (Crypt:3)
  13 demonic crawlers
  3 satyrs
  6 boulder beetles
  4 radroaches
  A satyr (shapeshifter) (Depths:3)
  6 tengu warriors
  4 dancing weapons (Zot:3)
  4 deep troll shamans
  8 merfolk aquamancers
  20 death yaks
  22 thrashing horrors
  7 spriggan berserkers
  A shock serpent (shapeshifter) (Abyss:1)
  6 vampire magi
  14 hell knights
  7 orc high priests
  3 sun demons
  11 deep elf knights
  A titan zombie (Abyss:4)
  7 skysharks
  2 sun moths
  22 wretched stars
  4 soul eaters
  2 titan skeletons
  A skyshark (shapeshifter) (D:14)
  6 pharaoh ants
  23 skeletal warriors
  A spatial maelstrom (Abyss:4)
  7 sea snakes
  A spriggan rider (Depths:2)
  3 iron trolls
  A sea snake (shapeshifter) (Depths:1)
  A sixfirhy (Abyss:4)
  11 orb spiders
  2 golden dragon zombies
  37 deep trolls
  2 obsidian statues
  2 death drakes (shapeshifter)
  6 shadow wraiths
  3 anaconda zombies
  6 flayed ghosts
  A kraken simulacrum (Shoals:4)
  2 death drakes (Abyss:4)
  10 glowing orange brains
  12 deep elf archers
  3 steelbarb worms
  An orange crystal statue (Vaults:4)
  A lindwurm (shapeshifter) (Depths:3)
  2 bog bodies (Crypt:3)
  6 orc knights
  An anaconda skeleton (Tomb:3)
  2 spriggan simulacra
  12 deep elf zephyrmancers
  16 phantasmal warriors
  A tengu zombie (Depths:1)
  21 ironbound convokers
  14 deep elf pyromancers
  A steelbarb worm (shapeshifter) (Depths:3)
  8 wizards
  2 mana vipers
  6 necromancers
  15 lindwurms
  An oklob plant (Lair:2)
  28 ugly things
  41 harpies
  2 fire giant zombies
  18 manticores
  A frost giant zombie (Depths:2)
  43 starcursed masses
  23 wolf spiders
  9 orc sorcerers
  4 shining eyes
  4 cyclopes
  A sphinx skeleton (Depths:2)
  41 moths of wrath
  A tengu skeleton (Depths:2)
  6 worldbinders
  5 apocalypse crabs (Abyss:4)
  14 fauns
  9 elephants (Lair:5)
  9 merfolk sirens
  18 vault sentinels
  A guardian serpent (Abyss:1)
  A black mamba (Lair:5)
  A frost giant skeleton (Depths:2)
  A black mamba (shapeshifter) (Abyss:4)
  4 water nymphs
  A titan simulacrum (Depths:2)
  2 rust devils
  A dire elephant zombie (Crypt:2)
  2 eyes of devastation
  5 torpor snails
  9 cane toads
  A storm dragon simulacrum (Depths:2)
  2 molten gargoyles (Gauntlet)
  3 gargoyles
  A centaur skeleton (Crypt:3)
  9 rime drakes
  28 smoke demons
  6 orange demons
  2 unseen horrors
  9 komodo dragons
  Psyche (D:8)
  38 yaktaurs
  13 freezing wraiths
  2 tormentors
  2 hellions
  An alligator snapping turtle skeleton (Crypt:1)
  3 ice devils
  5 efreet
  42 guardian mummies
  20 ancient zymes
  2 tengu conjurers
  A spark wasp simulacrum (Depths:2)
  2 harpy zombies (Abyss:4)
  7 hellwings
  A polar bear (Lair:5)
  A queen bee (Abyss:4)
  3 trolls
  2 red devils
  33 merfolk
  A golden dragon simulacrum (Depths:2)
  16 meliai
  5 wind drakes
  A sphinx simulacrum (Depths:2)
  25 tarantellas
  A hydra skeleton (Tomb:2)
  31 blink frogs
  A death drake skeleton (Crypt:1)
  41 raiju
  16 hornets
  A stone giant simulacrum (Tomb:3)
  An ettin zombie (Tomb:3)
  7 dream sheep (Lair:5)
  61 large abominations
  A harpy skeleton (Crypt:3)
  A dire elephant simulacrum (Tomb:3)
  4 snapping turtles
  A centaur simulacrum (Tomb:2)
  11 flying skulls
  98 slime creatures
  A fire giant simulacrum (Depths:2)
  19 culicivoras
  A black mamba zombie (Tomb:2)
  10 vampires
  27 jumping spiders
  2 shadows (D:10)
  A satyr skeleton (Crypt:3)
  14 ynoxinuls
  10 ushabtiu
  7 spriggans
  53 yaks
  7 wraiths
  A human (shapeshifter) (Vaults:5)
  3 wyverns
  A yak (shapeshifter) (Abyss:1)
  11 neqoxecs
  31 water elementals
  8 basilisks
  14 chaos spawn
  22 golden eyes
  3 fire elementals
  46 redbacks
  6 vampire mosquitoes
  2 acid dragons
  A harpy simulacrum (Abyss:4)
  2 nagas (Abyss:1)
  9 spatial vortices
  A warg (Orc:2)
  4 glowing shapeshifter skeletons
  12 hell hounds
  A floating eye (shapeshifter) (Depths:3)
  3 floating eyes
  2 two-headed ogre skeletons (Crypt:3)
  7 water moccasins
  2 sky beasts
  40 orc warriors
  5 black bears
  4 ice beasts
  23 ogres
  3 boggarts (WizLab)
  17 wolves
  8 centaurs
  40 small abominations
  An elephant skeleton (Crypt:2)
  A phantom (D:4)
  6 kobold brigands
  A yaktaur zombie (Crypt:2)
  14 bullfrogs
  5 scorpions
  2 gnoll sergeants
  An earth elemental (Abyss:4)
  25 wights
  9 killer bees
  A shapeshifter skeleton (Crypt:2)
  A warg skeleton (Crypt:1)
  A polar bear skeleton (Crypt:3)
  A howler monkey (D:10)
  3 electric eels
  A wolf zombie (Crypt:1)
  A crimson imp (WizLab)
  2 wolf skeletons (Crypt:2)
  6 quasits (Abyss:4)
  6 hounds
  8 iron imps
  31 orc priests
  12 jellies
  3 gnoll boudas
  3 iguanas
  Natasha (twice) (D:4)
  19 orc wizards
  A naga zombie (Crypt:1)
  3 naga skeletons
  38 mummies
  22 gnolls
  16 adders
  6 river rats
  A steam dragon zombie (Crypt:2)
  3 shadow imps
  5 white imps
  5 ufetubi
  5 worms
  3 dart slugs
  101 orcs
  16 ball pythons
  18 bats
  19 endoplasms
  3 giant cockroaches
  7 goblins
  9 hobgoblins
  7 jackals
  34 kobolds
  9 quokkas
  11 frilled lizards
  7 rats
  A river rat skeleton (Crypt:2)
  A butterfly (Lair:5)
  5 lurking horrors
  33 starspawn tentacles
  2 tentacles (Shoals:2)
3256 creatures vanquished.

Vanquished Creatures (collateral kills)
  9 royal mummies
  A shard shrike skeleton (Crypt:3)
  A lich (Abyss:4)
  2 titans (Tomb:1)
  3 tentacled starspawn (Abyss:4)
  2 Executioners
  A reaper (Abyss:4)
  A cacodemon (Abyss:4)
  A draconian annihilator (Abyss:4)
  2 stone giants (Tomb:1)
  A vampire knight (Crypt:3)
  2 bennus (Tomb:2)
  4 starcursed masses
  A yellow draconian (Crypt:3)
  5 mummy priests
  A great orb of eyes (Abyss:4)
  4 death scarabs
  A hell hog (Abyss:4)
  5 thrashing horrors (Abyss:4)
  A vampire mage (Abyss:4)
  7 wretched stars
  2 spatial maelstroms (Abyss:4)
  A skeletal warrior (Tomb:2)
  A death drake (Abyss:1)
  2 sixfirhies
  A glowing orange brain (Abyss:4)
  A flayed ghost (Abyss:4)
  2 deep elf archers
  A deep elf pyromancer (Tomb:1)
  An ugly thing (Abyss:4)
  3 worldbinders
  A rust devil (Abyss:4)
  2 apocalypse crabs (Abyss:4)
  5 orange demons
  2 smoke demons (Abyss:4)
  A freezing wraith (Abyss:1)
  An efreet (Abyss:1)
  5 guardian mummies
  2 ancient zymes
  3 harpy skeletons (Abyss:4)
  A blink frog (Abyss:4)
  5 raiju (Abyss:4)
  A slime creature (Abyss:4)
  2 ushabtiu (Tomb:3)
  5 ynoxinuls (Abyss:4)
  A golden eye (Abyss:4)
  2 neqoxecs
  7 chaos spawn
  3 spatial vortices (Abyss:4)
  13 large abominations
  2 hell hounds (Abyss:4)
  A quasit (Abyss:1)
  A jelly (Abyss:1)
  5 small abominations (Abyss:4)
  4 mummies
  A white imp (Abyss:1)
  An ufetubus (Abyss:4)
  3 starspawn tentacles (Abyss:4)
150 creatures vanquished.

Vanquished Creatures (others)
  A ghost moth (Spider:2)
  A draconian stormcaller (Zot:3)
  A vampire knight (Depths:3)
  3 large abominations (Abyss:4)
  A wizard (Vaults:1)
  A deep elf zephyrmancer (Crypt:3)
  A deep elf pyromancer (Crypt:1)
  A yaktaur (Vaults:5)
  A culicivora (Spider:4)
  4 small abominations (Abyss:4)
  A spatial vortex (WizLab)
  A starcursed mass (Abyss:4)
  A lurking horror (Abyss:4)
  56 starspawn tentacles
  10 tentacles
84 creatures vanquished.

Grand Total: 3490 creatures vanquished

Notes
Turn   | Place    | Note
-------+----------+-------------------------------------------
     0 | D:1      | qw the Gargoyle Fighter began the quest for the Orb.
     0 | D:1      | Reached XP level 1. HP: 14/14 MP: 1/1
     0 | D:1      | 0 ||| qw: Version: 0.3-a-5-g6f28e65
     0 | D:1      | 0 ||| qw: Game counter: 663
     0 | D:1      | 0 ||| qw: Always use a shield: true
     0 | D:1      | 0 ||| qw: God list: Okawaru
     0 | D:1      | 0 ||| qw: Allow faded altars: false
     0 | D:1      | 0 ||| qw: Do Orc after D:15 true
     0 | D:1      | 0 ||| qw: Do second Lair branch before Depths: true
     0 | D:1      | 0 ||| qw: Lair rune preference: random
     0 | D:1      | 0 ||| qw: Plans: Normal, Zot:1-4, Slime:5, God:TSO, Crypt,
                  | Tomb, Abyss, Pan, Hells, Win
     0 | D:1      | 0 ||| PLANNING D:1-11
    30 | D:1      | Found a faded altar of an unknown god.
   165 | D:1      | Reached XP level 2. HP: 19/19 MP: 2/2
   472 | D:1      | 472 ||| Stepping ~*~*~tactically~*~*~ (stealth).
   473 | D:1      | 473 ||| Stepping ~*~*~tactically~*~*~ (stealth).
   542 | D:1      | Reached skill level 3 in Axes
   554 | D:1      | 554 ||| Stepping ~*~*~tactically~*~*~ (stealth).
   608 | D:1      | Reached XP level 3. HP: 23/23 MP: 3/3
   768 | D:1      | 768 ||| Stepping ~*~*~tactically~*~*~ (hiding).
   944 | D:1      | 944 ||| UPGRADING to +0 chain mail.
   954 | D:1      | 954 ||| DROPPING +0 scale mail.
   955 | D:1      | 955 ||| READING scroll labelled VAARCH JIPRI.
   956 | D:1      | 956 ||| READING scroll labelled NEUVOA DEZXAMNA.
   957 | D:1      | 957 ||| DRINKING 2 cyan potions.
   958 | D:1      | 958 ||| DROPPING potion of invisibility.
   990 | D:2      | 990 ||| STAIRDANCE
  1192 | D:2      | Reached XP level 4. HP: 28/28 MP: 4/4
  1664 | D:2      | 1664 ||| READING scroll labelled NODWUIJIUM.
  1665 | D:2      | 1665 ||| READING scroll labelled ADGHOGG UKOME.
  1666 | D:2      | 1666 ||| DRINKING 2 red potions.
  1667 | D:2      | 1667 ||| DRINKING 2 dark potions.
  1735 | D:3      | 1735 ||| PLANNING SEWER
  1776 | D:3      | 1776 ||| Stepping ~*~*~tactically~*~*~ (hiding).
  1777 | D:3      | 1777 ||| Stepping ~*~*~tactically~*~*~ (hiding).
  1778 | D:3      | 1778 ||| Stepping ~*~*~tactically~*~*~ (hiding).
  1943 | D:3      | 1943 ||| Stepping ~*~*~tactically~*~*~ (stealth).
  2031 | D:3      | 2031 ||| Stepping ~*~*~tactically~*~*~ (stealth).
  2033 | D:3      | 2033 ||| Stepping ~*~*~tactically~*~*~ (stealth).
  2147 | D:3      | Found a glowing drain.
  2148 | D:3      | 2148 ||| Stepping ~*~*~tactically~*~*~ (water).
  2151 | D:3      | 2151 ||| READING scroll labelled YDUMACAKIGE.
  2157 | Sewer    | Entered a sewer
  2176 | Sewer    | Reached XP level 5. HP: 31/32 MP: 5/5
  2188 | Sewer    | 2188 ||| Stepping ~*~*~tactically~*~*~ (water).
  2297 | Sewer    | 2297 ||| Stepping ~*~*~tactically~*~*~ (water).
  2312 | Sewer    | 2312 ||| Stepping ~*~*~tactically~*~*~ (water).
  2466 | Sewer    | 2466 ||| Stepping ~*~*~tactically~*~*~ (water).
  2558 | Sewer    | 2558 ||| Stepping ~*~*~tactically~*~*~ (water).
  2772 | Sewer    | 2772 ||| UPGRADING to +2 helmet.
  2777 | Sewer    | 2777 ||| READING 2 scrolls labelled BIFISA PIAZEEPT.
  2781 | Sewer    | 2781 ||| READING scroll labelled TOS BIAXIVO.
  2801 | D:3      | 2801 ||| PLANNING D:1-11
  3016 | D:3      | Reached XP level 6. HP: 36/38 MP: 6/6
  3087 | D:3      | Found an ancient bone altar of Kikubaaqudgha.
  3088 | D:3      | Found an ornate altar of the Wu Jian Council.
  3577 | D:3      | 3577 ||| READING 2 scrolls of identify.
  3577 | D:3      | 3577 ||| IDENTIFYING lumpy clear potion
  3578 | D:3      | 3578 ||| DROPPING potion of brilliance.
  3649 | D:4      | 3649 ||| Stepping ~*~*~tactically~*~*~ (stealth).
  3691 | D:4      | 3691 ||| Stepping ~*~*~tactically~*~*~ (stealth).
  3706 | D:4      | 3706 ||| Stepping ~*~*~tactically~*~*~ (hiding).
  3916 | D:4      | 3916 ||| Stepping ~*~*~tactically~*~*~ (stealth).
  4012 | D:4      | Reached skill level 6 in Axes
  4015 | D:4      | HP: 2/38 [orc priest/divine providence (15)]
  4016 | D:4      | 4016 ||| READING 2 scrolls of teleportation.
  4167 | D:4      | Noticed Natasha
  4168 | D:4      | 4168 ||| Stepping ~*~*~tactically~*~*~ (hiding).
  4169 | D:4      | 4169 ||| Stepping ~*~*~tactically~*~*~ (hiding).
  4178 | D:4      | Killed Natasha
  4179 | D:4      | Reached skill level 1 in Dodging
  4301 | D:4      | 4301 ||| Stepping ~*~*~tactically~*~*~ (hiding).
  4386 | D:4      | 4386 ||| Stepping ~*~*~tactically~*~*~ (stealth).
  4387 | D:4      | 4387 ||| Stepping ~*~*~tactically~*~*~ (stealth).
  4389 | D:4      | 4389 ||| Stepping ~*~*~tactically~*~*~ (hiding).
  4390 | D:4      | 4390 ||| Stepping ~*~*~tactically~*~*~ (hiding).
  4391 | D:4      | 4391 ||| Stepping ~*~*~tactically~*~*~ (hiding).
  4397 | D:4      | Reached XP level 7. HP: 39/43 MP: 7/7
  4723 | D:4      | 4723 ||| UPGRADING to +0 plate armour.
  4733 | D:4      | 4733 ||| DROPPING +0 chain mail.
  4734 | D:4      | 4734 ||| READING scroll labelled FOEMYJ KUATE.
  4735 | D:4      | 4735 ||| READING 3 scrolls of identify.
  4735 | D:4      | 4735 ||| IDENTIFYING metallic sapphire potion
  4777 | D:4      | Noticed Natasha
  4781 | D:4      | Killed Natasha
  4788 | D:5      | Entered Level 5 of the Dungeon
  4798 | D:5      | 4798 ||| STAIRDANCE
  4845 | D:5      | 4845 ||| DROPPING +0 mace.
  4888 | D:5      | Found a hide-covered altar of Uskayaw.
  4969 | D:5      | 4969 ||| READING scroll of brand weapon.
  4969 | D:5      | 4969 ||| BRANDING +0 war axe of freezing.
  4989 | D:5      | Reached XP level 8. HP: 48/48 MP: 8/8
  5168 | D:5      | 5168 ||| Stepping ~*~*~tactically~*~*~ (stealth).
  5186 | D:5      | Found a blossoming altar of Fedhas.
  5278 | D:5      | Found a shimmering altar of Xom.
  5389 | D:5      | Found Zacw's Assorted Antiques.
  5399 | D:5      | 5399 ||| BUYING dented fluorescent amulet (140 gold).
  5399 | D:5      | Bought a dented fluorescent amulet for 140 gold pieces
  5399 | D:5      | 5399 ||| BUYING scroll labelled PEJ TOPTEASCH (28 gold).
  5399 | D:5      | Bought a scroll labelled PEJ TOPTEASCH for 28 gold pieces
  5399 | D:5      | 5399 ||| BUYING scroll of identify (56 gold).
  5399 | D:5      | Bought a scroll of identify for 56 gold pieces
  5399 | D:5      | 5399 ||| BUYING worn silver wand (112 gold).
  5399 | D:5      | Bought a worn silver wand for 112 gold pieces
  5435 | D:5      | Found an opulent altar of Gozag.
  5485 | D:5      | Found a glowing silver altar of Zin.
  5487 | D:5      | 5487 ||| UPGRADING to +0 pair of boots.
  5492 | D:5      | 5492 ||| UPGRADING to scarf of repulsion.
  5497 | D:5      | 5497 ||| UPGRADING to amulet of faith.
  5502 | D:5      | 5502 ||| DROPPING +6 ring of intelligence.
  5503 | D:5      | 5503 ||| READING scroll labelled PEJ TOPTEASCH.
  5503 | D:5      | 5503 ||| ACQUIRING +0 buckler of Feblo We Zau {rF- rCorr
                  | Dex+2 Slay+6}
  5503 | D:5      | Acquired the +0 buckler of Feblo We Zau {rF- rCorr Dex+2
                  | Slay+6}
  5505 | D:5      | 5505 ||| UPGRADING to +0 buckler of Feblo We Zau {rF- rCorr
                  | Dex+2 Slay+6}.
  5515 | D:5      | 5515 ||| DROPPING wand of iceblast (4).
  5619 | D:6      | 5619 ||| Stepping ~*~*~tactically~*~*~ (stealth).
  5620 | D:6      | 5620 ||| Stepping ~*~*~tactically~*~*~ (stealth).
  5639 | D:6      | Found a bloodstained altar of Trog.
  5649 | D:6      | 5649 ||| Stepping ~*~*~tactically~*~*~ (hiding).
  5693 | D:6      | Reached skill level 6 in Fighting
  5768 | D:6      | Found a staircase to the Ecumenical Temple.
  5769 | D:6      | 5769 ||| PLANNING TEMPLE
  5847 | D:6      | Found Ilemaanae's Magic Scroll Boutique.
  5853 | D:6      | 5853 ||| SHOPLISTING scroll of brand weapon (104 gold, have
                  | 72).
  5853 | D:6      | 5853 ||| SHOPLISTING scroll of enchant weapon (82 gold,
                  | have 72).
  6097 | D:6      | 6097 ||| Stepping ~*~*~tactically~*~*~ (stealth).
  6132 | D:6      | Reached XP level 9. HP: 47/55 MP: 9/9
  6378 | D:7      | 6378 ||| STAIRDANCE
  6411 | D:7      | Reached skill level 9 in Axes
  6474 | D:7      | Found Ockishow's Magic Scroll Shoppe.
  6482 | D:7      | 6482 ||| SHOPLISTING scroll of brand weapon (123 gold, have
                  | 88).
  6482 | D:7      | 6482 ||| BUYING scroll of identify (26 gold).
  6482 | D:7      | Bought a scroll of identify for 26 gold pieces
  6703 | D:7      | 6703 ||| READING scroll labelled QYCIGOOTUDGH.
  6704 | D:7      | 6704 ||| READING 8 scrolls of identify.
  6704 | D:7      | 6704 ||| IDENTIFYING pink potion
  6719 | Temple   | Entered the Ecumenical Temple
  6796 | Temple   | 6796 ||| PLANNING D:1-11
  6808 | D:6      | 6808 ||| Stepping randomly (stuck).
  6876 | D:7      | Reached skill level 6 in Armour
  6991 | D:7      | 6991 ||| Stepping ~*~*~tactically~*~*~ (stealth).
  7073 | D:7      | 7073 ||| Stepping ~*~*~tactically~*~*~ (hiding).
  7074 | D:7      | 7074 ||| Stepping ~*~*~tactically~*~*~ (hiding).
  7337 | D:7      | Reached skill level 1 in Throwing
  7344 | D:7      | 7344 ||| Stepping ~*~*~tactically~*~*~ (stealth).
  7373 | D:7      | 7373 ||| DROPPING +0 flail.
  7570 | D:7      | Found a hazy altar of Hepliaklqana.
  7609 | D:7      | Found Bev Sizysch's Antique Armour Shop.
  7614 | D:7      | 7614 ||| SHOPLISTING cloak (144 gold, have 89).
  7641 | D:7      | Found Jaut Gaxt's Armour Boutique.
  7645 | D:7      | 7645 ||| BUYING +0 pair of gloves (49 gold).
  7645 | D:7      | Bought a +0 pair of gloves for 49 gold pieces
  7645 | D:7      | 7645 ||| SHOPLISTING +0 robe of Insurance {Fly rF+ rCorr
                  | Int-4} (154 gold, have 40).
  7719 | D:7      | 7719 ||| UPGRADING to +0 pair of gloves.
  7724 | D:7      | 7724 ||| READING 7 scrolls of identify.
  7724 | D:7      | 7724 ||| IDENTIFYING fuming coppery potion
  7725 | D:7      | 7725 ||| DROPPING potion of berserk rage.
  7918 | D:8      | 7918 ||| FLEEEEING.
  7919 | D:8      | 7919 ||| FLEEEEING.
  7920 | D:8      | 7920 ||| FLEEEEING.
  7921 | D:8      | 7921 ||| FLEEEEING.
  7922 | D:8      | 7922 ||| FLEEEEING.
  7923 | D:8      | 7923 ||| FLEEEEING.
  7924 | D:8      | 7924 ||| FLEEEEING.
  7925 | D:8      | 7925 ||| FLEEEEING.
  7926 | D:8      | 7926 ||| FLEEEEING.
  7927 | D:8      | 7927 ||| FLEEEEING.
  7928 | D:8      | 7928 ||| FLEEEEING.
  7929 | D:8      | 7929 ||| FLEEEEING.
  7930 | D:8      | 7930 ||| FLEEEEING.
  7931 | D:8      | 7931 ||| FLEEEEING.
  7932 | D:8      | 7932 ||| FLEEEEING.
  7933 | D:8      | 7933 ||| FLEEEEING.
  7934 | D:8      | 7934 ||| FLEEEEING.
  7935 | D:8      | 7935 ||| FLEEEEING.
  7936 | D:8      | 7936 ||| FLEEEEING.
  7937 | D:8      | 7937 ||| FLEEEEING.
  7938 | D:8      | 7938 ||| FLEEEEING.
  7939 | D:8      | 7939 ||| FLEEEEING.
  7940 | D:8      | 7940 ||| FLEEEEING.
  7941 | D:8      | 7941 ||| FLEEEEING.
  7942 | D:8      | 7942 ||| FLEEEEING.
  7943 | D:8      | 7943 ||| STAIRDANCE
  7983 | D:7      | 7983 ||| UPGRADING to +6 ring of strength.
  8038 | D:8      | Reached XP level 10. HP: 60/63 MP: 10/10
  8127 | D:8      | 8127 ||| Stepping ~*~*~tactically~*~*~ (hiding).
  8134 | D:8      | 8134 ||| FLEEEEING.
  8139 | D:8      | 8139 ||| FLEEEEING.
  8140 | D:8      | 8140 ||| FLEEEEING.
  8201 | D:8      | 8201 ||| Stepping ~*~*~tactically~*~*~ (stealth).
  8202 | D:8      | 8202 ||| Stepping ~*~*~tactically~*~*~ (stealth).
  8239 | D:8      | 8239 ||| Stepping ~*~*~tactically~*~*~ (hiding).
  8389 | D:8      | 8389 ||| Stepping ~*~*~tactically~*~*~ (stealth).
  8391 | D:8      | 8391 ||| Stepping ~*~*~tactically~*~*~ (hiding).
  8392 | D:8      | 8392 ||| Stepping ~*~*~tactically~*~*~ (hiding).
  8401 | D:8      | 8401 ||| Stepping ~*~*~tactically~*~*~ (stealth).
  8406 | D:8      | 8406 ||| Stepping ~*~*~tactically~*~*~ (hiding).
  8636 | D:8      | 8636 ||| DROPPING +0 morningstar.
  8646 | D:8      | 8646 ||| Stepping ~*~*~tactically~*~*~ (stealth).
  8646 | D:8      | Noticed Psyche
  8667 | D:8      | Killed Psyche
  8775 | D:8      | 8775 ||| READING scroll labelled UDACAI FIYFU.
  8776 | D:8      | 8776 ||| READING scroll labelled ROEFOCK XOUCEM.
  8777 | D:8      | 8777 ||| READING 6 scrolls of identify.
  8777 | D:8      | 8777 ||| IDENTIFYING viscous clear potion
  9066 | D:9      | Identified the +0 ring mail of the Shrike {Rampage Int+3
                  | Dex+2}
  9140 | D:9      | 9140 ||| Stepping ~*~*~tactically~*~*~ (hiding).
  9144 | D:9      | 9144 ||| Stepping ~*~*~tactically~*~*~ (stealth).
  9297 | D:9      | Found an iron altar of Okawaru.
  9298 | D:9      | 9298 ||| PLANNING OKAWARU WORSHIP
  9298 | D:9      | 9298 ||| UPGRADING to ring of see invisible.
  9303 | D:9      | Became a worshipper of Warmaster Okawaru
  9304 | D:9      | 9304 ||| PLANNING D:1-11
  9362 | D:10     | Entered Level 10 of the Dungeon
  9406 | D:10     | Reached * piety under Okawaru
  9488 | D:10     | Found a staircase to the Lair.
  9523 | D:10     | 9523 ||| DRINKING 4 potions of curing.
  9523 | D:10     | 9523 ||| (to cure confusion)
  9525 | D:10     | Reached skill level 1 in Invocations
  9525 | D:10     | Reached XP level 11. HP: 60/69 MP: 11/11
  9610 | D:10     | Identified the +5 sling of Foul Odours {heavy, rCorr
                  | Stlth+}
  9612 | D:10     | 9612 ||| READING scroll of acquirement.
  9612 | D:10     | 9612 ||| ACQUIRING +5 Storm Queen's Shield {shock, Fly
                  | rElec}
  9612 | D:10     | Acquired the +5 Storm Queen's Shield {shock, Fly rElec}
  9612 | D:10     | Found the +5 Storm Queen's Shield {shock, Fly rElec}
  9633 | D:10     | Reached skill level 2 in Invocations
  9662 | D:10     | 9662 ||| Stepping ~*~*~tactically~*~*~ (stealth).
  9665 | D:10     | 9665 ||| Stepping ~*~*~tactically~*~*~ (stealth).
  9676 | D:10     | Reached ** piety under Okawaru
  9677 | D:10     | Reached skill level 3 in Invocations
  9679 | D:10     | Reached skill level 9 in Fighting
  9757 | D:10     | 9757 ||| Stepping ~*~*~tactically~*~*~ (stealth).
  9798 | D:10     | 9798 ||| Stepping ~*~*~tactically~*~*~ (hiding).
  9799 | D:10     | 9799 ||| Stepping ~*~*~tactically~*~*~ (hiding).
  9814 | D:10     | 9814 ||| Stepping ~*~*~tactically~*~*~ (hiding).
  9815 | D:10     | 9815 ||| Stepping ~*~*~tactically~*~*~ (hiding).
  9816 | D:10     | 9816 ||| Stepping ~*~*~tactically~*~*~ (hiding).
  9821 | D:10     | Reached skill level 4 in Invocations
  9936 | D:10     | 9936 ||| INVOKING Heroism.
  9945 | D:10     | Reached *** piety under Okawaru
 10057 | D:10     | 10057 ||| PLANNING LAIR
 10057 | D:10     | 10057 ||| DROPPING +0 buckler.
 10058 | D:10     | 10058 ||| UPGRADING to +5 Storm Queen's Shield {shock, Fly
                  | rElec}.
 10081 | Lair:1   | Entered Level 1 of the Lair of Beasts
 10082 | Lair:1   | 10082 ||| INVOKING Heroism.
 10126 | Lair:1   | 10126 ||| INVOKING Heroism.
 10138 | Lair:1   | Reached skill level 6 in Shields
 10172 | Lair:1   | 10172 ||| Stepping ~*~*~tactically~*~*~ (stealth).
 10173 | Lair:1   | 10173 ||| INVOKING Heroism.
 10185 | Lair:1   | Received a gift from Okawaru
 10336 | Lair:1   | 10336 ||| Stepping ~*~*~tactically~*~*~ (stealth).
 10345 | Lair:1   | Reached **** piety under Okawaru
 10810 | Lair:1   | Found a dark tunnel.
 10944 | Lair:1   | 10944 ||| UPGRADING to scarf of resistance.
 10985 | Lair:2   | 10985 ||| PLANNING GAUNTLET
 10985 | Lair:2   | 10985 ||| INVOKING Heroism.
 10988 | Lair:2   | Reached skill level 5 in Invocations
 10994 | Lair:2   | Noticed a catoblepas
 11006 | Lair:2   | Killed a catoblepas
 11006 | Lair:2   | Reached ***** piety under Okawaru
 11007 | Lair:2   | Reached skill level 9 in Shields
 11007 | Lair:2   | Reached XP level 12. HP: 43/76 MP: 14/16
 11048 | Lair:2   | 11048 ||| FLEEEEING.
 11049 | Lair:2   | 11049 ||| STAIRDANCE
 11111 | Lair:2   | Reached skill level 6 in Invocations
 11124 | Lair:2   | Found a hole to the Spider Nest.
 11227 | Lair:2   | 11227 ||| READING scroll of acquirement.
 11227 | Lair:2   | 11227 ||| ACQUIRING +5 heavy broad axe
 11227 | Lair:2   | Acquired a +5 heavy broad axe
 11229 | Lair:2   | 11229 ||| SWAPPING to +5 heavy broad axe.
 11230 | Lair:2   | 11230 ||| DROPPING +1 war axe of electrocution.
 11234 | Lair:2   | 11234 ||| INVOKING Heroism.
 11237 | Lair:2   | Reached skill level 3 in Throwing
 11273 | Lair:2   | 11273 ||| Stepping ~*~*~tactically~*~*~ (stealth).
 11275 | Lair:2   | 11275 ||| INVOKING Heroism.
 11285 | Lair:2   | Reached skill level 7 in Invocations
 11351 | Lair:2   | 11351 ||| Stepping ~*~*~tactically~*~*~ (stealth).
 11352 | Lair:2   | 11352 ||| Stepping ~*~*~tactically~*~*~ (stealth).
 11381 | Lair:2   | Found a gate leading to a gauntlet.
 11382 | Lair:2   | 11382 ||| DROPPING ring of magical power.
 11391 | Gauntlet | Entered a Gauntlet
 11391 | Gauntlet | Found a transporter.
 11391 | Gauntlet | Found a transporter.
 11411 | Gauntlet | Found a transporter.
 11414 | Gauntlet | Found a transporter.
 11418 | Gauntlet | Found a runed translucent door.
 11420 | Gauntlet | Found a runed translucent door.
 11422 | Gauntlet | Found a transporter.
 11425 | Gauntlet | Found a transporter.
 11435 | Gauntlet | Found a transporter.
 11451 | Gauntlet | Noticed a catoblepas
 11453 | Gauntlet | Found a transporter.
 11473 | Gauntlet | Found a transporter.
 11475 | Gauntlet | Found a transporter.
 11485 | Gauntlet | Found a transporter.
 11487 | Gauntlet | Found a transporter.
 11615 | Gauntlet | 11615 ||| INVOKING Heroism.
 11617 | Gauntlet | 11617 ||| INVOKING Finesse.
 11619 | Gauntlet | Killed a catoblepas
 11619 | Gauntlet | Received a gift from Okawaru
 11620 | Gauntlet | Reached skill level 8 in Invocations
 11622 | Gauntlet | HP: 12/76 [molten gargoyle/bolt of magma (14)]
 11833 | Gauntlet | Identified the amulet "Xorhaiqe" {Spirit *Slow Int+8}
 11837 | Gauntlet | 11837 ||| DROPPING amulet "Xorhaiqe" {Spirit *Slow Int+8}.
 11838 | Gauntlet | 11838 ||| READING scroll labelled LAYFISSIDU.
 11882 | Gauntlet | Identified the +6 halberd of Lyedd {heavy, rElec rC+ MP+9
                  | Stlth-}
 11882 | Gauntlet | Noticed a minotaur
 11883 | Gauntlet | 11883 ||| Stepping ~*~*~tactically~*~*~ (stealth).
 11885 | Gauntlet | 11885 ||| Stepping ~*~*~tactically~*~*~ (hiding).
 11889 | Gauntlet | 11889 ||| INVOKING Heroism.
 11890 | Gauntlet | 11890 ||| INVOKING Finesse.
 11894 | Gauntlet | Killed a minotaur
 11894 | Gauntlet | Identified the +4 broad axe "Utu Sihia" {heavy, rCorr}
                  | (Okawaru gifted it to you in a Gauntlet)
 11894 | Gauntlet | Received a gift from Okawaru
 12066 | Gauntlet | 12066 ||| SWAPPING to +4 broad axe "Utu Sihia" {heavy,
                  | rCorr}.
 12147 | Gauntlet | 12147 ||| UPGRADING to +2 plate armour of willpower.
 12157 | Gauntlet | 12157 ||| DROPPING +0 plate armour.
 12158 | Gauntlet | 12158 ||| DROPPING +2 plate armour of poison resistance.
 12159 | Gauntlet | 12159 ||| DROPPING ring of wizardry.
 12201 | Lair:2   | 12201 ||| PLANNING LAIR
 12209 | Lair:2   | Noticed a boulder beetle
 12210 | Lair:2   | 12210 ||| INVOKING Heroism.
 12211 | Lair:2   | 12211 ||| INVOKING Finesse.
 12216 | Lair:2   | Killed a boulder beetle
 12292 | Lair:2   | Reached skill level 9 in Invocations
 12348 | Lair:2   | 12348 ||| INVOKING Heroism.
 12366 | Lair:2   | Reached skill level 12 in Axes
 12372 | Lair:2   | 12372 ||| INVOKING Heroism.
 12542 | Lair:2   | You are sucked into a shaft and drop 2 floors!
 12745 | Lair:4   | 12745 ||| READING 8 scrolls of identify.
 12745 | Lair:4   | 12745 ||| IDENTIFYING fizzy inky potion
 12755 | Lair:3   | 12755 ||| INVOKING Heroism.
 12775 | Lair:3   | Reached XP level 13. HP: 80/80 MP: 20/20
 12783 | Lair:3   | Reached skill level 9 in Armour
 12788 | Lair:3   | 12788 ||| INVOKING Heroism.
 12791 | Lair:3   | Reached skill level 10 in Invocations
 12802 | Lair:3   | Found a staircase to the Shoals.
 12812 | Lair:3   | Received a gift from Okawaru
 12941 | Lair:3   | 12941 ||| DROPPING scarf of repulsion.
 12971 | Lair:2   | 12971 ||| Stepping ~*~*~tactically~*~*~ (stealth).
 13188 | Lair:3   | 13188 ||| Stepping ~*~*~tactically~*~*~ (stealth).
 13190 | Lair:3   | 13190 ||| INVOKING Heroism.
 13199 | Lair:3   | 13199 ||| INVOKING Finesse.
 13204 | Lair:3   | Received a gift from Okawaru
 13209 | Lair:3   | Received a gift from Okawaru
 13215 | Lair:3   | 13215 ||| FLEEEEING.
 13216 | Lair:3   | 13216 ||| STAIRDANCE
 13363 | Lair:3   | 13363 ||| INVOKING Heroism.
 13377 | Lair:3   | 13377 ||| INVOKING Heroism.
 13429 | Lair:3   | 13429 ||| INVOKING Heroism.
 13498 | Lair:3   | Identified the +2 robe of Decompression {rN+ Str-3 Int+3}
 13506 | Lair:3   | 13506 ||| Stepping ~*~*~tactically~*~*~ (stealth).
 13508 | Lair:3   | 13508 ||| INVOKING Heroism.
 13536 | Lair:3   | 13536 ||| Stepping ~*~*~tactically~*~*~ (stealth).
 13539 | Lair:3   | 13539 ||| Stepping ~*~*~tactically~*~*~ (stealth).
 13564 | Lair:3   | 13564 ||| Stepping ~*~*~tactically~*~*~ (stealth).
 13568 | Lair:3   | 13568 ||| Stepping ~*~*~tactically~*~*~ (stealth).
 13909 | Lair:3   | Received a gift from Okawaru
 14025 | Lair:3   | 14025 ||| DROPPING scarf of invisibility.
 14026 | Lair:3   | 14026 ||| UPGRADING to +2 pair of boots of flying.
 14036 | Lair:3   | 14036 ||| DROPPING +0 pair of boots.
 14068 | Lair:4   | Found a viscous altar of Jiyva.
 14069 | Lair:4   | 14069 ||| INVOKING Heroism.
 14070 | Lair:4   | 14070 ||| INVOKING Finesse.
 14071 | Lair:4   | 14071 ||| Stepping ~*~*~tactically~*~*~ (stealth).
 14072 | Lair:4   | 14072 ||| Stepping ~*~*~tactically~*~*~ (stealth).
 14129 | Lair:4   | Found a staircase to the Slime Pits.
 14325 | Lair:4   | 14325 ||| INVOKING Heroism.
 14330 | Lair:4   | 14330 ||| Stepping ~*~*~tactically~*~*~ (stealth).
 14413 | Lair:4   | 14413 ||| Stepping ~*~*~tactically~*~*~ (stealth).
 14708 | Lair:5   | Entered Level 5 of the Lair of Beasts
 14809 | Lair:5   | 14809 ||| Stepping ~*~*~tactically~*~*~ (hiding).
 14819 | Lair:5   | 14819 ||| INVOKING Heroism.
 14820 | Lair:5   | 14820 ||| INVOKING Finesse.
 14824 | Lair:5   | Gained mutation: Your large and strong wings let you fly.
                  | [Gargoyle growth]
 14824 | Lair:5   | Reached XP level 14. HP: 62/88 MP: 13/21
 14829 | Lair:5   | 14829 ||| SWAPPING to +2 morningstar.
 14839 | Lair:5   | 14839 ||| SWAPPING to +4 broad axe "Utu Sihia" {heavy,
                  | rCorr}.
 15103 | Lair:5   | 15103 ||| INVOKING Heroism.
 15104 | Lair:5   | 15104 ||| INVOKING Finesse.
 15156 | Lair:5   | 15156 ||| INVOKING Heroism.
 15162 | Lair:5   | 15162 ||| INVOKING Finesse.
 15180 | Lair:5   | 15180 ||| Stepping ~*~*~tactically~*~*~ (stealth).
 15182 | Lair:5   | 15182 ||| INVOKING Heroism.
 15184 | Lair:5   | Received a gift from Okawaru
 15249 | Lair:5   | 15249 ||| INVOKING Heroism.
 15352 | Lair:5   | 15352 ||| Stepping ~*~*~tactically~*~*~ (hiding).
 15353 | Lair:5   | 15353 ||| Stepping ~*~*~tactically~*~*~ (hiding).
 15398 | Lair:5   | 15398 ||| INVOKING Heroism.
 15399 | Lair:5   | 15399 ||| INVOKING Finesse.
 15449 | Lair:5   | Identified the +3 quarterstaff of Hepliaklqana's Favour
                  | {drain, rCorr}
 15496 | Lair:5   | 15496 ||| Stepping ~*~*~tactically~*~*~ (stealth).
 15499 | Lair:5   | 15499 ||| Stepping ~*~*~tactically~*~*~ (hiding).
 15502 | Lair:5   | 15502 ||| INVOKING Heroism.
 15503 | Lair:5   | 15503 ||| INVOKING Finesse.
 15507 | Lair:5   | Reached skill level 12 in Shields
 15716 | Lair:5   | 15716 ||| FLEEEEING.
 15719 | Lair:5   | 15719 ||| FLEEEEING.
 15720 | Lair:5   | 15720 ||| FLEEEEING.
 15721 | Lair:5   | 15721 ||| FLEEEEING.
 15722 | Lair:5   | 15722 ||| FLEEEEING.
 15723 | Lair:5   | 15723 ||| FLEEEEING.
 15724 | Lair:5   | 15724 ||| FLEEEEING.
 15725 | Lair:5   | 15725 ||| FLEEEEING.
 15726 | Lair:5   | 15726 ||| FLEEEEING.
 15729 | Lair:5   | 15729 ||| FLEEEEING.
 15730 | Lair:5   | 15730 ||| FLEEEEING.
 15731 | Lair:5   | 15731 ||| FLEEEEING.
 15733 | Lair:5   | 15733 ||| FLEEEEING.
 15735 | Lair:5   | 15735 ||| FLEEEEING.
 15736 | Lair:5   | 15736 ||| FLEEEEING.
 15737 | Lair:5   | 15737 ||| FLEEEEING.
 15738 | Lair:5   | 15738 ||| FLEEEEING.
 15740 | Lair:5   | 15740 ||| STAIRDANCE
 15871 | Lair:5   | Found a runed translucent gate.
 15889 | Lair:5   | Found a runed translucent gate.
 15889 | Lair:5   | Found a runed translucent gate.
 15891 | Lair:5   | Noticed qw's ghost (journeyman MiHu)
 15892 | Lair:5   | Noticed a dire elephant
 15929 | Lair:5   | 15929 ||| Stepping ~*~*~tactically~*~*~ (stealth).
 15935 | Lair:5   | 15935 ||| Stepping ~*~*~tactically~*~*~ (stealth).
 15938 | Lair:5   | 15938 ||| INVOKING Heroism.
 15939 | Lair:5   | 15939 ||| INVOKING Finesse.
 15942 | Lair:5   | 15942 ||| SWAPPING to +2 morningstar.
 15950 | Lair:5   | Received a gift from Okawaru
 15951 | Lair:5   | 15951 ||| SWAPPING to +4 broad axe "Utu Sihia" {heavy,
                  | rCorr}.
 16072 | Lair:5   | 16072 ||| Stepping ~*~*~tactically~*~*~ (stealth).
 16128 | Lair:5   | 16128 ||| INVOKING Heroism.
 16129 | Lair:5   | 16129 ||| INVOKING Finesse.
 16135 | Lair:5   | 16135 ||| SWAPPING to +2 morningstar.
 16141 | Lair:5   | Received a gift from Okawaru
 16142 | Lair:5   | 16142 ||| SWAPPING to +4 broad axe "Utu Sihia" {heavy,
                  | rCorr}.
 16404 | Lair:5   | 16404 ||| PLANNING D:1-11
 16792 | D:11     | Found a basalt altar of Yredelemnul.
 16799 | D:11     | Reached skill level 6 in Throwing
 17299 | D:11     | 17299 ||| INVOKING Heroism.
 17531 | D:11     | 17531 ||| PLANNING LAIR
 17531 | D:11     | 17531 ||| DROPPING ring of positive energy.
 17532 | D:11     | 17532 ||| READING scroll labelled ELOGGE REUSCHEI.
 17680 | Lair:5   | 17680 ||| PLANNING D
 17696 | Lair:5   | 17696 ||| PLANNING LAIR
 17714 | Lair:5   | 17714 ||| PLANNING D
 17742 | Lair:5   | 17742 ||| PLANNING LAIR
 17771 | Lair:5   | 17771 ||| PLANNING D
 17797 | Lair:5   | 17797 ||| PLANNING LAIR
 17825 | Lair:5   | 17825 ||| PLANNING D
 17848 | Lair:5   | 17848 ||| PLANNING LAIR
 17873 | Lair:5   | 17873 ||| PLANNING D
 17933 | Lair:5   | 17933 ||| PLANNING LAIR
 17992 | Lair:5   | 17992 ||| PLANNING D
 18023 | Lair:5   | 18023 ||| PLANNING LAIR
 18053 | Lair:5   | 18053 ||| PLANNING D
 18097 | Lair:5   | 18097 ||| PLANNING LAIR
 18137 | Lair:5   | 18137 ||| PLANNING D
 18181 | Lair:5   | 18181 ||| PLANNING LAIR
 18223 | Lair:5   | 18223 ||| PLANNING D
 18280 | Lair:5   | 18280 ||| PLANNING LAIR
 18339 | Lair:5   | 18339 ||| PLANNING D
 18390 | Lair:5   | 18390 ||| PLANNING LAIR
 18439 | Lair:5   | 18439 ||| Stepping randomly (stuck).
 18440 | Lair:5   | 18440 ||| PLANNING D
 18581 | D:12     | Noticed Fannar
 18584 | D:12     | 18584 ||| STAIRDANCE
 18595 | D:11     | Killed Fannar
 18595 | D:11     | Received a gift from Okawaru
 18596 | D:11     | Reached skill level 15 in Axes
 18697 | D:12     | 18697 ||| Stepping ~*~*~tactically~*~*~ (stealth).
 18815 | D:12     | 18815 ||| Stepping ~*~*~tactically~*~*~ (stealth).
 18832 | D:12     | Found a staircase to the Orcish Mines.
 18997 | D:12     | 18997 ||| INVOKING Heroism.
 19061 | D:12     | Found Jashru Unlota's Book Emporium.
 19327 | D:13     | 19327 ||| Stepping ~*~*~tactically~*~*~ (hiding).
 19346 | D:13     | Received a gift from Okawaru
 19347 | D:13     | Reached XP level 15. HP: 81/94 MP: 22/22
 19384 | D:13     | 19384 ||| DROPPING +2 morningstar.
 19429 | D:13     | 19429 ||| INVOKING Heroism.
 19431 | D:13     | 19431 ||| SWAPPING to +4 war axe of flaming.
 19436 | D:13     | 19436 ||| SWAPPING to +4 broad axe "Utu Sihia" {heavy,
                  | rCorr}.
 19524 | D:13     | 19524 ||| INVOKING Heroism.
 19525 | D:13     | 19525 ||| READING 8 scrolls of teleportation.
 19528 | D:13     | Reached skill level 3 in Dodging
 19588 | D:13     | 19588 ||| INVOKING Heroism.
 19810 | D:13     | Found a gate to the Vaults.
 19811 | D:13     | 19811 ||| Stepping ~*~*~tactically~*~*~ (stealth).
 19814 | D:13     | 19814 ||| Stepping ~*~*~tactically~*~*~ (hiding).
 19827 | D:13     | 19827 ||| INVOKING Heroism.
 19830 | D:13     | Reached skill level 12 in Fighting
 20353 | D:13     | 20353 ||| UPGRADING to +2 pair of gloves.
 20363 | D:13     | 20363 ||| DROPPING +0 pair of gloves.
 20508 | D:14     | 20508 ||| Stepping ~*~*~tactically~*~*~ (hiding).
 20509 | D:14     | 20509 ||| Stepping ~*~*~tactically~*~*~ (hiding).
 20510 | D:14     | 20510 ||| Stepping ~*~*~tactically~*~*~ (hiding).
 20795 | D:14     | 20795 ||| INVOKING Heroism.
 20951 | D:14     | Found a sacrificial altar of Ru.
 21073 | D:14     | 21073 ||| Stepping ~*~*~tactically~*~*~ (hiding).
 21074 | D:14     | 21074 ||| Stepping ~*~*~tactically~*~*~ (hiding).
 21075 | D:14     | 21075 ||| Stepping ~*~*~tactically~*~*~ (hiding).
 21076 | D:14     | 21076 ||| Stepping ~*~*~tactically~*~*~ (hiding).
 21155 | D:14     | Found Cometuss's General Store.
 21165 | D:14     | 21165 ||| BUYING scarf "Teluempy" {repulsion, rC+++ Str-3
                  | Stlth+} (776 gold).
 21165 | D:14     | Bought the scarf "Teluempy" {repulsion, rC+++ Str-3 Stlth+}
                  | for 776 gold pieces
 21368 | D:14     | 21368 ||| UPGRADING to scarf "Teluempy" {repulsion, rC+++
                  | Str-3 Stlth+}.
 21378 | D:14     | 21378 ||| READING 11 scrolls of identify.
 21378 | D:14     | 21378 ||| IDENTIFYING golden potion
 21379 | D:14     | 21379 ||| DROPPING potion of ambrosia.
 21413 | D:15     | Entered Level 15 of the Dungeon
 21420 | D:15     | 21420 ||| Stepping ~*~*~tactically~*~*~ (hiding).
 21422 | D:15     | 21422 ||| Stepping ~*~*~tactically~*~*~ (hiding).
 21424 | D:15     | 21424 ||| Stepping ~*~*~tactically~*~*~ (hiding).
 21426 | D:15     | 21426 ||| Stepping ~*~*~tactically~*~*~ (hiding).
 21631 | D:15     | 21631 ||| INVOKING Heroism.
 21645 | D:15     | Received a gift from Okawaru
 21662 | D:15     | 21662 ||| INVOKING Heroism.
 21778 | D:15     | 21778 ||| INVOKING Heroism.
 22281 | D:15     | 22281 ||| Stepping ~*~*~tactically~*~*~ (stealth).
 22297 | D:15     | 22297 ||| INVOKING Heroism.
 22298 | D:15     | Received a gift from Okawaru
 22484 | D:15     | 22484 ||| Stepping ~*~*~tactically~*~*~ (hiding).
 22532 | D:15     | Found a staircase to the Depths.
 22534 | D:15     | 22534 ||| READING scroll of acquirement.
 22534 | D:15     | 22534 ||| ACQUIRING 696 gold pieces
 22534 | D:15     | Acquired 696 gold pieces
 22775 | D:15     | 22775 ||| Stepping ~*~*~tactically~*~*~ (hiding).
 22779 | D:15     | 22779 ||| Stepping ~*~*~tactically~*~*~ (hiding).
 22784 | D:15     | 22784 ||| INVOKING Heroism.
 22963 | D:15     | 22963 ||| PLANNING ORC
 22963 | D:15     | 22963 ||| READING 2 scrolls labelled ADETHR KOXKEO.
 23064 | D:15     | 23064 ||| READING 12 scrolls of identify.
 23064 | D:15     | 23064 ||| IDENTIFYING sedimented red potion
 23065 | D:15     | 23065 ||| DROPPING scroll of silence.
 23170 | Orc:1    | Entered Level 1 of the Orcish Mines
 23335 | Orc:1    | 23335 ||| Stepping ~*~*~tactically~*~*~ (hiding).
 23342 | Orc:1    | 23342 ||| Stepping ~*~*~tactically~*~*~ (hiding).
 23356 | Orc:1    | 23356 ||| Stepping ~*~*~tactically~*~*~ (stealth).
 23357 | Orc:1    | 23357 ||| Stepping ~*~*~tactically~*~*~ (stealth).
 23371 | Orc:1    | 23371 ||| Stepping ~*~*~tactically~*~*~ (stealth).
 23408 | Orc:1    | 23408 ||| Stepping ~*~*~tactically~*~*~ (stealth).
 23424 | Orc:1    | Reached skill level 12 in Armour
 23448 | Orc:1    | 23448 ||| INVOKING Heroism.
 23453 | Orc:1    | Reached XP level 16. HP: 101/101 MP: 21/23
 23592 | Orc:1    | Found Bonur's Overcharged Wands.
 23600 | Orc:1    | 23600 ||| BUYING wand of digging (11) (693 gold).
 23600 | Orc:1    | Bought a wand of digging (11) for 693 gold pieces
 23600 | Orc:1    | 23600 ||| BUYING wand of digging (11) (693 gold).
 23600 | Orc:1    | Bought a wand of digging (11) for 693 gold pieces
 23600 | Orc:1    | 23600 ||| SHOPLISTING wand of digging (11) (693 gold, have
                  | 165).
 23623 | Orc:1    | 23623 ||| INVOKING Heroism.
 23705 | Orc:2    | Entered Level 2 of the Orcish Mines
 23706 | Orc:2    | 23706 ||| INVOKING Heroism.
 23711 | Orc:2    | 23711 ||| STAIRDANCE
 23784 | Orc:2    | Found Qinol's Jewellery Boutique.
 23786 | Orc:2    | Received a gift from Okawaru
 23786 | Orc:2    | Found the +3 pair of mountain boots {steadfast, rC+}
 24021 | Orc:2    | 24021 ||| SHOPLISTING ring of Vimua {Contam rPois rF+ Int+9
                  | Dex-5} (585 gold, have 226).
 24021 | Orc:2    | 24021 ||| SHOPLISTING ring of fire (375 gold, have 226).
 24021 | Orc:2    | 24021 ||| SHOPLISTING ring of ice (375 gold, have 226).
 24105 | Orc:2    | 24105 ||| INVOKING Heroism.
 24149 | Orc:2    | Found Garik's General Store.
 24151 | Orc:2    | 24151 ||| Stepping ~*~*~tactically~*~*~ (stealth).
 24154 | Orc:2    | 24154 ||| INVOKING Heroism.
 24175 | Orc:2    | 24175 ||| Stepping ~*~*~tactically~*~*~ (hiding).
 24178 | Orc:2    | 24178 ||| Stepping ~*~*~tactically~*~*~ (hiding).
 24283 | Orc:2    | Found Kovihuh's Distillery.
 24289 | Orc:2    | 24289 ||| Stepping ~*~*~tactically~*~*~ (stealth).
 24293 | Orc:2    | 24293 ||| Stepping ~*~*~tactically~*~*~ (hiding).
 24294 | Orc:2    | 24294 ||| Stepping ~*~*~tactically~*~*~ (hiding).
 24358 | Orc:2    | 24358 ||| BUYING 2 potions of resistance (280 gold).
 24358 | Orc:2    | Bought 2 potions of resistance for 280 gold pieces
 24358 | Orc:2    | 24358 ||| BUYING potion of curing (42 gold).
 24358 | Orc:2    | Bought a potion of curing for 42 gold pieces
 24358 | Orc:2    | 24358 ||| BUYING potion of enlightenment (70 gold).
 24358 | Orc:2    | Bought a potion of enlightenment for 70 gold pieces
 24358 | Orc:2    | 24358 ||| SHOPLISTING potion of heal wounds (70 gold, have
                  | 2).
 24358 | Orc:2    | 24358 ||| SHOPLISTING potion of might (56 gold, have 2).
 24358 | Orc:2    | 24358 ||| SHOPLISTING potion of mutation (112 gold, have
                  | 2).
 24359 | Orc:2    | 24359 ||| Stepping ~*~*~tactically~*~*~ (hiding).
 24367 | Orc:2    | 24367 ||| Stepping ~*~*~tactically~*~*~ (stealth).
 24385 | Orc:2    | 24385 ||| Stepping ~*~*~tactically~*~*~ (stealth).
 24401 | Orc:2    | 24401 ||| Stepping ~*~*~tactically~*~*~ (hiding).
 24405 | Orc:2    | 24405 ||| INVOKING Heroism.
 24434 | Orc:2    | 24434 ||| INVOKING Heroism.
 24457 | Orc:2    | 24457 ||| INVOKING Heroism.
 24468 | Orc:2    | 24468 ||| Stepping ~*~*~tactically~*~*~ (stealth).
 24536 | Orc:2    | 24536 ||| INVOKING Heroism.
 24616 | Orc:2    | 24616 ||| INVOKING Heroism.
 24641 | Orc:2    | 24641 ||| Stepping ~*~*~tactically~*~*~ (stealth).
 24642 | Orc:2    | 24642 ||| INVOKING Heroism.
 24654 | Orc:2    | 24654 ||| Stepping ~*~*~tactically~*~*~ (hiding).
 24690 | Orc:2    | 24690 ||| Stepping ~*~*~tactically~*~*~ (stealth).
 24714 | Orc:2    | 24714 ||| Stepping ~*~*~tactically~*~*~ (stealth).
 24720 | Orc:2    | 24720 ||| INVOKING Heroism.
 24723 | Orc:2    | 24723 ||| Stepping ~*~*~tactically~*~*~ (hiding).
 24828 | Orc:2    | Found Mivawn's Jewellery Shop.
 24828 | Orc:2    | Found Alidoq Yck's Antique Armour Boutique.
 24829 | Orc:2    | Found a one-way gate leading to the halls of Pandemonium.
 24836 | Orc:2    | 24836 ||| SHOPLISTING glowing chain mail (262 gold, have
                  | 2).
 24836 | Orc:2    | 24836 ||| SHOPLISTING runed plate armour (910 gold, have
                  | 2).
 24836 | Orc:2    | 24836 ||| SHOPLISTING shiny chain mail (262 gold, have 2).
 24838 | Orc:2    | 24838 ||| SHOPLISTING ring of fire (375 gold, have 2).
 24838 | Orc:2    | 24838 ||| SHOPLISTING ring of the Bull {rElec rPois rC+
                  | SInv} (603 gold, have 2).
 24864 | Orc:2    | 24864 ||| Stepping ~*~*~tactically~*~*~ (hiding).
 24874 | Orc:2    | 24874 ||| Stepping ~*~*~tactically~*~*~ (stealth).
 24893 | Orc:2    | 24893 ||| INVOKING Heroism.
 24919 | Orc:2    | Found a staircase to the Elven Halls.
 25102 | Orc:2    | 25102 ||| UPGRADING to +3 pair of mountain boots
                  | {steadfast, rC+}.
 25112 | Orc:2    | 25112 ||| DROPPING +2 pair of boots of flying.
 25119 | Orc:1    | 25119 ||| INVOKING Heroism.
 25405 | Orc:2    | 25405 ||| PLANNING SHOALS:1-3
 25589 | Shoals:1 | Entered Level 1 of the Shoals
 26112 | Shoals:1 | 26112 ||| Stepping ~*~*~tactically~*~*~ (hiding).
 26113 | Shoals:1 | 26113 ||| Stepping ~*~*~tactically~*~*~ (hiding).
 26185 | Shoals:1 | Noticed Jorgrun
 26186 | Shoals:1 | 26186 ||| INVOKING Heroism.
 26187 | Shoals:1 | 26187 ||| INVOKING Finesse.
 26198 | Shoals:1 | Killed Jorgrun
 26372 | Shoals:1 | 26372 ||| INVOKING Heroism.
 26551 | Shoals:2 | 26551 ||| INVOKING Heroism.
 26557 | Shoals:2 | Received a gift from Okawaru
 26558 | Shoals:2 | Reached skill level 18 in Axes
 26615 | Shoals:2 | 26615 ||| Stepping ~*~*~tactically~*~*~ (stealth).
 26689 | Shoals:2 | 26689 ||| Stepping ~*~*~tactically~*~*~ (cloud).
 26705 | Shoals:2 | 26705 ||| Stepping ~*~*~tactically~*~*~ (stealth).
 26706 | Shoals:2 | 26706 ||| Stepping ~*~*~tactically~*~*~ (stealth).
 26799 | Shoals:2 | 26799 ||| INVOKING Heroism.
 26807 | Shoals:2 | Reached XP level 17. HP: 104/109 MP: 22/24
 26829 | Shoals:2 | 26829 ||| Stepping ~*~*~tactically~*~*~ (stealth).
 27066 | Shoals:2 | Noticed a kraken
 27071 | Shoals:2 | Killed a kraken
 27134 | Shoals:2 | 27134 ||| INVOKING Heroism.
 27135 | Shoals:2 | 27135 ||| INVOKING Finesse.
 27299 | Shoals:2 | 27299 ||| INVOKING Heroism.
 27348 | Shoals:2 | Received a gift from Okawaru
 27440 | Shoals:2 | 27440 ||| INVOKING Heroism.
 27676 | Shoals:3 | 27676 ||| FLEEEEING.
 27677 | Shoals:3 | 27677 ||| FLEEEEING.
 27678 | Shoals:3 | 27678 ||| STAIRDANCE
 27766 | Shoals:3 | 27766 ||| INVOKING Heroism.
 27786 | Shoals:3 | Found a runed translucent gate.
 27786 | Shoals:3 | Found a runed translucent gate.
 27786 | Shoals:3 | Found a runed translucent gate.
 27787 | Shoals:3 | Noticed qw's ghost (adept NaHu)
 27796 | Shoals:3 | 27796 ||| INVOKING Heroism.
 27807 | Shoals:3 | Received a gift from Okawaru
 27824 | Shoals:3 | 27824 ||| Stepping ~*~*~tactically~*~*~ (stealth).
 27836 | Shoals:3 | 27836 ||| INVOKING Heroism.
 27841 | Shoals:3 | 27841 ||| Stepping ~*~*~tactically~*~*~ (hiding).
 27843 | Shoals:3 | 27843 ||| Stepping ~*~*~tactically~*~*~ (hiding).
 27844 | Shoals:3 | 27844 ||| Stepping ~*~*~tactically~*~*~ (hiding).
 27845 | Shoals:3 | 27845 ||| Stepping ~*~*~tactically~*~*~ (hiding).
 27912 | Shoals:3 | 27912 ||| Stepping ~*~*~tactically~*~*~ (hiding).
 27914 | Shoals:3 | 27914 ||| INVOKING Heroism.
 27925 | Shoals:3 | Found an opulent altar of Gozag.
 28063 | Shoals:3 | 28063 ||| Stepping ~*~*~tactically~*~*~ (stealth).
 28065 | Shoals:3 | 28065 ||| Stepping ~*~*~tactically~*~*~ (hiding).
 28270 | Shoals:3 | 28270 ||| INVOKING Heroism.
 28271 | Shoals:3 | 28271 ||| INVOKING Finesse.
 28284 | Shoals:3 | Received a gift from Okawaru
 28349 | Shoals:3 | 28349 ||| Stepping ~*~*~tactically~*~*~ (stealth).
 28356 | Shoals:3 | 28356 ||| Stepping ~*~*~tactically~*~*~ (hiding).
 28358 | Shoals:3 | 28358 ||| Stepping ~*~*~tactically~*~*~ (hiding).
 28630 | Shoals:3 | 28630 ||| Stepping ~*~*~tactically~*~*~ (stealth).
 28632 | Shoals:3 | 28632 ||| Stepping ~*~*~tactically~*~*~ (hiding).
 28638 | Shoals:3 | Reached skill level 15 in Fighting
 28720 | Shoals:3 | 28720 ||| Stepping ~*~*~tactically~*~*~ (stealth).
 28892 | Shoals:3 | Found Kauguacu's Assorted Antiques.
 28892 | Shoals:3 | Found Taotets's Assorted Antiques.
 29115 | Shoals:3 | 29115 ||| PLANNING SPIDER:1-3
 29123 | Shoals:3 | 29123 ||| PLANNING SHOALS:1-3
 29130 | Shoals:3 | 29130 ||| PLANNING SPIDER:1-3
 29145 | Shoals:3 | 29145 ||| PLANNING SHOALS:1-3
 29161 | Shoals:3 | 29161 ||| PLANNING SPIDER:1-3
 29189 | Shoals:3 | 29189 ||| PLANNING SHOALS:1-3
 29207 | Shoals:3 | 29207 ||| PLANNING SPIDER:1-3
 29231 | Shoals:3 | 29231 ||| PLANNING SHOALS:1-3
 29257 | Shoals:3 | 29257 ||| PLANNING SPIDER:1-3
 29285 | Shoals:3 | 29285 ||| PLANNING SHOALS:1-3
 29312 | Shoals:3 | 29312 ||| PLANNING SPIDER:1-3
 29434 | Spider:1 | Entered Level 1 of the Spider Nest
 29585 | Spider:1 | 29585 ||| INVOKING Finesse.
 29671 | Spider:1 | 29671 ||| Stepping ~*~*~tactically~*~*~ (stealth).
 29672 | Spider:1 | 29672 ||| Stepping ~*~*~tactically~*~*~ (stealth).
 29688 | Spider:1 | Identified the +0 pair of gloves of Topt {Harm +Blink
                  | Str+2} (Okawaru gifted it to you on level 1 of the Spider
                  | Nest)
 29688 | Spider:1 | Received a gift from Okawaru
 29740 | Spider:1 | 29740 ||| INVOKING Heroism.
 29761 | Spider:1 | Gained mutation: You sometimes lose your temper in combat.
                  | [mutagenic glow]
 29788 | Spider:1 | Noticed Nikola
 29789 | Spider:1 | 29789 ||| FLEEEEING.
 29790 | Spider:1 | 29790 ||| FLEEEEING.
 29791 | Spider:1 | 29791 ||| FLEEEEING.
 29792 | Spider:1 | 29792 ||| FLEEEEING.
 29793 | Spider:1 | 29793 ||| FLEEEEING.
 29794 | Spider:1 | 29794 ||| FLEEEEING.
 29795 | Spider:1 | 29795 ||| FLEEEEING.
 29796 | Spider:1 | 29796 ||| FLEEEEING.
 29799 | Spider:1 | 29799 ||| FLEEEEING.
 29800 | Spider:1 | 29800 ||| FLEEEEING.
 29801 | Spider:1 | 29801 ||| FLEEEEING.
 29802 | Spider:1 | 29802 ||| Stepping ~*~*~tactically~*~*~ (hiding).
 29803 | Spider:1 | 29803 ||| INVOKING Heroism.
 29806 | Spider:1 | 29806 ||| INVOKING Finesse.
 29820 | Spider:1 | Killed Nikola
 29953 | Spider:1 | 29953 ||| DRINKING 3 potions of mutation.
 29953 | Spider:1 | Lost mutation: You sometimes lose your temper in combat.
                  | [potion of mutation]
 29953 | Spider:1 | Gained mutation: Your mind is acute. (Int +4, Str/Dex -1)
                  | [potion of mutation]
 29953 | Spider:1 | Gained mutation: You possess an exceptional clarity of
                  | mind. [potion of mutation]
 29988 | Spider:1 | 29988 ||| Stepping ~*~*~tactically~*~*~ (stealth).
 29993 | Spider:1 | 29993 ||| FLEEEEING.
 29995 | Spider:1 | 29995 ||| FLEEEEING.
 29996 | Spider:1 | 29996 ||| FLEEEEING.
 29997 | Spider:1 | 29997 ||| FLEEEEING.
 29998 | Spider:1 | 29998 ||| FLEEEEING.
 29999 | Spider:1 | 29999 ||| FLEEEEING.
 30000 | Spider:1 | 30000 ||| FLEEEEING.
 30001 | Spider:1 | 30001 ||| FLEEEEING.
 30003 | Spider:1 | 30003 ||| FLEEEEING.
 30004 | Spider:1 | 30004 ||| FLEEEEING.
 30005 | Spider:1 | 30005 ||| FLEEEEING.
 30006 | Spider:1 | 30006 ||| FLEEEEING.
 30007 | Spider:1 | 30007 ||| FLEEEEING.
 30008 | Spider:1 | 30008 ||| FLEEEEING.
 30009 | Spider:1 | 30009 ||| FLEEEEING.
 30050 | Spider:1 | 30050 ||| INVOKING Heroism.
 30193 | Spider:1 | 30193 ||| Stepping ~*~*~tactically~*~*~ (hiding).
 30195 | Spider:1 | 30195 ||| Stepping ~*~*~tactically~*~*~ (hiding).
 30196 | Spider:1 | 30196 ||| Stepping ~*~*~tactically~*~*~ (hiding).
 30970 | Spider:1 | 30970 ||| DROPPING +0 pair of gloves of Topt {Harm +Blink
                  | Str+2}.
 31016 | Spider:2 | 31016 ||| Stepping ~*~*~tactically~*~*~ (stealth).
 31025 | Spider:2 | Reached XP level 18. HP: 119/119 MP: 25/25
 31025 | Spider:2 | 31025 ||| DROPPING +4 war axe of flaming.
 31102 | Spider:2 | 31102 ||| INVOKING Heroism.
 31136 | Spider:2 | 31136 ||| Stepping ~*~*~tactically~*~*~ (stealth).
 31137 | Spider:2 | 31137 ||| Stepping ~*~*~tactically~*~*~ (stealth).
 31142 | Spider:2 | 31142 ||| Stepping ~*~*~tactically~*~*~ (stealth).
 31257 | Spider:2 | 31257 ||| Stepping ~*~*~tactically~*~*~ (stealth).
 31264 | Spider:2 | 31264 ||| INVOKING Heroism.
 31275 | Spider:2 | Reached skill level 15 in Shields
 31454 | Spider:2 | 31454 ||| Stepping ~*~*~tactically~*~*~ (stealth).
 31458 | Spider:2 | 31458 ||| INVOKING Heroism.
 31610 | Spider:2 | 31610 ||| Stepping ~*~*~tactically~*~*~ (stealth).
 31611 | Spider:2 | 31611 ||| Stepping ~*~*~tactically~*~*~ (stealth).
 31728 | Spider:2 | 31728 ||| INVOKING Heroism.
 31924 | Spider:2 | 31924 ||| INVOKING Heroism.
 31931 | Spider:2 | Received a gift from Okawaru
 31952 | Spider:2 | 31952 ||| Stepping ~*~*~tactically~*~*~ (stealth).
 31953 | Spider:2 | 31953 ||| Stepping ~*~*~tactically~*~*~ (stealth).
 31957 | Spider:2 | 31957 ||| INVOKING Heroism.
 32057 | Spider:2 | Received a gift from Okawaru
 32156 | Spider:2 | 32156 ||| FLEEEEING.
 32165 | Spider:2 | 32165 ||| FLEEEEING.
 32166 | Spider:2 | 32166 ||| FLEEEEING.
 32167 | Spider:2 | 32167 ||| STAIRDANCE
 32224 | Spider:1 | 32224 ||| DRINKING 2 coppery potions.
 32242 | Spider:2 | 32242 ||| Stepping ~*~*~tactically~*~*~ (stealth).
 32459 | Spider:2 | 32459 ||| INVOKING Heroism.
 32466 | Spider:2 | Reached skill level 9 in Throwing
 32669 | Spider:2 | Identified the +3 plate armour "Rinal" {-Cast rF++ Will+
                  | Slay+2}
 32852 | Spider:2 | 32852 ||| UPGRADING to +3 plate armour "Rinal" {-Cast rF++
                  | Will+ Slay+2}.
 32862 | Spider:2 | 32862 ||| DROPPING +2 plate armour of willpower.
 32863 | Spider:2 | 32863 ||| DROPPING +1 chain mail of cold resistance.
 33012 | Spider:3 | 33012 ||| Stepping ~*~*~tactically~*~*~ (stealth).
 33014 | Spider:3 | 33014 ||| INVOKING Heroism.
 33023 | Spider:3 | Received a gift from Okawaru
 33136 | Spider:3 | 33136 ||| Stepping ~*~*~tactically~*~*~ (stealth).
 33138 | Spider:3 | 33138 ||| Stepping ~*~*~tactically~*~*~ (hiding).
 33285 | Spider:3 | 33285 ||| Stepping ~*~*~tactically~*~*~ (stealth).
 33289 | Spider:3 | 33289 ||| INVOKING Heroism.
 33404 | Spider:3 | 33404 ||| INVOKING Heroism.
 33792 | Spider:3 | 33792 ||| INVOKING Heroism.
 33992 | Spider:3 | 33992 ||| Stepping ~*~*~tactically~*~*~ (stealth).
 34045 | Spider:3 | 34045 ||| INVOKING Heroism.
 34046 | Spider:3 | Received a gift from Okawaru
 34051 | Spider:3 | Reached skill level 15 in Armour
 34161 | Spider:3 | 34161 ||| INVOKING Heroism.
 34267 | Spider:3 | 34267 ||| PLANNING SHOALS:4
 34267 | Spider:3 | 34267 ||| DROPPING +1 hat.
 34463 | Shoals:4 | Entered Level 4 of the Shoals
 34627 | Shoals:4 | Noticed Roxanne
 34628 | Shoals:4 | 34628 ||| INVOKING Heroism.
 34654 | Shoals:4 | Killed Roxanne
 34884 | Shoals:4 | 34884 ||| INVOKING Heroism.
 34980 | Shoals:4 | 34980 ||| Stepping ~*~*~tactically~*~*~ (hiding).
 35069 | Shoals:4 | 35069 ||| INVOKING Heroism.
 35073 | Shoals:4 | Noticed Polyphemus
 35074 | Shoals:4 | Found a gateway to a bazaar.
 35075 | Shoals:4 | 35075 ||| PLANNING BAZAAR
 35084 | Shoals:4 | Killed Polyphemus
 35086 | Shoals:4 | Received a gift from Okawaru
 35112 | Shoals:4 | 35112 ||| INVOKING Heroism.
 35129 | Shoals:4 | HP: 28/123 [merfolk impaler/+3 trident of freezing (8)]
 35130 | Shoals:4 | 35130 ||| READING 11 scrolls of teleportation.
 35131 | Shoals:4 | 35131 ||| DRINKING 6 potions of heal wounds.
 35332 | Shoals:4 | 35332 ||| Stepping randomly (stuck).
 35333 | Shoals:4 | 35333 ||| Stepping randomly (stuck).
 35334 | Shoals:4 | 35334 ||| Stepping randomly (stuck).
 35335 | Shoals:4 | 35335 ||| Stepping randomly (stuck).
 35336 | Shoals:4 | 35336 ||| Stepping randomly (stuck).
 35337 | Shoals:4 | 35337 ||| Stepping randomly (stuck).
 35338 | Shoals:4 | 35338 ||| Stepping randomly (stuck).
 35339 | Shoals:4 | 35339 ||| Stepping randomly (stuck).
 35340 | Shoals:4 | 35340 ||| Stepping randomly (stuck).
 35341 | Shoals:4 | 35341 ||| Stepping randomly (stuck).
 35342 | Shoals:4 | 35342 ||| Stepping randomly (stuck).
 35343 | Shoals:4 | 35343 ||| Stepping randomly (stuck).
 35344 | Shoals:4 | 35344 ||| Stepping randomly (stuck).
 35345 | Shoals:4 | 35345 ||| Stepping randomly (stuck).
 35346 | Shoals:4 | 35346 ||| Stepping randomly (stuck).
 35347 | Shoals:4 | 35347 ||| Stepping randomly (stuck).
 35348 | Shoals:4 | 35348 ||| Stepping randomly (stuck).
 35349 | Shoals:4 | 35349 ||| Stepping randomly (stuck).
 35350 | Shoals:4 | 35350 ||| Stepping randomly (stuck).
 35351 | Shoals:4 | 35351 ||| Stepping randomly (stuck).
 35352 | Shoals:4 | 35352 ||| Stepping randomly (stuck).
 35353 | Shoals:4 | 35353 ||| Stepping randomly (stuck).
 35354 | Shoals:4 | 35354 ||| Stepping randomly (stuck).
 35355 | Shoals:4 | 35355 ||| Stepping randomly (stuck).
 35356 | Shoals:4 | 35356 ||| Stepping randomly (stuck).
 35357 | Shoals:4 | 35357 ||| Stepping randomly (stuck).
 35358 | Shoals:4 | 35358 ||| Stepping randomly (stuck).
 35359 | Shoals:4 | 35359 ||| Stepping randomly (stuck).
 35360 | Shoals:4 | 35360 ||| Stepping randomly (stuck).
 35361 | Shoals:4 | 35361 ||| Stepping randomly (stuck).
 35362 | Shoals:4 | 35362 ||| Stepping randomly (stuck).
 35363 | Shoals:4 | 35363 ||| Stepping randomly (stuck).
 35364 | Shoals:4 | 35364 ||| Stepping randomly (stuck).
 35365 | Shoals:4 | 35365 ||| Stepping randomly (stuck).
 35366 | Shoals:4 | 35366 ||| Stepping randomly (stuck).
 35367 | Shoals:4 | 35367 ||| Stepping randomly (stuck).
 35368 | Shoals:4 | 35368 ||| Stepping randomly (stuck).
 35369 | Shoals:4 | 35369 ||| Stepping randomly (stuck).
 35370 | Shoals:4 | 35370 ||| Stepping randomly (stuck).
 35371 | Shoals:4 | 35371 ||| Stepping randomly (stuck).
 35372 | Shoals:4 | 35372 ||| Stepping randomly (stuck).
 35373 | Shoals:4 | 35373 ||| Stepping randomly (stuck).
 35374 | Shoals:4 | 35374 ||| Stepping randomly (stuck).
 35375 | Shoals:4 | 35375 ||| Stepping randomly (stuck).
 35376 | Shoals:4 | 35376 ||| Stepping randomly (stuck).
 35377 | Shoals:4 | 35377 ||| Stepping randomly (stuck).
 35378 | Shoals:4 | 35378 ||| Stepping randomly (stuck).
 35379 | Shoals:4 | 35379 ||| Stepping randomly (stuck).
 35380 | Shoals:4 | 35380 ||| Stepping randomly (stuck).
 35381 | Shoals:4 | 35381 ||| Stepping randomly (stuck).
 35382 | Shoals:4 | 35382 ||| Stepping randomly (stuck).
 35383 | Shoals:4 | 35383 ||| READING 10 scrolls of teleportation.
 35393 | Shoals:4 | 35393 ||| INVOKING Heroism.
 35534 | Shoals:4 | 35534 ||| READING 9 scrolls of teleportation.
 35539 | Shoals:4 | 35539 ||| READING 8 scrolls of teleportation.
 35549 | Bazaar   | Entered a bazaar
 35553 | Bazaar   | Found Gifooth's General Store.
 35559 | Bazaar   | 35559 ||| BUYING +0 robe of the Sandy God {rCorr Slay+5}
                  | (411 gold).
 35559 | Bazaar   | Bought the +0 robe of the Sandy God {rCorr Slay+5} for 411
                  | gold pieces
 35575 | Bazaar   | Found Rostrajiq's Antique Armour Emporium.
 35580 | Bazaar   | 35580 ||| BUYING embroidered cloak (210 gold).
 35580 | Bazaar   | Bought an embroidered cloak for 210 gold pieces
 35596 | Bazaar   | Found Ollikom's Book Boutique.
 35616 | Bazaar   | Found Acray's Antique Weapon Shoppe.
 35635 | Bazaar   | 35635 ||| DROPPING +0 cloak.
 35655 | Shoals:4 | 35655 ||| PLANNING SHOALS:4
 35676 | Shoals:4 | 35676 ||| INVOKING Heroism.
 35682 | Shoals:4 | Reached XP level 19. HP: 128/128 MP: 24/26
 35867 | Shoals:4 | Got a barnacled rune of Zot
 35943 | Shoals:4 | 35943 ||| Stepping ~*~*~tactically~*~*~ (hiding).
 35949 | Shoals:4 | 35949 ||| INVOKING Heroism.
 35960 | Shoals:4 | 35960 ||| Stepping ~*~*~tactically~*~*~ (hiding).
 36130 | Shoals:4 | 36130 ||| Stepping ~*~*~tactically~*~*~ (hiding).
 36135 | Shoals:4 | 36135 ||| INVOKING Heroism.
 36333 | Shoals:4 | Identified the +2 long sword of the Bedazzling Gods {holy,
                  | Dex+6}
 36341 | Shoals:4 | 36341 ||| Stepping ~*~*~tactically~*~*~ (hiding).
 36343 | Shoals:4 | 36343 ||| INVOKING Heroism.
 36373 | Shoals:4 | Identified the +11 orcbow "Soga Xysui" {drain, rElec}
 36440 | Shoals:4 | 36440 ||| PLANNING VAULTS:1-4
 36440 | Shoals:4 | 36440 ||| UPGRADING to +0 cloak of willpower.
 36450 | Shoals:4 | 36450 ||| READING scroll of enchant armour.
 36450 | Shoals:4 | 36450 ||| ENCHANTING +0 cloak of willpower.
 36451 | Shoals:4 | 36451 ||| DROPPING +4 ring of protection.
 36663 | Vaults:1 | Entered Level 1 of the Vaults
 36710 | Vaults:1 | 36710 ||| Stepping ~*~*~tactically~*~*~ (hiding).
 36712 | Vaults:1 | 36712 ||| Stepping ~*~*~tactically~*~*~ (hiding).
 36713 | Vaults:1 | 36713 ||| Stepping ~*~*~tactically~*~*~ (hiding).
 36714 | Vaults:1 | 36714 ||| Stepping ~*~*~tactically~*~*~ (stealth).
 36730 | Vaults:1 | 36730 ||| Stepping ~*~*~tactically~*~*~ (hiding).
 36905 | Vaults:1 | 36905 ||| Stepping ~*~*~tactically~*~*~ (stealth).
 36912 | Vaults:1 | Received a gift from Okawaru
 36915 | Vaults:1 | 36915 ||| INVOKING Heroism.
 36917 | Vaults:1 | 36917 ||| Stepping ~*~*~tactically~*~*~ (hiding).
 37114 | Vaults:1 | 37114 ||| Stepping ~*~*~tactically~*~*~ (hiding).
 37117 | Vaults:1 | 37117 ||| INVOKING Heroism.
 37121 | Vaults:1 | Received a gift from Okawaru
 37281 | Vaults:1 | 37281 ||| Stepping ~*~*~tactically~*~*~ (hiding).
 37328 | Vaults:1 | Received a gift from Okawaru
 37384 | Vaults:1 | 37384 ||| READING scroll of acquirement.
 37384 | Vaults:1 | 37384 ||| ACQUIRING amulet of Begot {RegenMP +Inv Str+6
                  | Int-4}
 37384 | Vaults:1 | Acquired the amulet of Begot {RegenMP +Inv Str+6 Int-4}
 37386 | Vaults:1 | 37386 ||| DROPPING amulet of guardian spirit.
 37491 | Vaults:1 | Received a gift from Okawaru
 37848 | Vaults:1 | Found Palocion's Weapon Shoppe.
 37860 | Vaults:1 | Identified the +4 shortbow of Instant Death {heavy, rF-
                  | rC++ Str+3 Stlth+}
 38259 | Vaults:2 | Received a gift from Okawaru
 38344 | Vaults:2 | 38344 ||| FLEEEEING.
 38345 | Vaults:2 | 38345 ||| FLEEEEING.
 38346 | Vaults:2 | 38346 ||| FLEEEEING.
 38348 | Vaults:2 | 38348 ||| FLEEEEING.
 38349 | Vaults:2 | 38349 ||| FLEEEEING.
 38358 | Vaults:2 | 38358 ||| INVOKING Heroism.
 38359 | Vaults:2 | Received a gift from Okawaru
 38371 | Vaults:2 | Received a gift from Okawaru
 38382 | Vaults:2 | 38382 ||| INVOKING Heroism.
 38386 | Vaults:2 | HP: 21/128 [vault warden/+0 glaive of venom (18)]
 38387 | Vaults:2 | 38387 ||| READING 8 scrolls of teleportation.
 38388 | Vaults:2 | 38388 ||| DRINKING 5 potions of heal wounds.
 38389 | Vaults:2 | 38389 ||| DRINKING 4 potions of heal wounds.
 38393 | Vaults:2 | HP: 26/128 [dire elephant (12)]
 38394 | Vaults:2 | 38394 ||| READING 7 scrolls of teleportation.
 38395 | Vaults:2 | 38395 ||| DRINKING 3 potions of heal wounds.
 38396 | Vaults:2 | Received a gift from Okawaru
 38597 | Vaults:2 | 38597 ||| Stepping ~*~*~tactically~*~*~ (stealth).
 38654 | Vaults:2 | 38654 ||| Stepping ~*~*~tactically~*~*~ (stealth).
 38697 | Vaults:2 | Noticed Boris
 38698 | Vaults:2 | 38698 ||| Stepping ~*~*~tactically~*~*~ (hiding).
 38703 | Vaults:2 | 38703 ||| INVOKING Heroism.
 38704 | Vaults:2 | 38704 ||| INVOKING Finesse.
 38715 | Vaults:2 | Killed Boris
 38716 | Vaults:2 | Reached skill level 18 in Fighting
 38795 | Vaults:2 | Found Tykhledag's Weapon Shoppe.
 38830 | Vaults:2 | Found a staircase to the Crypt.
 38830 | Vaults:2 | Found an ancient bone altar of Kikubaaqudgha.
 38830 | Vaults:2 | Found a basalt altar of Yredelemnul.
 38851 | Vaults:2 | Received a gift from Okawaru
 38941 | Vaults:2 | Reached XP level 20. HP: 87/136 MP: 27/27
 38941 | Vaults:2 | 38941 ||| INVOKING Heroism.
 39131 | Vaults:2 | 39131 ||| Stepping ~*~*~tactically~*~*~ (hiding).
 39245 | Vaults:2 | 39245 ||| Stepping ~*~*~tactically~*~*~ (stealth).
 39349 | Vaults:2 | 39349 ||| INVOKING Heroism.
 39352 | Vaults:2 | Received a gift from Okawaru
 39352 | Vaults:2 | Found the +8 mithril axe "Arga" {speed, Will+}
 39587 | Vaults:2 | 39587 ||| SWAPPING to +8 mithril axe "Arga" {speed, Will+}.
 39618 | Vaults:2 | 39618 ||| Stepping ~*~*~tactically~*~*~ (hiding).
 39678 | Vaults:2 | Identified the +2 cloak of the Monkey's Uncle {rElec Will+}
 39738 | Vaults:2 | 39738 ||| UPGRADING to +2 cloak of the Monkey's Uncle
                  | {rElec Will+}.
 39748 | Vaults:2 | 39748 ||| DROPPING +1 cloak of willpower.
 39814 | Vaults:3 | Reached skill level 18 in Armour
 39922 | Vaults:3 | Identified the +4 tower shield of Jiosh {Will- Regen+
                  | Dex+3}
 39965 | Vaults:3 | 39965 ||| Stepping ~*~*~tactically~*~*~ (hiding).
 39967 | Vaults:3 | 39967 ||| Stepping ~*~*~tactically~*~*~ (hiding).
 39968 | Vaults:3 | 39968 ||| Stepping ~*~*~tactically~*~*~ (hiding).
 40002 | Vaults:3 | 40002 ||| Stepping ~*~*~tactically~*~*~ (stealth).
 40003 | Vaults:3 | 40003 ||| Stepping ~*~*~tactically~*~*~ (stealth).
 40004 | Vaults:3 | 40004 ||| Stepping ~*~*~tactically~*~*~ (stealth).
 40005 | Vaults:3 | 40005 ||| Stepping ~*~*~tactically~*~*~ (stealth).
 40142 | Vaults:3 | 40142 ||| Stepping ~*~*~tactically~*~*~ (hiding).
 40143 | Vaults:3 | 40143 ||| Stepping ~*~*~tactically~*~*~ (hiding).
 40168 | Vaults:3 | Found Raningokh's Armour Emporium.
 40238 | Vaults:3 | 40238 ||| Stepping ~*~*~tactically~*~*~ (hiding).
 40320 | Vaults:3 | Identified the +2 mace of Charity {heavy, rN+}
 40361 | Vaults:3 | Received a gift from Okawaru
 40429 | Vaults:3 | 40429 ||| UPGRADING to +4 tower shield of Jiosh {Will-
                  | Regen+ Dex+3}.
 40439 | Vaults:3 | 40439 ||| DROPPING +5 Storm Queen's Shield {shock, Fly
                  | rElec}.
 40511 | Vaults:3 | 40511 ||| Stepping ~*~*~tactically~*~*~ (stealth).
 40512 | Vaults:3 | 40512 ||| Stepping ~*~*~tactically~*~*~ (stealth).
 40600 | Vaults:3 | 40600 ||| Stepping ~*~*~tactically~*~*~ (hiding).
 40601 | Vaults:3 | 40601 ||| Stepping ~*~*~tactically~*~*~ (hiding).
 40603 | Vaults:3 | 40603 ||| Stepping ~*~*~tactically~*~*~ (hiding).
 40604 | Vaults:3 | 40604 ||| Stepping ~*~*~tactically~*~*~ (hiding).
 40723 | Vaults:3 | Identified the +2 executioner's axe of Excruciating Pain
                  | {flame, rN+ SInv} (Okawaru gifted it to you on level 3 of
                  | the Vaults)
 40723 | Vaults:3 | Received a gift from Okawaru
 40782 | Vaults:3 | 40782 ||| Stepping ~*~*~tactically~*~*~ (hiding).
 40974 | Vaults:3 | 40974 ||| Stepping ~*~*~tactically~*~*~ (stealth).
 40976 | Vaults:3 | 40976 ||| Stepping ~*~*~tactically~*~*~ (stealth).
 40977 | Vaults:3 | 40977 ||| Stepping ~*~*~tactically~*~*~ (stealth).
 40979 | Vaults:3 | 40979 ||| Stepping ~*~*~tactically~*~*~ (hiding).
 40983 | Vaults:3 | 40983 ||| Stepping ~*~*~tactically~*~*~ (hiding).
 40995 | Vaults:3 | Received a gift from Okawaru
 41102 | Vaults:4 | Found Imunaexe's Weapon Emporium.
 41103 | Vaults:4 | 41103 ||| Stepping ~*~*~tactically~*~*~ (hiding).
 41113 | Vaults:4 | 41113 ||| Stepping ~*~*~tactically~*~*~ (hiding).
 41340 | Vaults:4 | 41340 ||| Stepping ~*~*~tactically~*~*~ (hiding).
 41342 | Vaults:4 | 41342 ||| Stepping ~*~*~tactically~*~*~ (hiding).
 41346 | Vaults:4 | 41346 ||| Stepping ~*~*~tactically~*~*~ (hiding).
 41470 | Vaults:4 | 41470 ||| Stepping ~*~*~tactically~*~*~ (stealth).
 41471 | Vaults:4 | 41471 ||| Stepping ~*~*~tactically~*~*~ (stealth).
 41479 | Vaults:4 | Reached skill level 18 in Shields
 41494 | Vaults:4 | Received a gift from Okawaru
 41580 | Vaults:4 | Received a gift from Okawaru
 41672 | Vaults:4 | 41672 ||| INVOKING Heroism.
 41691 | Vaults:4 | 41691 ||| Stepping ~*~*~tactically~*~*~ (hiding).
 41707 | Vaults:4 | 41707 ||| Stepping ~*~*~tactically~*~*~ (hiding).
 42026 | Vaults:4 | 42026 ||| Stepping ~*~*~tactically~*~*~ (hiding).
 42042 | Vaults:4 | Reached XP level 21. HP: 142/142 MP: 28/28
 42046 | Vaults:4 | Reached ****** piety under Okawaru
 42051 | Vaults:4 | Received a gift from Okawaru
 42341 | Vaults:4 | 42341 ||| INVOKING Heroism.
 42342 | Vaults:4 | 42342 ||| INVOKING Finesse.
 42509 | Vaults:4 | 42509 ||| PLANNING SPIDER:4
 42816 | Spider:4 | Entered Level 4 of the Spider Nest
 42826 | Spider:4 | Noticed Aizul
 42843 | Spider:4 | Killed Aizul
 42847 | Spider:4 | 42847 ||| Stepping ~*~*~tactically~*~*~ (stealth).
 42848 | Spider:4 | 42848 ||| Stepping ~*~*~tactically~*~*~ (stealth).
 42856 | Spider:4 | 42856 ||| Stepping ~*~*~tactically~*~*~ (stealth).
 42857 | Spider:4 | 42857 ||| Stepping ~*~*~tactically~*~*~ (stealth).
 42858 | Spider:4 | 42858 ||| Stepping ~*~*~tactically~*~*~ (stealth).
 42860 | Spider:4 | 42860 ||| Stepping ~*~*~tactically~*~*~ (stealth).
 42945 | Spider:4 | 42945 ||| Stepping ~*~*~tactically~*~*~ (stealth).
 42997 | Spider:4 | 42997 ||| Stepping ~*~*~tactically~*~*~ (hiding).
 43001 | Spider:4 | 43001 ||| Stepping ~*~*~tactically~*~*~ (stealth).
 43109 | Spider:4 | 43109 ||| INVOKING Finesse.
 43110 | Spider:4 | 43110 ||| Stepping ~*~*~tactically~*~*~ (stealth).
 43123 | Spider:4 | 43123 ||| Stepping ~*~*~tactically~*~*~ (hiding).
 43167 | Spider:4 | 43167 ||| Stepping ~*~*~tactically~*~*~ (stealth).
 43178 | Spider:4 | Reached skill level 6 in Dodging
 43182 | Spider:4 | 43182 ||| Stepping ~*~*~tactically~*~*~ (stealth).
 43241 | Spider:4 | Received a gift from Okawaru
 43258 | Spider:4 | 43258 ||| Stepping ~*~*~tactically~*~*~ (stealth).
 43259 | Spider:4 | 43259 ||| Stepping ~*~*~tactically~*~*~ (stealth).
 43318 | Spider:4 | 43318 ||| INVOKING Heroism.
 43323 | Spider:4 | Received a gift from Okawaru
 43524 | Spider:4 | 43524 ||| Stepping ~*~*~tactically~*~*~ (stealth).
 43552 | Spider:4 | 43552 ||| INVOKING Finesse.
 43659 | Spider:4 | 43659 ||| DRINKING potion of experience.
 43659 | Spider:4 | Reached XP level 22. HP: 149/149 MP: 29/29
 43661 | Spider:4 | Got a gossamer rune of Zot
 43843 | Spider:4 | 43843 ||| PLANNING DEPTHS
 43843 | Spider:4 | 43843 ||| DROPPING +2 hat of stealth.
 43844 | Spider:4 | 43844 ||| DROPPING scarf of invisibility.
 44085 | Depths:1 | Entered Level 1 of the Depths
 44088 | Depths:1 | 44088 ||| INVOKING Heroism.
 44088 | Depths:1 | Paralysed by a floating eye for 4 turns
 44092 | Depths:1 | 44092 ||| INVOKING Finesse.
 44100 | Depths:1 | Received a gift from Okawaru
 44214 | Depths:1 | Paralysed by a floating eye for 4 turns
 44219 | Depths:1 | 44219 ||| INVOKING Heroism.
 44430 | Depths:1 | Identified the +0 pair of gloves "Kiteh" {Harm Int+3}
                  | (Okawaru gifted it to you on level 1 of the Depths)
 44430 | Depths:1 | Received a gift from Okawaru
 44461 | Depths:1 | Found Ablyngamn's Magic Scroll Shop.
 44739 | Depths:1 | 44739 ||| Stepping ~*~*~tactically~*~*~ (hiding).
 44853 | Depths:1 | 44853 ||| BUYING scroll of enchant armour (82 gold).
 44853 | Depths:1 | Bought a scroll of enchant armour for 82 gold pieces
 44853 | Depths:1 | 44853 ||| BUYING scroll of enchant weapon (82 gold).
 44853 | Depths:1 | Bought a scroll of enchant weapon for 82 gold pieces
 44853 | Depths:1 | 44853 ||| BUYING scroll of teleportation (33 gold).
 44853 | Depths:1 | Bought a scroll of teleportation for 33 gold pieces
 44991 | Depths:1 | 44991 ||| INVOKING Finesse.
 45088 | Depths:1 | 45088 ||| Stepping ~*~*~tactically~*~*~ (hiding).
 45091 | Depths:1 | 45091 ||| Stepping ~*~*~tactically~*~*~ (hiding).
 45097 | Depths:1 | 45097 ||| Stepping ~*~*~tactically~*~*~ (hiding).
 45146 | Depths:1 | Found a gateway to Hell.
 45152 | Depths:1 | Identified the +6 lajatang of Bamoxi {holy, Contam Will+++
                  | Str+5 Dex-4}
 45283 | Depths:1 | 45283 ||| Stepping ~*~*~tactically~*~*~ (hiding).
 45307 | Depths:1 | 45307 ||| Stepping ~*~*~tactically~*~*~ (hiding).
 45308 | Depths:1 | 45308 ||| INVOKING Heroism.
 45360 | Depths:1 | 45360 ||| DROPPING +0 pair of gloves "Kiteh" {Harm Int+3}.
 45386 | Depths:2 | Noticed the Enchantress
 45387 | Depths:2 | 45387 ||| Stepping ~*~*~tactically~*~*~ (hiding).
 45391 | Depths:2 | 45391 ||| INVOKING Heroism.
 45392 | Depths:2 | 45392 ||| INVOKING Finesse.
 45417 | Depths:2 | Killed the Enchantress
 45458 | Depths:2 | 45458 ||| Stepping ~*~*~tactically~*~*~ (stealth).
 45464 | Depths:2 | 45464 ||| Stepping ~*~*~tactically~*~*~ (hiding).
 45520 | Depths:2 | 45520 ||| Stepping ~*~*~tactically~*~*~ (stealth).
 45521 | Depths:2 | 45521 ||| Stepping ~*~*~tactically~*~*~ (stealth).
 45558 | Depths:2 | Found Jaqa's Demolitions Depot.
 45587 | Depths:2 | 45587 ||| Stepping ~*~*~tactically~*~*~ (stealth).
 45606 | Depths:2 | 45606 ||| FLEEEEING.
 45650 | Depths:2 | 45650 ||| INVOKING Heroism.
 45651 | Depths:2 | 45651 ||| INVOKING Finesse.
 45700 | Depths:2 | Found a broken altar of Ashenzari.
 45747 | Depths:2 | 45747 ||| INVOKING Heroism.
 45888 | Depths:2 | 45888 ||| INVOKING Heroism.
 45938 | Depths:2 | 45938 ||| Stepping ~*~*~tactically~*~*~ (hiding).
 45965 | Depths:2 | Found Petwipp's Jewellery Emporium.
 45965 | Depths:2 | Found Ocotirgh's Book Boutique.
 45966 | Depths:2 | Found Afyis's Book Boutique.
 45974 | Depths:2 | 45974 ||| BUYING +5 ring of evasion (828 gold).
 45974 | Depths:2 | Bought a +5 ring of evasion for 828 gold pieces
 45974 | Depths:2 | 45974 ||| SHOPLISTING amulet of reflection (690 gold, have
                  | 245).
 45974 | Depths:2 | 45974 ||| SHOPLISTING ring of fire (575 gold, have 245).
 45974 | Depths:2 | 45974 ||| SHOPLISTING ring of protection from cold (575
                  | gold, have 245).
 45974 | Depths:2 | 45974 ||| SHOPLISTING ring of protection from fire (575
                  | gold, have 245).
 46079 | Depths:2 | 46079 ||| INVOKING Heroism.
 46171 | Depths:2 | 46171 ||| Stepping ~*~*~tactically~*~*~ (stealth).
 46171 | Depths:2 | Noticed a shard shrike
 46172 | Depths:2 | 46172 ||| Stepping ~*~*~tactically~*~*~ (stealth).
 46173 | Depths:2 | 46173 ||| INVOKING Heroism.
 46173 | Depths:2 | Noticed a shard shrike
 46173 | Depths:2 | Noticed a shard shrike
 46186 | Depths:2 | Killed a shard shrike
 46187 | Depths:2 | Reached XP level 23. HP: 141/155 MP: 28/30
 46190 | Depths:2 | Killed a shard shrike
 46199 | Depths:2 | Killed a shard shrike
 46199 | Depths:2 | Received a gift from Okawaru
 46215 | Depths:2 | Noticed a shard shrike
 46227 | Depths:2 | Killed a shard shrike
 46295 | Depths:2 | Got the +11 broad axe of Salt {freeze, rF++ Int+2 Dex-4
                  | SInv}
 46414 | Depths:2 | 46414 ||| DROPPING +2 pair of gloves.
 46415 | Depths:2 | 46415 ||| DROPPING +4 ring of slaying {mikee}.
 46416 | Depths:2 | 46416 ||| UPGRADING to +5 ring of evasion.
 46418 | Depths:2 | 46418 ||| UPGRADING to +6 ring of strength.
 46420 | Depths:2 | 46420 ||| DROPPING ring of see invisible.
 46480 | Depths:3 | 46480 ||| Stepping ~*~*~tactically~*~*~ (hiding).
 46481 | Depths:3 | 46481 ||| Stepping ~*~*~tactically~*~*~ (hiding).
 46484 | Depths:3 | 46484 ||| INVOKING Heroism.
 46519 | Depths:3 | 46519 ||| Stepping ~*~*~tactically~*~*~ (stealth).
 46565 | Depths:3 | Received a gift from Okawaru
 46600 | Depths:3 | 46600 ||| Stepping ~*~*~tactically~*~*~ (stealth).
 46604 | Depths:3 | 46604 ||| Stepping ~*~*~tactically~*~*~ (stealth).
 46606 | Depths:3 | 46606 ||| Stepping ~*~*~tactically~*~*~ (hiding).
 46610 | Depths:3 | 46610 ||| Stepping ~*~*~tactically~*~*~ (hiding).
 46665 | Depths:3 | Received a gift from Okawaru
 46732 | Depths:3 | Found a one-way gate to the infinite horrors of the Abyss.
 46738 | Depths:3 | Found a one-way gateway to a ziggurat.
 47021 | Depths:3 | 47021 ||| INVOKING Heroism.
 47044 | Depths:3 | 47044 ||| INVOKING Finesse.
 47144 | Depths:3 | Received a gift from Okawaru
 47192 | Depths:3 | 47192 ||| INVOKING Heroism.
 47194 | Depths:3 | Noticed a juggernaut
 47200 | Depths:3 | 47200 ||| INVOKING Finesse.
 47223 | Depths:3 | Killed a juggernaut
 47223 | Depths:3 | Received a gift from Okawaru
 47258 | Depths:3 | 47258 ||| Stepping ~*~*~tactically~*~*~ (hiding).
 47259 | Depths:3 | 47259 ||| INVOKING Heroism.
 47287 | Depths:3 | Reached skill level 21 in Shields
 47338 | Depths:3 | 47338 ||| INVOKING Finesse.
 47786 | Depths:3 | 47786 ||| Stepping ~*~*~tactically~*~*~ (stealth).
 47808 | Depths:3 | 47808 ||| INVOKING Heroism.
 47911 | Depths:3 | 47911 ||| INVOKING Heroism.
 48023 | Depths:4 | Entered Level 4 of the Depths
 48024 | Depths:4 | 48024 ||| PLANNING BAZAAR
 48024 | Depths:4 | 48024 ||| Stepping randomly (stuck).
 48025 | Depths:4 | 48025 ||| Stepping randomly (stuck).
 48026 | Depths:4 | 48026 ||| Stepping randomly (stuck).
 48027 | Depths:4 | 48027 ||| Stepping randomly (stuck).
 48028 | Depths:4 | 48028 ||| Stepping randomly (stuck).
 48029 | Depths:4 | 48029 ||| Stepping randomly (stuck).
 48030 | Depths:4 | 48030 ||| Stepping randomly (stuck).
 48031 | Depths:4 | 48031 ||| Stepping randomly (stuck).
 48033 | Depths:4 | 48033 ||| Stepping ~*~*~tactically~*~*~ (hiding).
 48034 | Depths:4 | 48034 ||| Stepping ~*~*~tactically~*~*~ (hiding).
 48045 | Depths:4 | 48045 ||| INVOKING Heroism.
 48051 | Depths:4 | 48051 ||| Stepping randomly (stuck).
 48052 | Depths:4 | 48052 ||| Stepping randomly (stuck).
 48053 | Depths:4 | 48053 ||| Stepping randomly (stuck).
 48054 | Depths:4 | 48054 ||| Stepping randomly (stuck).
 48055 | Depths:4 | 48055 ||| Stepping randomly (stuck).
 48056 | Depths:4 | 48056 ||| Stepping randomly (stuck).
 48057 | Depths:4 | 48057 ||| Stepping randomly (stuck).
 48058 | Depths:4 | 48058 ||| Stepping randomly (stuck).
 48059 | Depths:4 | 48059 ||| Stepping randomly (stuck).
 48060 | Depths:4 | 48060 ||| Stepping randomly (stuck).
 48061 | Depths:4 | 48061 ||| Stepping randomly (stuck).
 48062 | Depths:4 | 48062 ||| Stepping randomly (stuck).
 48063 | Depths:4 | 48063 ||| Stepping randomly (stuck).
 48064 | Depths:4 | 48064 ||| Stepping randomly (stuck).
 48065 | Depths:4 | 48065 ||| Stepping randomly (stuck).
 48066 | Depths:4 | 48066 ||| Stepping randomly (stuck).
 48067 | Depths:4 | 48067 ||| Stepping randomly (stuck).
 48068 | Depths:4 | 48068 ||| Stepping randomly (stuck).
 48069 | Depths:4 | 48069 ||| Stepping randomly (stuck).
 48070 | Depths:4 | 48070 ||| Stepping randomly (stuck).
 48071 | Depths:4 | 48071 ||| Stepping randomly (stuck).
 48072 | Depths:4 | 48072 ||| Stepping randomly (stuck).
 48073 | Depths:4 | 48073 ||| Stepping randomly (stuck).
 48074 | Depths:4 | 48074 ||| Stepping randomly (stuck).
 48075 | Depths:4 | 48075 ||| Stepping randomly (stuck).
 48076 | Depths:4 | 48076 ||| Stepping randomly (stuck).
 48077 | Depths:4 | 48077 ||| Stepping randomly (stuck).
 48078 | Depths:4 | 48078 ||| Stepping randomly (stuck).
 48079 | Depths:4 | 48079 ||| Stepping randomly (stuck).
 48080 | Depths:4 | 48080 ||| Stepping randomly (stuck).
 48081 | Depths:4 | 48081 ||| Stepping randomly (stuck).
 48082 | Depths:4 | 48082 ||| Stepping randomly (stuck).
 48083 | Depths:4 | 48083 ||| Stepping randomly (stuck).
 48084 | Depths:4 | 48084 ||| Stepping randomly (stuck).
 48085 | Depths:4 | 48085 ||| Stepping randomly (stuck).
 48086 | Depths:4 | 48086 ||| Stepping randomly (stuck).
 48087 | Depths:4 | 48087 ||| Stepping randomly (stuck).
 48088 | Depths:4 | 48088 ||| Stepping randomly (stuck).
 48089 | Depths:4 | 48089 ||| Stepping randomly (stuck).
 48090 | Depths:4 | 48090 ||| Stepping randomly (stuck).
 48091 | Depths:4 | 48091 ||| Stepping randomly (stuck).
 48092 | Depths:4 | 48092 ||| Stepping randomly (stuck).
 48093 | Depths:4 | 48093 ||| Stepping randomly (stuck).
 48094 | Depths:4 | 48094 ||| READING 11 scrolls of teleportation.
 48099 | Depths:4 | 48099 ||| READING 10 scrolls of teleportation.
 48104 | Depths:4 | 48104 ||| READING 9 scrolls of teleportation.
 48107 | Depths:4 | 48107 ||| READING 8 scrolls of teleportation.
 48128 | Depths:4 | 48128 ||| READING 7 scrolls of teleportation.
 48131 | Depths:4 | 48131 ||| READING 6 scrolls of teleportation.
 48142 | Depths:4 | 48142 ||| READING 5 scrolls of teleportation.
 48146 | Depths:4 | 48146 ||| READING 4 scrolls of teleportation.
 48154 | Depths:4 | 48154 ||| READING 3 scrolls of teleportation.
 48158 | Depths:4 | 48158 ||| READING 2 scrolls of teleportation.
 48163 | Depths:4 | 48163 ||| INVOKING Heroism.
 48166 | Depths:4 | Received a gift from Okawaru
 48169 | Depths:4 | Reached skill level 21 in Fighting
 48180 | Depths:4 | 48180 ||| READING scroll of teleportation.
 48183 | Depths:4 | 48183 ||| Stepping randomly (stuck).
 48184 | Depths:4 | 48184 ||| Stepping randomly (stuck).
 48185 | Depths:4 | 48185 ||| Stepping randomly (stuck).
 48186 | Depths:4 | 48186 ||| Stepping randomly (stuck).
 48187 | Depths:4 | 48187 ||| Stepping randomly (stuck).
 48188 | Depths:4 | 48188 ||| Stepping randomly (stuck).
 48189 | Depths:4 | 48189 ||| Stepping randomly (stuck).
 48190 | Depths:4 | 48190 ||| Stepping randomly (stuck).
 48191 | Depths:4 | 48191 ||| Stepping randomly (stuck).
 48192 | Depths:4 | 48192 ||| Stepping randomly (stuck).
 48193 | Depths:4 | 48193 ||| Stepping randomly (stuck).
 48194 | Depths:4 | 48194 ||| Stepping randomly (stuck).
 48195 | Depths:4 | 48195 ||| Stepping randomly (stuck).
 48196 | Depths:4 | 48196 ||| Stepping randomly (stuck).
 48197 | Depths:4 | 48197 ||| Stepping randomly (stuck).
 48198 | Depths:4 | 48198 ||| Stepping randomly (stuck).
 48199 | Depths:4 | 48199 ||| Stepping randomly (stuck).
 48200 | Depths:4 | 48200 ||| Stepping randomly (stuck).
 48201 | Depths:4 | 48201 ||| Stepping randomly (stuck).
 48202 | Depths:4 | 48202 ||| Stepping randomly (stuck).
 48203 | Depths:4 | 48203 ||| Stepping randomly (stuck).
 48204 | Depths:4 | 48204 ||| Stepping randomly (stuck).
 48205 | Depths:4 | 48205 ||| Stepping randomly (stuck).
 48206 | Depths:4 | 48206 ||| Stepping randomly (stuck).
 48207 | Depths:4 | 48207 ||| Stepping randomly (stuck).
 48208 | Depths:4 | 48208 ||| Stepping randomly (stuck).
 48209 | Depths:4 | 48209 ||| Stepping randomly (stuck).
 48210 | Depths:4 | 48210 ||| Stepping randomly (stuck).
 48211 | Depths:4 | 48211 ||| Stepping randomly (stuck).
 48212 | Depths:4 | 48212 ||| Stepping randomly (stuck).
 48213 | Depths:4 | 48213 ||| Stepping randomly (stuck).
 48214 | Depths:4 | 48214 ||| Stepping randomly (stuck).
 48215 | Depths:4 | 48215 ||| Stepping randomly (stuck).
 48216 | Depths:4 | 48216 ||| Stepping randomly (stuck).
 48217 | Depths:4 | 48217 ||| Stepping randomly (stuck).
 48218 | Depths:4 | 48218 ||| Stepping randomly (stuck).
 48219 | Depths:4 | 48219 ||| Stepping randomly (stuck).
 48220 | Depths:4 | 48220 ||| Stepping randomly (stuck).
 48221 | Depths:4 | 48221 ||| Stepping randomly (stuck).
 48222 | Depths:4 | 48222 ||| Stepping randomly (stuck).
 48223 | Depths:4 | 48223 ||| Stepping randomly (stuck).
 48224 | Depths:4 | 48224 ||| Stepping randomly (stuck).
 48225 | Depths:4 | 48225 ||| Stepping randomly (stuck).
 48226 | Depths:4 | 48226 ||| Stepping randomly (stuck).
 48227 | Depths:4 | 48227 ||| Stepping randomly (stuck).
 48228 | Depths:4 | 48228 ||| Stepping randomly (stuck).
 48229 | Depths:4 | 48229 ||| Stepping randomly (stuck).
 48230 | Depths:4 | 48230 ||| Stepping randomly (stuck).
 48231 | Depths:4 | 48231 ||| Stepping randomly (stuck).
 48232 | Depths:4 | 48232 ||| Stepping randomly (stuck).
 48233 | Depths:4 | 48233 ||| Stepping randomly (stuck).
 48234 | Depths:4 | 48234 ||| Stepping randomly (stuck).
 48235 | Depths:4 | 48235 ||| Stepping randomly (stuck).
 48236 | Depths:4 | 48236 ||| Stepping randomly (stuck).
 48237 | Depths:4 | 48237 ||| Stepping randomly (stuck).
 48238 | Depths:4 | 48238 ||| Stepping randomly (stuck).
 48239 | Depths:4 | 48239 ||| Stepping randomly (stuck).
 48240 | Depths:4 | 48240 ||| Stepping randomly (stuck).
 48241 | Depths:4 | 48241 ||| Stepping randomly (stuck).
 48242 | Depths:4 | 48242 ||| Stepping randomly (stuck).
 48243 | Depths:4 | 48243 ||| Stepping randomly (stuck).
 48244 | Depths:4 | 48244 ||| Stepping randomly (stuck).
 48245 | Depths:4 | 48245 ||| Stepping randomly (stuck).
 48246 | Depths:4 | 48246 ||| Stepping randomly (stuck).
 48247 | Depths:4 | 48247 ||| Stepping randomly (stuck).
 48248 | Depths:4 | 48248 ||| Stepping randomly (stuck).
 48249 | Depths:4 | 48249 ||| Stepping randomly (stuck).
 48250 | Depths:4 | 48250 ||| Stepping randomly (stuck).
 48251 | Depths:4 | 48251 ||| Stepping randomly (stuck).
 48252 | Depths:4 | 48252 ||| Stepping randomly (stuck).
 48253 | Depths:4 | 48253 ||| Stepping randomly (stuck).
 48254 | Depths:4 | 48254 ||| Stepping randomly (stuck).
 48255 | Depths:4 | 48255 ||| Stepping randomly (stuck).
 48256 | Depths:4 | 48256 ||| Stepping randomly (stuck).
 48257 | Depths:4 | 48257 ||| Stepping randomly (stuck).
 48258 | Depths:4 | 48258 ||| Stepping randomly (stuck).
 48259 | Depths:4 | 48259 ||| Stepping randomly (stuck).
 48260 | Depths:4 | 48260 ||| Stepping randomly (stuck).
 48261 | Depths:4 | 48261 ||| Stepping randomly (stuck).
 48262 | Depths:4 | 48262 ||| Stepping randomly (stuck).
 48263 | Depths:4 | 48263 ||| Stepping randomly (stuck).
 48264 | Depths:4 | 48264 ||| Stepping randomly (stuck).
 48265 | Depths:4 | 48265 ||| Stepping randomly (stuck).
 48266 | Depths:4 | 48266 ||| Stepping randomly (stuck).
 48267 | Depths:4 | 48267 ||| Stepping randomly (stuck).
 48268 | Depths:4 | 48268 ||| Stepping randomly (stuck).
 48269 | Depths:4 | 48269 ||| Stepping randomly (stuck).
 48270 | Depths:4 | 48270 ||| Stepping randomly (stuck).
 48271 | Depths:4 | 48271 ||| Stepping randomly (stuck).
 48272 | Depths:4 | 48272 ||| Stepping randomly (stuck).
 48273 | Depths:4 | 48273 ||| Stepping randomly (stuck).
 48274 | Depths:4 | 48274 ||| Stepping randomly (stuck).
 48275 | Depths:4 | 48275 ||| Stepping randomly (stuck).
 48276 | Depths:4 | 48276 ||| Stepping randomly (stuck).
 48277 | Depths:4 | 48277 ||| Stepping randomly (stuck).
 48278 | Depths:4 | 48278 ||| Stepping randomly (stuck).
 48279 | Depths:4 | 48279 ||| Stepping randomly (stuck).
 48280 | Depths:4 | 48280 ||| Stepping randomly (stuck).
 48281 | Depths:4 | 48281 ||| Stepping randomly (stuck).
 48282 | Depths:4 | 48282 ||| Stepping randomly (stuck).
 48283 | Depths:4 | 48283 ||| Stepping randomly (stuck).
 48284 | Depths:4 | 48284 ||| Stepping randomly (stuck).
 48285 | Depths:4 | 48285 ||| Stepping randomly (stuck).
 48286 | Depths:4 | 48286 ||| Stepping randomly (stuck).
 48287 | Depths:4 | 48287 ||| Stepping randomly (stuck).
 48288 | Depths:4 | 48288 ||| Stepping randomly (stuck).
 48289 | Depths:4 | 48289 ||| Stepping randomly (stuck).
 48290 | Depths:4 | 48290 ||| Stepping randomly (stuck).
 48291 | Depths:4 | 48291 ||| Stepping randomly (stuck).
 48292 | Depths:4 | 48292 ||| Stepping randomly (stuck).
 48293 | Depths:4 | 48293 ||| Stepping randomly (stuck).
 48294 | Depths:4 | 48294 ||| Stepping randomly (stuck).
 48295 | Depths:4 | 48295 ||| Stepping randomly (stuck).
 48296 | Depths:4 | 48296 ||| Stepping randomly (stuck).
 48297 | Depths:4 | 48297 ||| Stepping randomly (stuck).
 48298 | Depths:4 | 48298 ||| Stepping randomly (stuck).
 48299 | Depths:4 | 48299 ||| Stepping randomly (stuck).
 48300 | Depths:4 | 48300 ||| Stepping randomly (stuck).
 48301 | Depths:4 | 48301 ||| Stepping randomly (stuck).
 48302 | Depths:4 | 48302 ||| Stepping randomly (stuck).
 48303 | Depths:4 | 48303 ||| Stepping randomly (stuck).
 48304 | Depths:4 | 48304 ||| Stepping randomly (stuck).
 48305 | Depths:4 | 48305 ||| Stepping randomly (stuck).
 48306 | Depths:4 | 48306 ||| Stepping randomly (stuck).
 48307 | Depths:4 | 48307 ||| Stepping randomly (stuck).
 48308 | Depths:4 | 48308 ||| Stepping randomly (stuck).
 48309 | Depths:4 | 48309 ||| Stepping randomly (stuck).
 48310 | Depths:4 | 48310 ||| Stepping randomly (stuck).
 48311 | Depths:4 | 48311 ||| Stepping randomly (stuck).
 48312 | Depths:4 | 48312 ||| Stepping randomly (stuck).
 48313 | Depths:4 | 48313 ||| Stepping randomly (stuck).
 48314 | Depths:4 | 48314 ||| Stepping randomly (stuck).
 48315 | Depths:4 | 48315 ||| Stepping randomly (stuck).
 48316 | Depths:4 | 48316 ||| Stepping randomly (stuck).
 48317 | Depths:4 | 48317 ||| Stepping randomly (stuck).
 48318 | Depths:4 | 48318 ||| Stepping randomly (stuck).
 48319 | Depths:4 | 48319 ||| Stepping randomly (stuck).
 48320 | Depths:4 | 48320 ||| Stepping randomly (stuck).
 48321 | Depths:4 | 48321 ||| Stepping randomly (stuck).
 48322 | Depths:4 | 48322 ||| Stepping randomly (stuck).
 48323 | Depths:4 | 48323 ||| Stepping randomly (stuck).
 48324 | Depths:4 | 48324 ||| Stepping randomly (stuck).
 48325 | Depths:4 | 48325 ||| Stepping randomly (stuck).
 48326 | Depths:4 | 48326 ||| Stepping randomly (stuck).
 48327 | Depths:4 | 48327 ||| Stepping randomly (stuck).
 48328 | Depths:4 | 48328 ||| Stepping randomly (stuck).
 48329 | Depths:4 | 48329 ||| Stepping randomly (stuck).
 48330 | Depths:4 | 48330 ||| Stepping randomly (stuck).
 48331 | Depths:4 | 48331 ||| Stepping randomly (stuck).
 48332 | Depths:4 | 48332 ||| Stepping randomly (stuck).
 48333 | Depths:4 | 48333 ||| Stepping randomly (stuck).
 48334 | Depths:4 | 48334 ||| Stepping randomly (stuck).
 48335 | Depths:4 | 48335 ||| Stepping randomly (stuck).
 48336 | Depths:4 | 48336 ||| Stepping randomly (stuck).
 48337 | Depths:4 | 48337 ||| Stepping randomly (stuck).
 48338 | Depths:4 | 48338 ||| Stepping randomly (stuck).
 48339 | Depths:4 | 48339 ||| Stepping randomly (stuck).
 48340 | Depths:4 | 48340 ||| Stepping randomly (stuck).
 48341 | Depths:4 | 48341 ||| Stepping randomly (stuck).
 48342 | Depths:4 | 48342 ||| Stepping randomly (stuck).
 48343 | Depths:4 | 48343 ||| Stepping randomly (stuck).
 48344 | Depths:4 | 48344 ||| Stepping randomly (stuck).
 48345 | Depths:4 | 48345 ||| Stepping randomly (stuck).
 48346 | Depths:4 | 48346 ||| Stepping randomly (stuck).
 48347 | Depths:4 | 48347 ||| Stepping randomly (stuck).
 48348 | Depths:4 | 48348 ||| Stepping randomly (stuck).
 48349 | Depths:4 | 48349 ||| Stepping randomly (stuck).
 48350 | Depths:4 | 48350 ||| Stepping randomly (stuck).
 48351 | Depths:4 | 48351 ||| Stepping randomly (stuck).
 48352 | Depths:4 | 48352 ||| Stepping randomly (stuck).
 48353 | Depths:4 | 48353 ||| Stepping randomly (stuck).
 48354 | Depths:4 | 48354 ||| Stepping randomly (stuck).
 48355 | Depths:4 | 48355 ||| Stepping randomly (stuck).
 48356 | Depths:4 | 48356 ||| Stepping randomly (stuck).
 48357 | Depths:4 | 48357 ||| Stepping randomly (stuck).
 48358 | Depths:4 | 48358 ||| Stepping randomly (stuck).
 48359 | Depths:4 | 48359 ||| Stepping randomly (stuck).
 48360 | Depths:4 | 48360 ||| Stepping randomly (stuck).
 48361 | Depths:4 | 48361 ||| Stepping randomly (stuck).
 48362 | Depths:4 | 48362 ||| Stepping randomly (stuck).
 48363 | Depths:4 | 48363 ||| Stepping randomly (stuck).
 48364 | Depths:4 | 48364 ||| Stepping randomly (stuck).
 48365 | Depths:4 | 48365 ||| Stepping randomly (stuck).
 48366 | Depths:4 | 48366 ||| Stepping randomly (stuck).
 48367 | Depths:4 | 48367 ||| Stepping randomly (stuck).
 48368 | Depths:4 | 48368 ||| Stepping randomly (stuck).
 48369 | Depths:4 | 48369 ||| Stepping randomly (stuck).
 48370 | Depths:4 | 48370 ||| Stepping randomly (stuck).
 48371 | Depths:4 | 48371 ||| Stepping randomly (stuck).
 48372 | Depths:4 | 48372 ||| Stepping randomly (stuck).
 48373 | Depths:4 | 48373 ||| Stepping randomly (stuck).
 48374 | Depths:4 | 48374 ||| Stepping randomly (stuck).
 48375 | Depths:4 | 48375 ||| Stepping randomly (stuck).
 48376 | Depths:4 | 48376 ||| Stepping randomly (stuck).
 48377 | Depths:4 | 48377 ||| Stepping randomly (stuck).
 48378 | Depths:4 | 48378 ||| Stepping randomly (stuck).
 48379 | Depths:4 | 48379 ||| Stepping randomly (stuck).
 48380 | Depths:4 | 48380 ||| Stepping randomly (stuck).
 48381 | Depths:4 | 48381 ||| Stepping randomly (stuck).
 48382 | Depths:4 | 48382 ||| Stepping randomly (stuck).
 48383 | Depths:4 | 48383 ||| Stepping randomly (stuck).
 48384 | Depths:4 | 48384 ||| Stepping randomly (stuck).
 48385 | Depths:4 | 48385 ||| Stepping randomly (stuck).
 48386 | Depths:4 | 48386 ||| Stepping randomly (stuck).
 48387 | Depths:4 | 48387 ||| Stepping randomly (stuck).
 48388 | Depths:4 | 48388 ||| Stepping randomly (stuck).
 48389 | Depths:4 | 48389 ||| Stepping randomly (stuck).
 48390 | Depths:4 | 48390 ||| Stepping randomly (stuck).
 48391 | Depths:4 | 48391 ||| Stepping randomly (stuck).
 48392 | Depths:4 | 48392 ||| Stepping randomly (stuck).
 48393 | Depths:4 | 48393 ||| Stepping randomly (stuck).
 48394 | Depths:4 | 48394 ||| Stepping randomly (stuck).
 48395 | Depths:4 | 48395 ||| Stepping randomly (stuck).
 48396 | Depths:4 | 48396 ||| Stepping randomly (stuck).
 48397 | Depths:4 | 48397 ||| Stepping randomly (stuck).
 48398 | Depths:4 | 48398 ||| Stepping randomly (stuck).
 48399 | Depths:4 | 48399 ||| Stepping randomly (stuck).
 48400 | Depths:4 | 48400 ||| Stepping randomly (stuck).
 48401 | Depths:4 | 48401 ||| Stepping randomly (stuck).
 48402 | Depths:4 | 48402 ||| Stepping randomly (stuck).
 48403 | Depths:4 | 48403 ||| Stepping randomly (stuck).
 48404 | Depths:4 | 48404 ||| Stepping randomly (stuck).
 48405 | Depths:4 | 48405 ||| Stepping randomly (stuck).
 48406 | Depths:4 | 48406 ||| Stepping randomly (stuck).
 48407 | Depths:4 | 48407 ||| Stepping randomly (stuck).
 48408 | Depths:4 | 48408 ||| Stepping randomly (stuck).
 48409 | Depths:4 | 48409 ||| Stepping randomly (stuck).
 48410 | Depths:4 | 48410 ||| Stepping randomly (stuck).
 48411 | Depths:4 | 48411 ||| Stepping randomly (stuck).
 48412 | Depths:4 | 48412 ||| Stepping randomly (stuck).
 48413 | Depths:4 | 48413 ||| Stepping randomly (stuck).
 48414 | Depths:4 | 48414 ||| Stepping randomly (stuck).
 48415 | Depths:4 | 48415 ||| Stepping randomly (stuck).
 48416 | Depths:4 | 48416 ||| Stepping randomly (stuck).
 48417 | Depths:4 | 48417 ||| Stepping randomly (stuck).
 48418 | Depths:4 | 48418 ||| Stepping randomly (stuck).
 48419 | Depths:4 | 48419 ||| Stepping randomly (stuck).
 48420 | Depths:4 | 48420 ||| Stepping randomly (stuck).
 48421 | Depths:4 | 48421 ||| Stepping randomly (stuck).
 48422 | Depths:4 | 48422 ||| Stepping randomly (stuck).
 48423 | Depths:4 | 48423 ||| Stepping randomly (stuck).
 48424 | Depths:4 | 48424 ||| Stepping randomly (stuck).
 48425 | Depths:4 | 48425 ||| Stepping randomly (stuck).
 48426 | Depths:4 | 48426 ||| Stepping randomly (stuck).
 48427 | Depths:4 | 48427 ||| Stepping randomly (stuck).
 48428 | Depths:4 | 48428 ||| Stepping randomly (stuck).
 48429 | Depths:4 | 48429 ||| Stepping randomly (stuck).
 48430 | Depths:4 | 48430 ||| Stepping randomly (stuck).
 48431 | Depths:4 | 48431 ||| Stepping randomly (stuck).
 48432 | Depths:4 | 48432 ||| Stepping randomly (stuck).
 48433 | Depths:4 | 48433 ||| Stepping randomly (stuck).
 48434 | Depths:4 | 48434 ||| Stepping randomly (stuck).
 48435 | Depths:4 | 48435 ||| Stepping randomly (stuck).
 48436 | Depths:4 | 48436 ||| Stepping randomly (stuck).
 48437 | Depths:4 | 48437 ||| Stepping randomly (stuck).
 48438 | Depths:4 | 48438 ||| Stepping randomly (stuck).
 48439 | Depths:4 | 48439 ||| Stepping randomly (stuck).
 48440 | Depths:4 | 48440 ||| Stepping randomly (stuck).
 48441 | Depths:4 | 48441 ||| Stepping randomly (stuck).
 48442 | Depths:4 | 48442 ||| Stepping randomly (stuck).
 48443 | Depths:4 | 48443 ||| Stepping randomly (stuck).
 48444 | Depths:4 | 48444 ||| Stepping randomly (stuck).
 48445 | Depths:4 | 48445 ||| Stepping randomly (stuck).
 48446 | Depths:4 | 48446 ||| Stepping randomly (stuck).
 48447 | Depths:4 | 48447 ||| Stepping randomly (stuck).
 48448 | Depths:4 | 48448 ||| Stepping randomly (stuck).
 48449 | Depths:4 | 48449 ||| Stepping randomly (stuck).
 48450 | Depths:4 | 48450 ||| Stepping randomly (stuck).
 48451 | Depths:4 | 48451 ||| Stepping randomly (stuck).
 48452 | Depths:4 | 48452 ||| Stepping randomly (stuck).
 48453 | Depths:4 | 48453 ||| Stepping randomly (stuck).
 48454 | Depths:4 | 48454 ||| Stepping randomly (stuck).
 48455 | Depths:4 | 48455 ||| Stepping randomly (stuck).
 48456 | Depths:4 | 48456 ||| Stepping randomly (stuck).
 48457 | Depths:4 | 48457 ||| Stepping randomly (stuck).
 48458 | Depths:4 | 48458 ||| Stepping randomly (stuck).
 48459 | Depths:4 | 48459 ||| Stepping randomly (stuck).
 48460 | Depths:4 | 48460 ||| Stepping randomly (stuck).
 48461 | Depths:4 | 48461 ||| Stepping randomly (stuck).
 48462 | Depths:4 | 48462 ||| Stepping randomly (stuck).
 48463 | Depths:4 | 48463 ||| Stepping randomly (stuck).
 48464 | Depths:4 | 48464 ||| Stepping randomly (stuck).
 48465 | Depths:4 | 48465 ||| Stepping randomly (stuck).
 48466 | Depths:4 | 48466 ||| Stepping randomly (stuck).
 48467 | Depths:4 | 48467 ||| Stepping randomly (stuck).
 48468 | Depths:4 | 48468 ||| Stepping randomly (stuck).
 48469 | Depths:4 | 48469 ||| Stepping randomly (stuck).
 48470 | Depths:4 | 48470 ||| Stepping randomly (stuck).
 48471 | Depths:4 | 48471 ||| Stepping randomly (stuck).
 48472 | Depths:4 | 48472 ||| Stepping randomly (stuck).
 48473 | Depths:4 | 48473 ||| Stepping randomly (stuck).
 48474 | Depths:4 | 48474 ||| Stepping randomly (stuck).
 48475 | Depths:4 | 48475 ||| Stepping randomly (stuck).
 48476 | Depths:4 | 48476 ||| Stepping randomly (stuck).
 48477 | Depths:4 | 48477 ||| Stepping randomly (stuck).
 48478 | Depths:4 | 48478 ||| Stepping randomly (stuck).
 48479 | Depths:4 | 48479 ||| Stepping randomly (stuck).
 48480 | Depths:4 | 48480 ||| Stepping randomly (stuck).
 48481 | Depths:4 | 48481 ||| Stepping randomly (stuck).
 48482 | Depths:4 | 48482 ||| Stepping randomly (stuck).
 48483 | Depths:4 | 48483 ||| Stepping randomly (stuck).
 48484 | Depths:4 | 48484 ||| Stepping randomly (stuck).
 48485 | Depths:4 | 48485 ||| Stepping randomly (stuck).
 48486 | Depths:4 | 48486 ||| Stepping randomly (stuck).
 48487 | Depths:4 | 48487 ||| Stepping randomly (stuck).
 48488 | Depths:4 | 48488 ||| Stepping randomly (stuck).
 48489 | Depths:4 | 48489 ||| Stepping randomly (stuck).
 48490 | Depths:4 | 48490 ||| Stepping randomly (stuck).
 48491 | Depths:4 | 48491 ||| Stepping randomly (stuck).
 48492 | Depths:4 | 48492 ||| Stepping randomly (stuck).
 48493 | Depths:4 | 48493 ||| Stepping randomly (stuck).
 48494 | Depths:4 | 48494 ||| Stepping randomly (stuck).
 48495 | Depths:4 | 48495 ||| Stepping randomly (stuck).
 48496 | Depths:4 | 48496 ||| Stepping randomly (stuck).
 48497 | Depths:4 | 48497 ||| Stepping randomly (stuck).
 48498 | Depths:4 | 48498 ||| Stepping randomly (stuck).
 48499 | Depths:4 | 48499 ||| Stepping randomly (stuck).
 48500 | Depths:4 | 48500 ||| Stepping randomly (stuck).
 48501 | Depths:4 | 48501 ||| Stepping randomly (stuck).
 48502 | Depths:4 | 48502 ||| Stepping randomly (stuck).
 48503 | Depths:4 | 48503 ||| Stepping randomly (stuck).
 48504 | Depths:4 | 48504 ||| Stepping randomly (stuck).
 48505 | Depths:4 | 48505 ||| Stepping randomly (stuck).
 48506 | Depths:4 | 48506 ||| Stepping randomly (stuck).
 48507 | Depths:4 | 48507 ||| Stepping randomly (stuck).
 48508 | Depths:4 | 48508 ||| Stepping randomly (stuck).
 48509 | Depths:4 | 48509 ||| Stepping randomly (stuck).
 48510 | Depths:4 | 48510 ||| Stepping randomly (stuck).
 48511 | Depths:4 | 48511 ||| Stepping randomly (stuck).
 48512 | Depths:4 | 48512 ||| Stepping randomly (stuck).
 48513 | Depths:4 | 48513 ||| Stepping randomly (stuck).
 48514 | Depths:4 | 48514 ||| Stepping randomly (stuck).
 48515 | Depths:4 | 48515 ||| Stepping randomly (stuck).
 48516 | Depths:4 | 48516 ||| Stepping randomly (stuck).
 48517 | Depths:4 | 48517 ||| Stepping randomly (stuck).
 48518 | Depths:4 | 48518 ||| Stepping randomly (stuck).
 48519 | Depths:4 | 48519 ||| Stepping randomly (stuck).
 48520 | Depths:4 | 48520 ||| Stepping randomly (stuck).
 48521 | Depths:4 | 48521 ||| Stepping randomly (stuck).
 48522 | Depths:4 | 48522 ||| Stepping randomly (stuck).
 48523 | Depths:4 | 48523 ||| Stepping randomly (stuck).
 48524 | Depths:4 | 48524 ||| Stepping randomly (stuck).
 48525 | Depths:4 | 48525 ||| Stepping randomly (stuck).
 48526 | Depths:4 | 48526 ||| Stepping randomly (stuck).
 48527 | Depths:4 | 48527 ||| Stepping randomly (stuck).
 48528 | Depths:4 | 48528 ||| Stepping randomly (stuck).
 48529 | Depths:4 | 48529 ||| Stepping randomly (stuck).
 48530 | Depths:4 | 48530 ||| Stepping randomly (stuck).
 48531 | Depths:4 | 48531 ||| Stepping randomly (stuck).
 48532 | Depths:4 | 48532 ||| Stepping randomly (stuck).
 48533 | Depths:4 | 48533 ||| Stepping randomly (stuck).
 48534 | Depths:4 | 48534 ||| Stepping randomly (stuck).
 48535 | Depths:4 | 48535 ||| Stepping randomly (stuck).
 48536 | Depths:4 | 48536 ||| Stepping randomly (stuck).
 48537 | Depths:4 | 48537 ||| Stepping randomly (stuck).
 48538 | Depths:4 | 48538 ||| Stepping randomly (stuck).
 48539 | Depths:4 | 48539 ||| Stepping randomly (stuck).
 48540 | Depths:4 | 48540 ||| Stepping randomly (stuck).
 48541 | Depths:4 | 48541 ||| Stepping randomly (stuck).
 48542 | Depths:4 | 48542 ||| Stepping randomly (stuck).
 48543 | Depths:4 | 48543 ||| Stepping randomly (stuck).
 48544 | Depths:4 | 48544 ||| Stepping randomly (stuck).
 48545 | Depths:4 | 48545 ||| Stepping randomly (stuck).
 48546 | Depths:4 | 48546 ||| Stepping randomly (stuck).
 48547 | Depths:4 | 48547 ||| Stepping randomly (stuck).
 48548 | Depths:4 | 48548 ||| Stepping randomly (stuck).
 48549 | Depths:4 | 48549 ||| Stepping randomly (stuck).
 48550 | Depths:4 | 48550 ||| Stepping randomly (stuck).
 48551 | Depths:4 | 48551 ||| Stepping randomly (stuck).
 48552 | Depths:4 | 48552 ||| Stepping randomly (stuck).
 48553 | Depths:4 | 48553 ||| Stepping randomly (stuck).
 48554 | Depths:4 | 48554 ||| Stepping randomly (stuck).
 48555 | Depths:4 | 48555 ||| Stepping randomly (stuck).
 48556 | Depths:4 | 48556 ||| Stepping randomly (stuck).
 48557 | Depths:4 | 48557 ||| Stepping randomly (stuck).
 48558 | Depths:4 | 48558 ||| Stepping randomly (stuck).
 48559 | Depths:4 | 48559 ||| Stepping randomly (stuck).
 48560 | Depths:4 | 48560 ||| Stepping randomly (stuck).
 48561 | Depths:4 | 48561 ||| Stepping randomly (stuck).
 48562 | Depths:4 | 48562 ||| Stepping randomly (stuck).
 48563 | Depths:4 | 48563 ||| Stepping randomly (stuck).
 48564 | Depths:4 | 48564 ||| Stepping randomly (stuck).
 48565 | Depths:4 | 48565 ||| Stepping randomly (stuck).
 48566 | Depths:4 | 48566 ||| Stepping randomly (stuck).
 48567 | Depths:4 | 48567 ||| Stepping randomly (stuck).
 48568 | Depths:4 | 48568 ||| Stepping randomly (stuck).
 48569 | Depths:4 | 48569 ||| Stepping randomly (stuck).
 48570 | Depths:4 | 48570 ||| Stepping randomly (stuck).
 48571 | Depths:4 | 48571 ||| Stepping randomly (stuck).
 48572 | Depths:4 | 48572 ||| Stepping randomly (stuck).
 48573 | Depths:4 | 48573 ||| Stepping randomly (stuck).
 48574 | Depths:4 | 48574 ||| Stepping randomly (stuck).
 48575 | Depths:4 | 48575 ||| Stepping randomly (stuck).
 48576 | Depths:4 | 48576 ||| Stepping randomly (stuck).
 48577 | Depths:4 | 48577 ||| Stepping randomly (stuck).
 48578 | Depths:4 | 48578 ||| Stepping randomly (stuck).
 48579 | Depths:4 | 48579 ||| Stepping randomly (stuck).
 48580 | Depths:4 | 48580 ||| Stepping randomly (stuck).
 48581 | Depths:4 | 48581 ||| Stepping randomly (stuck).
 48582 | Depths:4 | 48582 ||| Stepping randomly (stuck).
 48583 | Depths:4 | 48583 ||| Stepping randomly (stuck).
 48584 | Depths:4 | 48584 ||| Stepping randomly (stuck).
 48585 | Depths:4 | 48585 ||| Stepping randomly (stuck).
 48586 | Depths:4 | 48586 ||| Stepping randomly (stuck).
 48587 | Depths:4 | 48587 ||| Stepping randomly (stuck).
 48588 | Depths:4 | 48588 ||| Stepping randomly (stuck).
 48589 | Depths:4 | 48589 ||| Stepping randomly (stuck).
 48590 | Depths:4 | 48590 ||| Stepping randomly (stuck).
 48591 | Depths:4 | 48591 ||| Stepping randomly (stuck).
 48592 | Depths:4 | 48592 ||| Stepping randomly (stuck).
 48593 | Depths:4 | 48593 ||| Stepping randomly (stuck).
 48594 | Depths:4 | 48594 ||| Stepping randomly (stuck).
 48595 | Depths:4 | 48595 ||| Stepping randomly (stuck).
 48596 | Depths:4 | 48596 ||| Stepping randomly (stuck).
 48597 | Depths:4 | 48597 ||| Stepping randomly (stuck).
 48598 | Depths:4 | 48598 ||| Stepping randomly (stuck).
 48599 | Depths:4 | 48599 ||| Stepping randomly (stuck).
 48600 | Depths:4 | 48600 ||| Stepping randomly (stuck).
 48601 | Depths:4 | 48601 ||| Stepping randomly (stuck).
 48602 | Depths:4 | 48602 ||| Stepping randomly (stuck).
 48603 | Depths:4 | 48603 ||| Stepping randomly (stuck).
 48604 | Depths:4 | 48604 ||| Stepping randomly (stuck).
 48605 | Depths:4 | 48605 ||| Stepping randomly (stuck).
 48606 | Depths:4 | 48606 ||| Stepping randomly (stuck).
 48607 | Depths:4 | 48607 ||| Stepping randomly (stuck).
 48608 | Depths:4 | 48608 ||| Stepping randomly (stuck).
 48609 | Depths:4 | 48609 ||| Stepping randomly (stuck).
 48610 | Depths:4 | 48610 ||| Stepping randomly (stuck).
 48611 | Depths:4 | 48611 ||| Stepping randomly (stuck).
 48612 | Depths:4 | 48612 ||| Stepping randomly (stuck).
 48613 | Depths:4 | 48613 ||| Stepping randomly (stuck).
 48614 | Depths:4 | 48614 ||| Stepping randomly (stuck).
 48615 | Depths:4 | 48615 ||| Stepping randomly (stuck).
 48616 | Depths:4 | 48616 ||| Stepping randomly (stuck).
 48617 | Depths:4 | 48617 ||| Stepping randomly (stuck).
 48618 | Depths:4 | 48618 ||| Stepping randomly (stuck).
 48619 | Depths:4 | 48619 ||| Stepping randomly (stuck).
 48620 | Depths:4 | 48620 ||| Stepping randomly (stuck).
 48621 | Depths:4 | 48621 ||| Stepping randomly (stuck).
 48622 | Depths:4 | 48622 ||| Stepping randomly (stuck).
 48623 | Depths:4 | 48623 ||| Stepping randomly (stuck).
 48624 | Depths:4 | 48624 ||| Stepping randomly (stuck).
 48625 | Depths:4 | 48625 ||| Stepping randomly (stuck).
 48626 | Depths:4 | 48626 ||| Stepping randomly (stuck).
 48627 | Depths:4 | 48627 ||| Stepping randomly (stuck).
 48628 | Depths:4 | 48628 ||| Stepping randomly (stuck).
 48629 | Depths:4 | 48629 ||| Stepping randomly (stuck).
 48630 | Depths:4 | 48630 ||| Stepping randomly (stuck).
 48631 | Depths:4 | 48631 ||| Stepping randomly (stuck).
 48632 | Depths:4 | 48632 ||| Stepping randomly (stuck).
 48633 | Depths:4 | 48633 ||| Stepping randomly (stuck).
 48634 | Depths:4 | 48634 ||| Stepping randomly (stuck).
 48635 | Depths:4 | 48635 ||| Stepping randomly (stuck).
 48636 | Depths:4 | 48636 ||| Stepping randomly (stuck).
 48637 | Depths:4 | 48637 ||| Stepping randomly (stuck).
 48638 | Depths:4 | 48638 ||| Stepping randomly (stuck).
 48639 | Depths:4 | 48639 ||| Stepping randomly (stuck).
 48640 | Depths:4 | 48640 ||| Stepping randomly (stuck).
 48641 | Depths:4 | 48641 ||| Stepping randomly (stuck).
 48642 | Depths:4 | 48642 ||| Stepping randomly (stuck).
 48643 | Depths:4 | 48643 ||| Stepping randomly (stuck).
 48644 | Depths:4 | 48644 ||| Stepping randomly (stuck).
 48645 | Depths:4 | 48645 ||| Stepping randomly (stuck).
 48646 | Depths:4 | 48646 ||| Stepping randomly (stuck).
 48647 | Depths:4 | 48647 ||| Stepping randomly (stuck).
 48648 | Depths:4 | 48648 ||| Stepping randomly (stuck).
 48649 | Depths:4 | 48649 ||| Stepping randomly (stuck).
 48650 | Depths:4 | 48650 ||| Stepping randomly (stuck).
 48651 | Depths:4 | 48651 ||| Stepping randomly (stuck).
 48652 | Depths:4 | 48652 ||| Stepping randomly (stuck).
 48653 | Depths:4 | 48653 ||| Stepping randomly (stuck).
 48654 | Depths:4 | 48654 ||| Stepping randomly (stuck).
 48655 | Depths:4 | 48655 ||| Stepping randomly (stuck).
 48656 | Depths:4 | 48656 ||| Stepping randomly (stuck).
 48657 | Depths:4 | 48657 ||| Stepping randomly (stuck).
 48658 | Depths:4 | 48658 ||| Stepping randomly (stuck).
 48659 | Depths:4 | 48659 ||| Stepping randomly (stuck).
 48660 | Depths:4 | 48660 ||| Stepping randomly (stuck).
 48661 | Depths:4 | 48661 ||| Stepping randomly (stuck).
 48662 | Depths:4 | 48662 ||| Stepping randomly (stuck).
 48663 | Depths:4 | 48663 ||| Stepping randomly (stuck).
 48664 | Depths:4 | 48664 ||| Stepping randomly (stuck).
 48665 | Depths:4 | 48665 ||| Stepping randomly (stuck).
 48666 | Depths:4 | 48666 ||| Stepping randomly (stuck).
 48667 | Depths:4 | 48667 ||| Stepping randomly (stuck).
 48668 | Depths:4 | 48668 ||| Stepping randomly (stuck).
 48669 | Depths:4 | 48669 ||| Stepping randomly (stuck).
 48670 | Depths:4 | 48670 ||| Stepping randomly (stuck).
 48671 | Depths:4 | 48671 ||| Stepping randomly (stuck).
 48672 | Depths:4 | 48672 ||| Stepping randomly (stuck).
 48673 | Depths:4 | 48673 ||| Stepping randomly (stuck).
 48674 | Depths:4 | 48674 ||| Stepping randomly (stuck).
 48675 | Depths:4 | 48675 ||| Stepping randomly (stuck).
 48676 | Depths:4 | 48676 ||| Stepping randomly (stuck).
 48677 | Depths:4 | 48677 ||| Stepping randomly (stuck).
 48678 | Depths:4 | 48678 ||| Stepping randomly (stuck).
 48679 | Depths:4 | 48679 ||| Stepping randomly (stuck).
 48680 | Depths:4 | 48680 ||| Stepping randomly (stuck).
 48681 | Depths:4 | 48681 ||| Stepping randomly (stuck).
 48682 | Depths:4 | 48682 ||| Stepping randomly (stuck).
 48683 | Depths:4 | 48683 ||| Stepping randomly (stuck).
 48684 | Depths:4 | 48684 ||| Stepping randomly (stuck).
 48685 | Depths:4 | 48685 ||| Stepping randomly (stuck).
 48686 | Depths:4 | 48686 ||| Stepping randomly (stuck).
 48687 | Depths:4 | 48687 ||| Stepping randomly (stuck).
 48688 | Depths:4 | 48688 ||| Stepping randomly (stuck).
 48689 | Depths:4 | 48689 ||| Stepping randomly (stuck).
 48690 | Depths:4 | 48690 ||| Stepping randomly (stuck).
 48691 | Depths:4 | 48691 ||| Stepping randomly (stuck).
 48692 | Depths:4 | 48692 ||| Stepping randomly (stuck).
 48693 | Depths:4 | 48693 ||| Stepping randomly (stuck).
 48694 | Depths:4 | 48694 ||| Stepping randomly (stuck).
 48695 | Depths:4 | 48695 ||| Stepping randomly (stuck).
 48696 | Depths:4 | 48696 ||| Stepping randomly (stuck).
 48697 | Depths:4 | 48697 ||| Stepping randomly (stuck).
 48698 | Depths:4 | 48698 ||| Stepping randomly (stuck).
 48699 | Depths:4 | 48699 ||| Stepping randomly (stuck).
 48700 | Depths:4 | 48700 ||| Stepping randomly (stuck).
 48701 | Depths:4 | 48701 ||| Stepping randomly (stuck).
 48702 | Depths:4 | 48702 ||| Stepping randomly (stuck).
 48703 | Depths:4 | 48703 ||| Stepping randomly (stuck).
 48704 | Depths:4 | 48704 ||| Stepping randomly (stuck).
 48705 | Depths:4 | 48705 ||| Stepping randomly (stuck).
 48706 | Depths:4 | 48706 ||| Stepping randomly (stuck).
 48707 | Depths:4 | 48707 ||| Stepping randomly (stuck).
 48708 | Depths:4 | 48708 ||| Stepping randomly (stuck).
 48709 | Depths:4 | 48709 ||| Stepping randomly (stuck).
 48710 | Depths:4 | 48710 ||| Stepping randomly (stuck).
 48711 | Depths:4 | 48711 ||| Stepping randomly (stuck).
 48712 | Depths:4 | 48712 ||| Stepping randomly (stuck).
 48713 | Depths:4 | 48713 ||| Stepping randomly (stuck).
 48714 | Depths:4 | 48714 ||| Stepping randomly (stuck).
 48715 | Depths:4 | 48715 ||| Stepping randomly (stuck).
 48716 | Depths:4 | 48716 ||| Stepping randomly (stuck).
 48717 | Depths:4 | 48717 ||| Stepping randomly (stuck).
 48718 | Depths:4 | 48718 ||| Stepping randomly (stuck).
 48719 | Depths:4 | 48719 ||| Stepping randomly (stuck).
 48720 | Depths:4 | 48720 ||| Stepping randomly (stuck).
 48721 | Depths:4 | 48721 ||| Stepping randomly (stuck).
 48722 | Depths:4 | 48722 ||| Stepping randomly (stuck).
 48723 | Depths:4 | 48723 ||| Stepping randomly (stuck).
 48724 | Depths:4 | 48724 ||| Stepping randomly (stuck).
 48725 | Depths:4 | 48725 ||| Stepping randomly (stuck).
 48726 | Depths:4 | 48726 ||| Stepping randomly (stuck).
 48727 | Depths:4 | 48727 ||| Stepping randomly (stuck).
 48728 | Depths:4 | 48728 ||| Stepping randomly (stuck).
 48729 | Depths:4 | 48729 ||| Stepping randomly (stuck).
 48730 | Depths:4 | 48730 ||| Stepping randomly (stuck).
 48731 | Depths:4 | 48731 ||| Stepping randomly (stuck).
 48732 | Depths:4 | 48732 ||| Stepping randomly (stuck).
 48733 | Depths:4 | 48733 ||| Stepping randomly (stuck).
 48734 | Depths:4 | 48734 ||| Stepping randomly (stuck).
 48735 | Depths:4 | 48735 ||| Stepping randomly (stuck).
 48736 | Depths:4 | 48736 ||| Stepping randomly (stuck).
 48737 | Depths:4 | 48737 ||| Stepping randomly (stuck).
 48738 | Depths:4 | 48738 ||| Stepping randomly (stuck).
 48739 | Depths:4 | 48739 ||| Stepping randomly (stuck).
 48740 | Depths:4 | 48740 ||| Stepping randomly (stuck).
 48741 | Depths:4 | 48741 ||| Stepping randomly (stuck).
 48742 | Depths:4 | 48742 ||| Stepping randomly (stuck).
 48743 | Depths:4 | 48743 ||| Stepping randomly (stuck).
 48744 | Depths:4 | 48744 ||| Stepping randomly (stuck).
 48745 | Depths:4 | 48745 ||| Stepping randomly (stuck).
 48746 | Depths:4 | 48746 ||| Stepping randomly (stuck).
 48747 | Depths:4 | 48747 ||| Stepping randomly (stuck).
 48748 | Depths:4 | 48748 ||| Stepping randomly (stuck).
 48749 | Depths:4 | 48749 ||| Stepping randomly (stuck).
 48750 | Depths:4 | 48750 ||| Stepping randomly (stuck).
 48751 | Depths:4 | 48751 ||| Stepping randomly (stuck).
 48752 | Depths:4 | 48752 ||| Stepping randomly (stuck).
 48753 | Depths:4 | 48753 ||| Stepping randomly (stuck).
 48754 | Depths:4 | 48754 ||| Stepping randomly (stuck).
 48755 | Depths:4 | 48755 ||| Stepping randomly (stuck).
 48756 | Depths:4 | 48756 ||| Stepping randomly (stuck).
 48757 | Depths:4 | 48757 ||| Stepping randomly (stuck).
 48758 | Depths:4 | 48758 ||| Stepping randomly (stuck).
 48759 | Depths:4 | 48759 ||| Stepping randomly (stuck).
 48760 | Depths:4 | 48760 ||| Stepping randomly (stuck).
 48761 | Depths:4 | 48761 ||| Stepping randomly (stuck).
 48762 | Depths:4 | 48762 ||| Stepping randomly (stuck).
 48763 | Depths:4 | 48763 ||| Stepping randomly (stuck).
 48765 | Depths:4 | 48765 ||| Stepping randomly (stuck).
 48766 | Depths:4 | 48766 ||| Stepping randomly (stuck).
 48767 | Depths:4 | 48767 ||| Stepping randomly (stuck).
 48768 | Depths:4 | 48768 ||| Stepping randomly (stuck).
 48769 | Depths:4 | 48769 ||| Stepping randomly (stuck).
 48770 | Depths:4 | 48770 ||| Stepping randomly (stuck).
 48771 | Depths:4 | 48771 ||| Stepping randomly (stuck).
 48772 | Depths:4 | 48772 ||| Stepping randomly (stuck).
 48773 | Depths:4 | 48773 ||| Stepping randomly (stuck).
 48774 | Depths:4 | 48774 ||| Stepping randomly (stuck).
 48775 | Depths:4 | 48775 ||| Stepping randomly (stuck).
 48776 | Depths:4 | 48776 ||| Stepping randomly (stuck).
 48777 | Depths:4 | 48777 ||| Stepping randomly (stuck).
 48778 | Depths:4 | 48778 ||| Stepping randomly (stuck).
 48779 | Depths:4 | 48779 ||| Stepping randomly (stuck).
 48780 | Depths:4 | 48780 ||| Stepping randomly (stuck).
 48781 | Depths:4 | 48781 ||| Stepping randomly (stuck).
 48782 | Depths:4 | 48782 ||| Stepping randomly (stuck).
 48783 | Depths:4 | 48783 ||| Stepping randomly (stuck).
 48784 | Depths:4 | 48784 ||| Stepping randomly (stuck).
 48785 | Depths:4 | 48785 ||| Stepping randomly (stuck).
 48786 | Depths:4 | 48786 ||| Stepping randomly (stuck).
 48787 | Depths:4 | 48787 ||| Stepping randomly (stuck).
 48788 | Depths:4 | 48788 ||| Stepping randomly (stuck).
 48789 | Depths:4 | 48789 ||| Stepping randomly (stuck).
 48790 | Depths:4 | 48790 ||| Stepping randomly (stuck).
 48791 | Depths:4 | 48791 ||| Stepping randomly (stuck).
 48792 | Depths:4 | 48792 ||| Stepping randomly (stuck).
 48793 | Depths:4 | 48793 ||| Stepping randomly (stuck).
 48794 | Depths:4 | 48794 ||| Stepping randomly (stuck).
 48795 | Depths:4 | 48795 ||| Stepping randomly (stuck).
 48796 | Depths:4 | 48796 ||| Stepping randomly (stuck).
 48797 | Depths:4 | 48797 ||| Stepping randomly (stuck).
 48798 | Depths:4 | 48798 ||| Stepping randomly (stuck).
 48799 | Depths:4 | 48799 ||| Stepping randomly (stuck).
 48800 | Depths:4 | 48800 ||| Stepping randomly (stuck).
 48801 | Depths:4 | 48801 ||| Stepping randomly (stuck).
 48802 | Depths:4 | 48802 ||| Stepping randomly (stuck).
 48803 | Depths:4 | 48803 ||| Stepping randomly (stuck).
 48804 | Depths:4 | 48804 ||| Stepping randomly (stuck).
 48805 | Depths:4 | 48805 ||| Stepping randomly (stuck).
 48806 | Depths:4 | 48806 ||| Stepping randomly (stuck).
 48807 | Depths:4 | 48807 ||| Stepping randomly (stuck).
 48808 | Depths:4 | 48808 ||| Stepping randomly (stuck).
 48809 | Depths:4 | 48809 ||| Stepping randomly (stuck).
 48810 | Depths:4 | 48810 ||| Stepping randomly (stuck).
 48811 | Depths:4 | 48811 ||| Stepping randomly (stuck).
 48812 | Depths:4 | 48812 ||| Stepping randomly (stuck).
 48813 | Depths:4 | 48813 ||| Stepping randomly (stuck).
 48814 | Depths:4 | 48814 ||| Stepping randomly (stuck).
 48815 | Depths:4 | 48815 ||| Stepping randomly (stuck).
 48816 | Depths:4 | 48816 ||| Stepping randomly (stuck).
 48817 | Depths:4 | 48817 ||| Stepping randomly (stuck).
 48818 | Depths:4 | 48818 ||| Stepping randomly (stuck).
 48819 | Depths:4 | 48819 ||| Stepping randomly (stuck).
 48820 | Depths:4 | 48820 ||| Stepping randomly (stuck).
 48821 | Depths:4 | 48821 ||| Stepping randomly (stuck).
 48822 | Depths:4 | 48822 ||| Stepping randomly (stuck).
 48823 | Depths:4 | 48823 ||| Stepping randomly (stuck).
 48824 | Depths:4 | 48824 ||| Stepping randomly (stuck).
 48825 | Depths:4 | 48825 ||| Stepping randomly (stuck).
 48826 | Depths:4 | 48826 ||| Stepping randomly (stuck).
 48827 | Depths:4 | 48827 ||| Stepping randomly (stuck).
 48828 | Depths:4 | 48828 ||| Stepping randomly (stuck).
 48829 | Depths:4 | 48829 ||| Stepping randomly (stuck).
 48830 | Depths:4 | 48830 ||| Stepping randomly (stuck).
 48831 | Depths:4 | 48831 ||| Stepping randomly (stuck).
 48832 | Depths:4 | 48832 ||| Stepping randomly (stuck).
 48833 | Depths:4 | 48833 ||| Stepping randomly (stuck).
 48834 | Depths:4 | 48834 ||| Stepping randomly (stuck).
 48835 | Depths:4 | 48835 ||| Stepping randomly (stuck).
 48836 | Depths:4 | 48836 ||| Stepping randomly (stuck).
 48837 | Depths:4 | 48837 ||| Stepping randomly (stuck).
 48838 | Depths:4 | 48838 ||| Stepping randomly (stuck).
 48839 | Depths:4 | 48839 ||| Stepping randomly (stuck).
 48840 | Depths:4 | 48840 ||| Stepping randomly (stuck).
 48841 | Depths:4 | 48841 ||| Stepping randomly (stuck).
 48842 | Depths:4 | 48842 ||| Stepping randomly (stuck).
 48843 | Depths:4 | 48843 ||| Stepping randomly (stuck).
 48844 | Depths:4 | 48844 ||| Stepping randomly (stuck).
 48845 | Depths:4 | 48845 ||| Stepping randomly (stuck).
 48846 | Depths:4 | 48846 ||| Stepping randomly (stuck).
 48847 | Depths:4 | 48847 ||| Stepping randomly (stuck).
 48848 | Depths:4 | 48848 ||| Stepping randomly (stuck).
 48849 | Depths:4 | 48849 ||| Stepping randomly (stuck).
 48850 | Depths:4 | 48850 ||| Stepping randomly (stuck).
 48851 | Depths:4 | 48851 ||| Stepping randomly (stuck).
 48852 | Depths:4 | 48852 ||| Stepping randomly (stuck).
 48853 | Depths:4 | 48853 ||| Stepping randomly (stuck).
 48854 | Depths:4 | 48854 ||| Stepping randomly (stuck).
 48855 | Depths:4 | 48855 ||| Stepping randomly (stuck).
 48856 | Depths:4 | 48856 ||| Stepping randomly (stuck).
 48857 | Depths:4 | 48857 ||| Stepping randomly (stuck).
 48858 | Depths:4 | 48858 ||| Stepping randomly (stuck).
 48859 | Depths:4 | 48859 ||| Stepping randomly (stuck).
 48860 | Depths:4 | 48860 ||| Stepping randomly (stuck).
 48861 | Depths:4 | 48861 ||| Stepping randomly (stuck).
 48862 | Depths:4 | 48862 ||| Stepping randomly (stuck).
 48863 | Depths:4 | 48863 ||| Stepping randomly (stuck).
 48864 | Depths:4 | 48864 ||| Stepping randomly (stuck).
 48865 | Depths:4 | 48865 ||| Stepping randomly (stuck).
 48866 | Depths:4 | 48866 ||| Stepping randomly (stuck).
 48867 | Depths:4 | 48867 ||| Stepping randomly (stuck).
 48868 | Depths:4 | 48868 ||| Stepping randomly (stuck).
 48869 | Depths:4 | 48869 ||| Stepping randomly (stuck).
 48870 | Depths:4 | 48870 ||| Stepping randomly (stuck).
 48871 | Depths:4 | 48871 ||| Stepping randomly (stuck).
 48872 | Depths:4 | 48872 ||| Stepping randomly (stuck).
 48873 | Depths:4 | 48873 ||| Stepping randomly (stuck).
 48874 | Depths:4 | 48874 ||| Stepping randomly (stuck).
 48875 | Depths:4 | 48875 ||| Stepping randomly (stuck).
 48876 | Depths:4 | 48876 ||| Stepping randomly (stuck).
 48876 | Depths:4 | 48876 ||| RIP BAZAAR
 48877 | Depths:4 | 48877 ||| PLANNING DEPTHS
 48923 | Depths:4 | 48923 ||| INVOKING Heroism.
 49054 | Depths:4 | 49054 ||| INVOKING Heroism.
 49058 | Depths:4 | Received a gift from Okawaru
 49070 | Depths:4 | 49070 ||| Stepping ~*~*~tactically~*~*~ (hiding).
 49144 | Depths:4 | Found a gate to the Realm of Zot.
 49144 | Depths:4 | Noticed a golden dragon
 49145 | Depths:4 | 49145 ||| INVOKING Heroism.
 49153 | Depths:4 | Killed a golden dragon
 49284 | Depths:4 | 49284 ||| Stepping ~*~*~tactically~*~*~ (hiding).
 49286 | Depths:4 | 49286 ||| Stepping ~*~*~tactically~*~*~ (hiding).
 49443 | Depths:4 | Noticed a juggernaut
 49444 | Depths:4 | 49444 ||| INVOKING Heroism.
 49461 | Depths:4 | Killed a juggernaut
 49461 | Depths:4 | Received a gift from Okawaru
 49462 | Depths:4 | Reached XP level 24. HP: 140/166 MP: 30/30
 49698 | Depths:4 | 49698 ||| Stepping ~*~*~tactically~*~*~ (hiding).
 49999 | Depths:4 | 49999 ||| PLANNING VAULTS:5
 50271 | Vaults:5 | Entered Level 5 of the Vaults
 50278 | Vaults:5 | Noticed a dread lich
 50279 | Vaults:5 | 50279 ||| INVOKING Heroism.
 50288 | Vaults:5 | 50288 ||| INVOKING Finesse.
 50291 | Vaults:5 | Received a gift from Okawaru
 50303 | Vaults:5 | Reached skill level 12 in Throwing
 50313 | Vaults:5 | Received a gift from Okawaru
 50323 | Vaults:5 | Killed a dread lich
 50328 | Vaults:5 | Reached skill level 21 in Armour
 50344 | Vaults:5 | Received a gift from Okawaru
 50366 | Vaults:5 | 50366 ||| Stepping ~*~*~tactically~*~*~ (stealth).
 50378 | Vaults:5 | 50378 ||| Stepping ~*~*~tactically~*~*~ (stealth).
 50379 | Vaults:5 | 50379 ||| Stepping ~*~*~tactically~*~*~ (stealth).
 50395 | Vaults:5 | 50395 ||| Stepping ~*~*~tactically~*~*~ (hiding).
 50396 | Vaults:5 | 50396 ||| Stepping ~*~*~tactically~*~*~ (hiding).
 50404 | Vaults:5 | 50404 ||| INVOKING Heroism.
 50427 | Vaults:5 | Noticed a dread lich
 50429 | Vaults:5 | 50429 ||| INVOKING Finesse.
 50445 | Vaults:5 | Killed a dread lich
 50457 | Vaults:5 | 50457 ||| Stepping ~*~*~tactically~*~*~ (hiding).
 50458 | Vaults:5 | 50458 ||| Stepping ~*~*~tactically~*~*~ (hiding).
 50487 | Vaults:5 | 50487 ||| Stepping ~*~*~tactically~*~*~ (stealth).
 50500 | Vaults:5 | Identified the +9 quick blade "Yzakoitu" {flame, rPois rC+
                  | Str+4 Int+3}
 50511 | Vaults:5 | 50511 ||| Stepping ~*~*~tactically~*~*~ (stealth).
 50513 | Vaults:5 | 50513 ||| INVOKING Heroism.
 50541 | Vaults:5 | 50541 ||| Stepping ~*~*~tactically~*~*~ (hiding).
 50563 | Vaults:5 | Received a gift from Okawaru
 50584 | Vaults:5 | 50584 ||| Stepping ~*~*~tactically~*~*~ (hiding).
 50586 | Vaults:5 | 50586 ||| Stepping ~*~*~tactically~*~*~ (hiding).
 50587 | Vaults:5 | 50587 ||| Stepping ~*~*~tactically~*~*~ (hiding).
 50616 | Vaults:5 | 50616 ||| Stepping ~*~*~tactically~*~*~ (stealth).
 50618 | Vaults:5 | 50618 ||| Stepping ~*~*~tactically~*~*~ (hiding).
 50633 | Vaults:5 | 50633 ||| Stepping ~*~*~tactically~*~*~ (hiding).
 50661 | Vaults:5 | 50661 ||| Stepping ~*~*~tactically~*~*~ (hiding).
 50662 | Vaults:5 | 50662 ||| Stepping ~*~*~tactically~*~*~ (hiding).
 50688 | Vaults:5 | 50688 ||| INVOKING Heroism.
 50761 | Vaults:5 | 50761 ||| Stepping ~*~*~tactically~*~*~ (hiding).
 50777 | Vaults:5 | 50777 ||| INVOKING Heroism.
 50828 | Vaults:5 | 50828 ||| Stepping ~*~*~tactically~*~*~ (hiding).
 50848 | Vaults:5 | 50848 ||| Stepping ~*~*~tactically~*~*~ (hiding).
 50881 | Vaults:5 | 50881 ||| Stepping ~*~*~tactically~*~*~ (hiding).
 50883 | Vaults:5 | 50883 ||| Stepping ~*~*~tactically~*~*~ (hiding).
 50884 | Vaults:5 | 50884 ||| Stepping ~*~*~tactically~*~*~ (hiding).
 50920 | Vaults:5 | 50920 ||| Stepping ~*~*~tactically~*~*~ (stealth).
 50972 | Vaults:5 | 50972 ||| INVOKING Heroism.
 51003 | Vaults:5 | 51003 ||| Stepping ~*~*~tactically~*~*~ (stealth).
 51008 | Vaults:5 | 51008 ||| INVOKING Heroism.
 51017 | Vaults:5 | 51017 ||| INVOKING Finesse.
 51025 | Vaults:5 | Noticed an ancient lich
 51037 | Vaults:5 | Identified the +8 double sword "Xij Xiuph" {venom, rF+}
 51060 | Vaults:5 | Killed an ancient lich
 51071 | Vaults:5 | 51071 ||| Stepping ~*~*~tactically~*~*~ (hiding).
 51081 | Vaults:5 | Noticed an ancient lich
 51097 | Vaults:5 | 51097 ||| INVOKING Heroism.
 51101 | Vaults:5 | Received a gift from Okawaru
 51133 | Vaults:5 | Killed an ancient lich
 51133 | Vaults:5 | Received a gift from Okawaru
 51187 | Vaults:5 | Reached XP level 25. HP: 56/173 MP: 30/30
 51189 | Vaults:5 | 51189 ||| INVOKING Heroism.
 51214 | Vaults:5 | HP: 43/173 [something/bolt of magma (22)]
 51229 | Vaults:5 | HP: 39/173 [something/bolt of magma (13)]
 51235 | Vaults:5 | HP: 38/173 [something (4)]
 51349 | Vaults:5 | Got a silver rune of Zot
 51390 | Vaults:5 | Identified the +9 great mace of Sagahiv {vamp, rF+++ rC+
                  | Str-4 Int+5}
 51536 | Vaults:5 | Identified the +3 scale mail "Qevvepage" {*Slow rElec rN++
                  | Will+}
 51551 | Vaults:5 | Identified the +0 orcbow "Qockat" {antimagic, rPois rF+
                  | Will+++ Dex-2}
 51919 | Vaults:5 | Found Nepem's Antique Armour Boutique.
 52023 | Vaults:5 | 52023 ||| PLANNING SHOPPING SPREE
 52023 | Vaults:5 | 52023 ||| DROPPING +0 ice dragon scales.
 52292 | Orc:2    | 52292 ||| BUYING potion of heal wounds (70 gold).
 52292 | Orc:2    | Bought a potion of heal wounds for 70 gold pieces
 52292 | Orc:2    | 52292 ||| BUYING potion of might (56 gold).
 52292 | Orc:2    | Bought a potion of might for 56 gold pieces
 52292 | Orc:2    | 52292 ||| BUYING potion of mutation (112 gold).
 52292 | Orc:2    | Bought a potion of mutation for 112 gold pieces
 52462 | D:6      | 52462 ||| BUYING scroll of brand weapon (104 gold).
 52462 | D:6      | Bought a scroll of brand weapon for 104 gold pieces
 52462 | D:6      | 52462 ||| BUYING scroll of enchant weapon (82 gold).
 52462 | D:6      | Bought a scroll of enchant weapon for 82 gold pieces
 52502 | D:7      | 52502 ||| BUYING scroll of brand weapon (123 gold).
 52502 | D:7      | Bought a scroll of brand weapon for 123 gold pieces
 52563 | D:7      | 52563 ||| BUYING +0 robe of Insurance {Fly rF+ rCorr Int-4}
                  | (154 gold).
 52563 | D:7      | Bought the +0 robe of Insurance {Fly rF+ rCorr Int-4} for
                  | 154 gold pieces
 52717 | Orc:2    | 52717 ||| BUYING runed plate armour (910 gold).
 52717 | Orc:2    | Bought a runed plate armour for 910 gold pieces
 52717 | Orc:2    | 52717 ||| DROPPING +0 plate armour of willpower.
 52718 | Orc:2    | 52718 ||| CLEARING SHOPPING LIST
 52718 | Orc:2    | 52718 ||| PLANNING ZOT:1-4
 53006 | Zot:1    | Entered Level 1 of the Realm of Zot
 53007 | Zot:1    | 53007 ||| SWAPPING to +11 broad axe of Salt {freeze, rF++
                  | Int+2 Dex-4 SInv}.
 53028 | Zot:1    | 53028 ||| Stepping ~*~*~tactically~*~*~ (hiding).
 53055 | Zot:1    | Received a gift from Okawaru
 53060 | Zot:1    | 53060 ||| INVOKING Heroism.
 53340 | Zot:1    | Received a gift from Okawaru
 53343 | Zot:1    | 53343 ||| INVOKING Heroism.
 53344 | Zot:1    | 53344 ||| DRINKING 2 potions of cancellation.
 53371 | Zot:1    | 53371 ||| Stepping ~*~*~tactically~*~*~ (stealth).
 53606 | Zot:1    | Noticed an orb of fire
 53607 | Zot:1    | 53607 ||| INVOKING Heroism.
 53608 | Zot:1    | 53608 ||| INVOKING Finesse.
 53617 | Zot:1    | Killed an orb of fire
 53622 | Zot:1    | 53622 ||| Stepping ~*~*~tactically~*~*~ (hiding).
 53639 | Zot:1    | Noticed an orb of fire
 53651 | Zot:1    | Lost mutation: Your mind is acute. (Int +4, Str/Dex -1) [an
                  | orb of fire]
 53653 | Zot:1    | Gained mutation: You are robust. (+10% HP) [an orb of fire]
 53659 | Zot:1    | Gained mutation: You have sharp toenails. [an orb of fire]
 53660 | Zot:1    | Gained mutation: You are dopey. (Int -2) [an orb of fire]
 53663 | Zot:1    | Killed an orb of fire
 54011 | Zot:1    | 54011 ||| DROPPING +0 helmet of intelligence.
 54128 | Zot:2    | 54128 ||| Stepping ~*~*~tactically~*~*~ (hiding).
 54129 | Zot:2    | 54129 ||| Stepping ~*~*~tactically~*~*~ (hiding).
 54131 | Zot:2    | 54131 ||| Stepping ~*~*~tactically~*~*~ (hiding).
 54132 | Zot:2    | 54132 ||| INVOKING Heroism.
 54144 | Zot:2    | 54144 ||| Stepping ~*~*~tactically~*~*~ (stealth).
 54343 | Zot:2    | 54343 ||| Stepping ~*~*~tactically~*~*~ (hiding).
 54348 | Zot:2    | 54348 ||| INVOKING Heroism.
 54520 | Zot:2    | 54520 ||| INVOKING Heroism.
 54719 | Zot:2    | 54719 ||| INVOKING Heroism.
 55089 | Zot:2    | 55089 ||| Stepping randomly (stuck).
 55111 | Zot:3    | 55111 ||| Stepping ~*~*~tactically~*~*~ (hiding).
 55112 | Zot:3    | 55112 ||| FLEEEEING.
 55114 | Zot:3    | 55114 ||| STAIRDANCE
 55137 | Zot:3    | 55137 ||| INVOKING Heroism.
 55157 | Zot:3    | Received a gift from Okawaru
 55162 | Zot:3    | 55162 ||| INVOKING Heroism.
 55181 | Zot:3    | 55181 ||| Stepping ~*~*~tactically~*~*~ (hiding).
 55182 | Zot:3    | 55182 ||| Stepping ~*~*~tactically~*~*~ (hiding).
 55194 | Zot:3    | 55194 ||| INVOKING Heroism.
 55220 | Zot:3    | Received a gift from Okawaru
 55234 | Zot:3    | 55234 ||| Stepping ~*~*~tactically~*~*~ (stealth).
 55237 | Zot:3    | 55237 ||| Stepping ~*~*~tactically~*~*~ (stealth).
 55244 | Zot:3    | 55244 ||| Stepping ~*~*~tactically~*~*~ (stealth).
 55247 | Zot:3    | 55247 ||| Stepping ~*~*~tactically~*~*~ (stealth).
 55254 | Zot:3    | 55254 ||| Stepping ~*~*~tactically~*~*~ (stealth).
 55266 | Zot:3    | 55266 ||| Stepping ~*~*~tactically~*~*~ (stealth).
 55273 | Zot:3    | 55273 ||| Stepping ~*~*~tactically~*~*~ (hiding).
 55276 | Zot:3    | 55276 ||| INVOKING Heroism.
 55297 | Zot:3    | Reached skill level 24 in Fighting
 55314 | Zot:3    | 55314 ||| Stepping ~*~*~tactically~*~*~ (hiding).
 55375 | Zot:3    | Received a gift from Okawaru
 55575 | Zot:3    | Identified the +2 double sword "Xophug" {elec, rCorr}
 55576 | Zot:3    | 55576 ||| Stepping ~*~*~tactically~*~*~ (hiding).
 55639 | Zot:3    | 55639 ||| Stepping ~*~*~tactically~*~*~ (stealth).
 55755 | Zot:3    | Noticed a Killer Klown
 55756 | Zot:3    | 55756 ||| INVOKING Heroism.
 55757 | Zot:3    | 55757 ||| INVOKING Finesse.
 55774 | Zot:3    | 55774 ||| INVOKING Heroism.
 55803 | Zot:3    | Noticed an orb of fire
 55804 | Zot:3    | Killed a Killer Klown
 55804 | Zot:3    | Received a gift from Okawaru
 55806 | Zot:3    | Gained mutation: Your spells are a little easier to cast,
                  | but a little less powerful. [an orb of fire]
 55822 | Zot:3    | Killed an orb of fire
 55950 | Zot:4    | Received a gift from Okawaru
 55952 | Zot:4    | 55952 ||| Stepping ~*~*~tactically~*~*~ (stealth).
 55955 | Zot:4    | 55955 ||| Stepping ~*~*~tactically~*~*~ (stealth).
 55956 | Zot:4    | 55956 ||| Stepping ~*~*~tactically~*~*~ (stealth).
 55957 | Zot:4    | 55957 ||| Stepping ~*~*~tactically~*~*~ (stealth).
 55984 | Zot:4    | 55984 ||| INVOKING Heroism.
 55990 | Zot:4    | Reached XP level 26. HP: 191/203 MP: 29/30
 56039 | Zot:4    | 56039 ||| INVOKING Finesse.
 56040 | Zot:4    | 56040 ||| INVOKING Heroism.
 56054 | Zot:4    | 56054 ||| Stepping ~*~*~tactically~*~*~ (hiding).
 56054 | Zot:4    | Noticed Grunn
 56068 | Zot:4    | Received a gift from Okawaru
 56103 | Zot:4    | Killed Grunn
 56118 | Zot:4    | 56118 ||| Stepping ~*~*~tactically~*~*~ (hiding).
 56119 | Zot:4    | 56119 ||| Stepping ~*~*~tactically~*~*~ (hiding).
 56122 | Zot:4    | 56122 ||| INVOKING Heroism.
 56129 | Zot:4    | HP: 50/202 [??? (13)]
 56130 | Zot:4    | 56130 ||| READING scroll of teleportation.
 56140 | Zot:4    | HP: 51/205 [??? (13)]
 56141 | Zot:4    | 56141 ||| DRINKING 8 potions of heal wounds.
 56147 | Zot:4    | Received a gift from Okawaru
 56253 | Zot:4    | 56253 ||| Stepping ~*~*~tactically~*~*~ (hiding).
 56256 | Zot:4    | 56256 ||| Stepping ~*~*~tactically~*~*~ (hiding).
 56977 | Zot:4    | 56977 ||| PLANNING SLIME:5
 56977 | Zot:4    | 56977 ||| SWAPPING to +4 broad axe "Utu Sihia" {heavy,
                  | rCorr}.
 56978 | Zot:4    | 56978 ||| UPGRADING to scarf "Teluempy" {repulsion, rC+++
                  | Str-3 Stlth+}.
 57353 | Slime:1  | Entered Level 1 of the Pits of Slime
 57357 | Slime:1  | 57357 ||| STAIRDANCE
 57363 | Slime:1  | 57363 ||| STAIRDANCE
 57374 | Slime:1  | 57374 ||| STAIRDANCE
 57380 | Slime:1  | 57380 ||| STAIRDANCE
 57385 | Slime:1  | 57385 ||| STAIRDANCE
 57450 | Slime:1  | Received a gift from Okawaru
 57476 | Slime:2  | 57476 ||| INVOKING Heroism.
 57529 | Slime:3  | 57529 ||| STAIRDANCE
 57535 | Slime:3  | 57535 ||| STAIRDANCE
 57542 | Slime:2  | Reached skill level 9 in Dodging
 57546 | Slime:3  | 57546 ||| STAIRDANCE
 57590 | Slime:4  | 57590 ||| INVOKING Heroism.
 57627 | Slime:5  | Entered Level 5 of the Pits of Slime
 57641 | Slime:5  | Noticed the Royal Jelly
 57642 | Slime:5  | 57642 ||| INVOKING Finesse.
 57657 | Slime:5  | 57657 ||| INVOKING Heroism.
 57672 | Slime:5  | Killed the Royal Jelly
 57760 | Slime:5  | Gained mutation: You are very dopey. (Int -4) [a shining
                  | eye]
 57763 | Slime:5  | Found the +11 Singing Sword {sonic wave}
 57781 | Slime:5  | Found the brooch of Shielding {Spirit SH+8}
 57781 | Slime:5  | Found the +2 Maxwell's thermic engine {flame, freeze, rev}
 57796 | Slime:5  | Identified the +9 hand axe of Hell's Wrath {freeze, *Noise
                  | rElec rF+++ Str-4}
 57830 | Slime:5  | 57830 ||| READING scroll of acquirement.
 57830 | Slime:5  | 57830 ||| ACQUIRING 557 gold pieces
 57830 | Slime:5  | Acquired 557 gold pieces
 57845 | Slime:5  | Got a slimy rune of Zot
 57871 | Slime:5  | Identified the +6 spear "Ani Tea" {freeze, rPois Will-
                  | Int+3 Stlth+}
 57899 | Slime:5  | Identified the +6 great sword "Docreamu" {flame, rC+++
                  | rCorr Int+3}
 58267 | Slime:5  | 58267 ||| PLANNING THE SHINING ONE WORSHIP
 58267 | Slime:5  | 58267 ||| SWAPPING to +8 mithril axe "Arga" {speed, Will+}.
 58268 | Slime:5  | 58268 ||| DROPPING +4 broad axe "Utu Sihia" {heavy, rCorr}.
 58269 | Slime:5  | 58269 ||| DROPPING +0 buckler of Feblo We Zau {rF- rCorr
                  | Dex+2 Slay+6}.
 58270 | Slime:5  | 58270 ||| DROPPING +0 robe of Insurance {Fly rF+ rCorr
                  | Int-4}.
 58271 | Slime:5  | 58271 ||| DROPPING +0 robe of the Sandy God {rCorr Slay+5}.
 58272 | Slime:5  | 58272 ||| DROPPING +1 pair of boots of rampaging.
 58273 | Slime:5  | 58273 ||| UPGRADING to +2 cloak of the Monkey's Uncle
                  | {rElec Will+}.
 58283 | Slime:5  | 58283 ||| DROPPING amulet of Begot {RegenMP +Inv Str+6
                  | Int-4}.
 58284 | Slime:5  | 58284 ||| DROPPING amulet of the acrobat.
 58285 | Slime:5  | 58285 ||| DROPPING ring of resist corrosion.
 58286 | Slime:5  | 58286 ||| READING 3 scrolls labelled WYED JEWADOV.
 58287 | Slime:5  | 58287 ||| DROPPING 2 scrolls of summoning.
 58517 | Temple   | Fell from the grace of Okawaru
 58517 | Temple   | Became a worshipper of the Shining One
 58518 | Temple   | 58518 ||| PLANNING CRYPT
 58748 | Crypt:1  | Entered Level 1 of the Crypt
 58788 | Crypt:1  | Reached * piety under the Shining One
 58854 | Crypt:1  | Reached ** piety under the Shining One
 58967 | Crypt:1  | Reached skill level 11 in Invocations
 58987 | Crypt:1  | Reached *** piety under the Shining One
 59013 | Crypt:1  | 59013 ||| Stepping ~*~*~tactically~*~*~ (stealth).
 59110 | Crypt:1  | 59110 ||| Stepping ~*~*~tactically~*~*~ (stealth).
 59178 | Crypt:1  | Reached **** piety under the Shining One
 59258 | Crypt:1  | Reached skill level 12 in Invocations
 59508 | Crypt:1  | 59508 ||| Stepping ~*~*~tactically~*~*~ (hiding).
 59509 | Crypt:1  | 59509 ||| Stepping ~*~*~tactically~*~*~ (hiding).
 59514 | Crypt:1  | 59514 ||| Stepping ~*~*~tactically~*~*~ (hiding).
 59516 | Crypt:1  | 59516 ||| Stepping ~*~*~tactically~*~*~ (hiding).
 59517 | Crypt:1  | 59517 ||| Stepping ~*~*~tactically~*~*~ (hiding).
 59518 | Crypt:1  | 59518 ||| Stepping ~*~*~tactically~*~*~ (hiding).
 59519 | Crypt:1  | 59519 ||| Stepping ~*~*~tactically~*~*~ (hiding).
 59709 | Crypt:1  | 59709 ||| DROPPING amulet of regeneration.
 59951 | Crypt:2  | 59951 ||| Stepping ~*~*~tactically~*~*~ (stealth).
 59953 | Crypt:2  | 59953 ||| Stepping ~*~*~tactically~*~*~ (hiding).
 59954 | Crypt:2  | 59954 ||| Stepping ~*~*~tactically~*~*~ (hiding).
 60005 | Crypt:2  | Reached ***** piety under the Shining One
 60105 | Crypt:2  | 60105 ||| Stepping ~*~*~tactically~*~*~ (hiding).
 60117 | Crypt:2  | Reached skill level 13 in Invocations
 60117 | Crypt:2  | Noticed an ancient lich
 60118 | Crypt:2  | 60118 ||| INVOKING Summon Divine Warrior.
 60123 | Crypt:2  | 60123 ||| INVOKING Cleansing Flame.
 60124 | Crypt:2  | 60124 ||| INVOKING Cleansing Flame.
 60125 | Crypt:2  | Reached XP level 27. HP: 215/215 MP: 19/32
 60134 | Crypt:2  | Killed an ancient lich
 60207 | Crypt:2  | 60207 ||| Stepping ~*~*~tactically~*~*~ (hiding).
 60234 | Crypt:2  | Identified the +0 chain mail "Onihepp" {Harm Will+ SInv}
 60312 | Crypt:2  | 60312 ||| Stepping ~*~*~tactically~*~*~ (stealth).
 60322 | Crypt:2  | Reached skill level 14 in Invocations
 60335 | Crypt:2  | Reached ****** piety under the Shining One
 60336 | Crypt:2  | 60336 ||| Stepping ~*~*~tactically~*~*~ (stealth).
 60337 | Crypt:2  | 60337 ||| Stepping ~*~*~tactically~*~*~ (stealth).
 60338 | Crypt:2  | 60338 ||| Stepping ~*~*~tactically~*~*~ (stealth).
 60339 | Crypt:2  | 60339 ||| Stepping ~*~*~tactically~*~*~ (stealth).
 60340 | Crypt:2  | 60340 ||| INVOKING Brand Weapon With Holy Wrath.
 60340 | Crypt:2  | Identified a +7 broad axe of holy wrath (a +5 heavy broad
                  | axe blessed by the Shining One)
 60340 | Crypt:2  | Received a gift from the Shining One
 60341 | Crypt:2  | 60341 ||| SWAPPING to +7 broad axe of holy wrath.
 60342 | Crypt:2  | 60342 ||| READING 5 scrolls of enchant weapon.
 60342 | Crypt:2  | 60342 ||| ENCHANTING +7 broad axe of holy wrath.
 60343 | Crypt:2  | 60343 ||| READING 4 scrolls of enchant weapon.
 60343 | Crypt:2  | 60343 ||| ENCHANTING +8 broad axe of holy wrath.
 60406 | Crypt:2  | Noticed Boris
 60407 | Crypt:2  | 60407 ||| INVOKING Summon Divine Warrior.
 60410 | Crypt:2  | 60410 ||| INVOKING Cleansing Flame.
 60411 | Crypt:2  | 60411 ||| INVOKING Cleansing Flame.
 60412 | Crypt:2  | 60412 ||| INVOKING Cleansing Flame.
 60413 | Crypt:2  | 60413 ||| INVOKING Cleansing Flame.
 60414 | Crypt:2  | 60414 ||| INVOKING Cleansing Flame.
 60414 | Crypt:2  | Killed Boris
 60808 | Crypt:2  | 60808 ||| Stepping ~*~*~tactically~*~*~ (stealth).
 61526 | Crypt:2  | Noticed Margery
 61527 | Crypt:2  | 61527 ||| Stepping ~*~*~tactically~*~*~ (hiding).
 61545 | Crypt:2  | Reached skill level 15 in Invocations
 61557 | Crypt:2  | Killed Margery
 61698 | Crypt:3  | Entered Level 3 of the Crypt
 61699 | Crypt:3  | 61699 ||| PLANNING WIZLAB
 61699 | Crypt:3  | 61699 ||| SWAPPING to +8 mithril axe "Arga" {speed, Will+}.
 61768 | Crypt:3  | 61768 ||| Stepping ~*~*~tactically~*~*~ (hiding).
 61956 | Crypt:3  | 61956 ||| FLEEEEING.
 62002 | Crypt:3  | Found a staircase to the Tomb.
 62102 | Crypt:3  | 62102 ||| INVOKING Summon Divine Warrior.
 62110 | Crypt:3  | 62110 ||| INVOKING Cleansing Flame.
 62243 | Crypt:3  | Found a magical portal.
 62275 | WizLab   | Entered The Roulette of Golubria
 62275 | WizLab   | Found a transporter.
 62278 | WizLab   | Found the +2 cloak of the Thief {*Fog Slay-2 SInv Stlth+}
 62278 | WizLab   | Found a corrupted altar of Lugonu.
 62294 | WizLab   | Found a transporter.
 62325 | WizLab   | Found a transporter.
 62329 | WizLab   | 62329 ||| Stepping ~*~*~tactically~*~*~ (hiding).
 62330 | WizLab   | 62330 ||| Stepping ~*~*~tactically~*~*~ (hiding).
 62490 | WizLab   | Reached skill level 16 in Invocations
 62518 | WizLab   | Found a transporter.
 62541 | WizLab   | Found a transporter.
 62596 | WizLab   | Found a transporter.
 62639 | WizLab   | Found a transporter.
 62677 | WizLab   | Found a transporter.
 62680 | WizLab   | Found a corrupted altar of Lugonu.
 62700 | WizLab   | 62700 ||| Stepping ~*~*~tactically~*~*~ (hiding).
 62808 | WizLab   | Found a transporter.
 62860 | WizLab   | Found a transporter.
 62905 | WizLab   | Found a transporter.
 62906 | WizLab   | Found a corrupted altar of Lugonu.
 62932 | WizLab   | Found a transporter.
 62932 | WizLab   | Found a transporter.
 62950 | WizLab   | Found a transporter.
 62950 | WizLab   | Found a transporter.
 62951 | WizLab   | 62951 ||| INVOKING Summon Divine Warrior.
 63006 | WizLab   | 63006 ||| INVOKING Cleansing Flame.
 63054 | WizLab   | Found a transporter.
 63054 | WizLab   | Found a transporter.
 63055 | WizLab   | 63055 ||| INVOKING Summon Divine Warrior.
 63133 | WizLab   | 63133 ||| INVOKING Summon Divine Warrior.
 63140 | WizLab   | Found a transporter.
 63192 | WizLab   | 63192 ||| DROPPING +2 cloak of willpower.
 63193 | WizLab   | 63193 ||| DROPPING +2 cloak of willpower.
 63194 | WizLab   | 63194 ||| DROPPING +2 cloak of stealth.
 63295 | WizLab   | Found a transporter.
 63295 | WizLab   | Found a transporter.
 64375 | Crypt:3  | 64375 ||| PLANNING CRYPT
 64375 | Crypt:3  | 64375 ||| SWAPPING to +9 broad axe of holy wrath.
 64386 | Crypt:3  | 64386 ||| INVOKING Cleansing Flame.
 64396 | Crypt:3  | 64396 ||| INVOKING Cleansing Flame.
 64420 | Crypt:3  | 64420 ||| FLEEEEING.
 64421 | Crypt:3  | 64421 ||| FLEEEEING.
 64422 | Crypt:3  | 64422 ||| FLEEEEING.
 64423 | Crypt:3  | 64423 ||| FLEEEEING.
 64424 | Crypt:3  | 64424 ||| FLEEEEING.
 64425 | Crypt:3  | 64425 ||| FLEEEEING.
 64426 | Crypt:3  | 64426 ||| FLEEEEING.
 64427 | Crypt:3  | 64427 ||| FLEEEEING.
 64428 | Crypt:3  | 64428 ||| FLEEEEING.
 64429 | Crypt:3  | 64429 ||| FLEEEEING.
 64430 | Crypt:3  | 64430 ||| FLEEEEING.
 64431 | Crypt:3  | 64431 ||| FLEEEEING.
 64432 | Crypt:3  | 64432 ||| FLEEEEING.
 64433 | Crypt:3  | 64433 ||| FLEEEEING.
 64434 | Crypt:3  | 64434 ||| FLEEEEING.
 64435 | Crypt:3  | 64435 ||| FLEEEEING.
 64436 | Crypt:3  | 64436 ||| FLEEEEING.
 64437 | Crypt:3  | 64437 ||| FLEEEEING.
 64438 | Crypt:3  | 64438 ||| FLEEEEING.
 64439 | Crypt:3  | 64439 ||| FLEEEEING.
 64441 | Crypt:3  | 64441 ||| STAIRDANCE
 64558 | Crypt:3  | 64558 ||| Stepping ~*~*~tactically~*~*~ (hiding).
 64567 | Crypt:3  | Reached skill level 17 in Invocations
 64595 | Crypt:3  | 64595 ||| Stepping ~*~*~tactically~*~*~ (hiding).
 64596 | Crypt:3  | 64596 ||| Stepping ~*~*~tactically~*~*~ (hiding).
 64598 | Crypt:3  | 64598 ||| Stepping ~*~*~tactically~*~*~ (hiding).
 64728 | Crypt:3  | Noticed an ancient lich
 64950 | Crypt:3  | 64950 ||| PLANNING TOMB
 65030 | Tomb:1   | Entered Level 1 of the Tomb of the Ancients
 65133 | Tomb:1   | 65133 ||| INVOKING Cleansing Flame.
 65136 | Tomb:1   | Reached skill level 18 in Invocations
 65185 | Tomb:1   | Noticed a royal mummy
 65186 | Tomb:1   | 65186 ||| INVOKING Summon Divine Warrior.
 65195 | Tomb:1   | 65195 ||| INVOKING Cleansing Flame.
 65197 | Tomb:1   | Killed a royal mummy
 65204 | Tomb:1   | 65204 ||| INVOKING Cleansing Flame.
 65205 | Tomb:1   | 65205 ||| INVOKING Cleansing Flame.
 65387 | Tomb:1   | 65387 ||| INVOKING Cleansing Flame.
 65390 | Tomb:1   | 65390 ||| INVOKING Cleansing Flame.
 66310 | Tomb:2   | 66310 ||| DRINKING 8 potions of haste.
 66311 | Tomb:2   | 66311 ||| DRINKING 6 potions of attraction.
 66313 | Tomb:2   | 66313 ||| INVOKING Cleansing Flame.
 66314 | Tomb:2   | 66314 ||| INVOKING Cleansing Flame.
 66315 | Tomb:2   | Noticed a royal mummy
 66316 | Tomb:2   | 66316 ||| INVOKING Summon Divine Warrior.
 66319 | Tomb:2   | Reached skill level 19 in Invocations
 66319 | Tomb:2   | Noticed a royal mummy
 66321 | Tomb:2   | Noticed a royal mummy
 66321 | Tomb:2   | Noticed a royal mummy
 66323 | Tomb:2   | Killed a royal mummy
 66326 | Tomb:2   | Killed a royal mummy
 66330 | Tomb:2   | Killed a royal mummy
 66331 | Tomb:2   | Killed a royal mummy
 66333 | Tomb:2   | 66333 ||| INVOKING Cleansing Flame.
 66334 | Tomb:2   | 66334 ||| INVOKING Cleansing Flame.
 66370 | Tomb:2   | 66370 ||| INVOKING Cleansing Flame.
 66371 | Tomb:2   | 66371 ||| INVOKING Cleansing Flame.
 66485 | Tomb:2   | 66485 ||| Stepping ~*~*~tactically~*~*~ (stealth).
 66499 | Tomb:2   | Reached skill level 20 in Invocations
 66502 | Tomb:2   | 66502 ||| INVOKING Cleansing Flame.
 66587 | Tomb:2   | 66587 ||| Stepping ~*~*~tactically~*~*~ (stealth).
 66819 | Tomb:2   | Gained mutation: [Your body sometimes deteriorates upon
                  | taking damage.] [mutagenic glow]
 66830 | Tomb:2   | Gained mutation: You are clumsy. (Dex -2) [mutagenic glow]
 66960 | Tomb:2   | 66960 ||| INVOKING Cleansing Flame.
 66961 | Tomb:2   | 66961 ||| INVOKING Summon Divine Warrior.
 67174 | Tomb:1   | Noticed a royal mummy
 67175 | Tomb:1   | 67175 ||| Stepping ~*~*~tactically~*~*~ (hiding).
 67176 | Tomb:1   | Noticed a royal mummy
 67177 | Tomb:1   | 67177 ||| INVOKING Summon Divine Warrior.
 67179 | Tomb:1   | Noticed a royal mummy
 67179 | Tomb:1   | Noticed a royal mummy
 67181 | Tomb:1   | 67181 ||| INVOKING Cleansing Flame.
 67182 | Tomb:1   | 67182 ||| INVOKING Cleansing Flame.
 67183 | Tomb:1   | 67183 ||| INVOKING Cleansing Flame.
 67183 | Tomb:1   | Noticed a royal mummy
 67184 | Tomb:1   | 67184 ||| INVOKING Cleansing Flame.
 67184 | Tomb:1   | Killed a royal mummy
 67184 | Tomb:1   | Killed a royal mummy
 67188 | Tomb:1   | 67188 ||| INVOKING Cleansing Flame.
 67188 | Tomb:1   | Killed a royal mummy
 67188 | Tomb:1   | HP: 42/215 [something (31)]
 67189 | Tomb:1   | 67189 ||| READING 6 scrolls of teleportation.
 67190 | Tomb:1   | 67190 ||| DRINKING 8 potions of heal wounds.
 67191 | Tomb:1   | Killed a royal mummy
 67389 | Tomb:1   | Noticed a royal mummy
 67389 | Tomb:1   | Noticed a royal mummy
 67390 | Tomb:1   | 67390 ||| INVOKING Cleansing Flame.
 67390 | Tomb:1   | Noticed a royal mummy
 67391 | Tomb:1   | 67391 ||| INVOKING Cleansing Flame.
 67392 | Tomb:1   | 67392 ||| INVOKING Summon Divine Warrior.
 67395 | Tomb:1   | Killed a royal mummy
 67398 | Tomb:1   | 67398 ||| INVOKING Cleansing Flame.
 67402 | Tomb:1   | Killed a royal mummy
 67403 | Tomb:1   | 67403 ||| INVOKING Cleansing Flame.
 67404 | Tomb:1   | 67404 ||| INVOKING Cleansing Flame.
 67405 | Tomb:1   | 67405 ||| INVOKING Cleansing Flame.
 67405 | Tomb:1   | Killed a royal mummy
 67406 | Tomb:1   | 67406 ||| DRINKING 5 potions of magic.
 67407 | Tomb:1   | 67407 ||| INVOKING Cleansing Flame.
 67407 | Tomb:1   | Killed a royal mummy
 67408 | Tomb:1   | Reached skill level 21 in Invocations
 67410 | Tomb:1   | Noticed a royal mummy
 67413 | Tomb:1   | 67413 ||| INVOKING Cleansing Flame.
 67414 | Tomb:1   | 67414 ||| INVOKING Cleansing Flame.
 67414 | Tomb:1   | Killed a royal mummy
 67582 | Tomb:1   | Noticed a royal mummy
 67586 | Tomb:1   | 67586 ||| INVOKING Cleansing Flame.
 67587 | Tomb:1   | 67587 ||| INVOKING Cleansing Flame.
 67590 | Tomb:1   | Killed a royal mummy
 67615 | Tomb:1   | Noticed a royal mummy
 67617 | Tomb:1   | Noticed a royal mummy
 67618 | Tomb:1   | 67618 ||| INVOKING Cleansing Flame.
 67620 | Tomb:1   | Killed a royal mummy
 67621 | Tomb:1   | Noticed a royal mummy
 67622 | Tomb:1   | 67622 ||| INVOKING Cleansing Flame.
 67623 | Tomb:1   | 67623 ||| INVOKING Cleansing Flame.
 67629 | Tomb:1   | 67629 ||| INVOKING Summon Divine Warrior.
 67632 | Tomb:1   | Noticed a royal mummy
 67633 | Tomb:1   | 67633 ||| INVOKING Cleansing Flame.
 67633 | Tomb:1   | Killed a royal mummy
 67636 | Tomb:1   | 67636 ||| INVOKING Cleansing Flame.
 67636 | Tomb:1   | HP: 51/215 [??? (10)]
 67637 | Tomb:1   | 67637 ||| READING 5 scrolls of teleportation.
 67638 | Tomb:1   | 67638 ||| DRINKING 7 potions of heal wounds.
 67799 | Tomb:1   | 67799 ||| INVOKING Cleansing Flame.
 67800 | Tomb:1   | 67800 ||| INVOKING Cleansing Flame.
 67801 | Tomb:1   | 67801 ||| INVOKING Cleansing Flame.
 67802 | Tomb:1   | 67802 ||| INVOKING Summon Divine Warrior.
 67804 | Tomb:1   | Killed a royal mummy
 67811 | Tomb:1   | 67811 ||| INVOKING Cleansing Flame.
 67815 | Tomb:1   | Killed a royal mummy
 67931 | Tomb:1   | 67931 ||| READING scroll of acquirement.
 67931 | Tomb:1   | 67931 ||| ACQUIRING 479 gold pieces
 67931 | Tomb:1   | Acquired 479 gold pieces
 67952 | Tomb:1   | Noticed a royal mummy
 67962 | Tomb:1   | Killed a royal mummy
 68057 | Tomb:1   | Noticed a royal mummy
 68063 | Tomb:1   | Killed a royal mummy
 68071 | Tomb:1   | Noticed a royal mummy
 68072 | Tomb:1   | 68072 ||| INVOKING Summon Divine Warrior.
 68073 | Tomb:1   | Noticed a royal mummy
 68074 | Tomb:1   | Reached skill level 22 in Invocations
 68076 | Tomb:1   | 68076 ||| INVOKING Cleansing Flame.
 68077 | Tomb:1   | 68077 ||| INVOKING Cleansing Flame.
 68077 | Tomb:1   | Killed a royal mummy
 68077 | Tomb:1   | Noticed a royal mummy
 68082 | Tomb:1   | 68082 ||| INVOKING Cleansing Flame.
 68083 | Tomb:1   | 68083 ||| INVOKING Cleansing Flame.
 68084 | Tomb:1   | 68084 ||| INVOKING Cleansing Flame.
 68084 | Tomb:1   | Killed a royal mummy
 68085 | Tomb:1   | 68085 ||| INVOKING Cleansing Flame.
 68086 | Tomb:1   | 68086 ||| INVOKING Cleansing Flame.
 68087 | Tomb:1   | 68087 ||| DRINKING 4 potions of magic.
 68088 | Tomb:1   | 68088 ||| INVOKING Cleansing Flame.
 68088 | Tomb:1   | Killed a royal mummy
 68155 | Tomb:1   | Was forgiven by Okawaru
 68468 | Tomb:2   | 68468 ||| INVOKING Cleansing Flame.
 68469 | Tomb:2   | 68469 ||| INVOKING Cleansing Flame.
 68475 | Tomb:2   | 68475 ||| INVOKING Cleansing Flame.
 68477 | Tomb:2   | 68477 ||| INVOKING Cleansing Flame.
 68479 | Tomb:2   | 68479 ||| INVOKING Cleansing Flame.
 68487 | Tomb:2   | 68487 ||| INVOKING Cleansing Flame.
 68489 | Tomb:2   | 68489 ||| INVOKING Cleansing Flame.
 68685 | Tomb:3   | Entered Level 3 of the Tomb of the Ancients
 68686 | Tomb:3   | 68686 ||| DRINKING 7 potions of haste.
 68687 | Tomb:3   | 68687 ||| DRINKING 5 potions of attraction.
 68690 | Tomb:3   | Gained mutation: You occasionally shout uncontrollably at
                  | your foes. [mutagenic glow]
 68691 | Tomb:3   | Reached skill level 23 in Invocations
 68695 | Tomb:3   | 68695 ||| INVOKING Cleansing Flame.
 68696 | Tomb:3   | Noticed a royal mummy
 68697 | Tomb:3   | 68697 ||| INVOKING Cleansing Flame.
 68698 | Tomb:3   | 68698 ||| INVOKING Cleansing Flame.
 68698 | Tomb:3   | Noticed a royal mummy
 68699 | Tomb:3   | 68699 ||| INVOKING Cleansing Flame.
 68699 | Tomb:3   | Noticed a royal mummy
 68699 | Tomb:3   | Noticed a royal mummy
 68700 | Tomb:3   | 68700 ||| INVOKING Summon Divine Warrior.
 68701 | Tomb:3   | 68701 ||| INVOKING Cleansing Flame.
 68702 | Tomb:3   | 68702 ||| INVOKING Cleansing Flame.
 68702 | Tomb:3   | Noticed a royal mummy
 68703 | Tomb:3   | Reached skill level 24 in Invocations
 68703 | Tomb:3   | 68703 ||| INVOKING Cleansing Flame.
 68703 | Tomb:3   | Killed a royal mummy
 68704 | Tomb:3   | 68704 ||| INVOKING Cleansing Flame.
 68706 | Tomb:3   | 68706 ||| DRINKING 3 potions of magic.
 68707 | Tomb:3   | 68707 ||| INVOKING Cleansing Flame.
 68707 | Tomb:3   | Killed a royal mummy
 68709 | Tomb:3   | 68709 ||| INVOKING Cleansing Flame.
 68710 | Tomb:3   | 68710 ||| INVOKING Cleansing Flame.
 68710 | Tomb:3   | Noticed a royal mummy
 68711 | Tomb:3   | 68711 ||| INVOKING Cleansing Flame.
 68711 | Tomb:3   | Killed a royal mummy
 68712 | Tomb:3   | 68712 ||| INVOKING Cleansing Flame.
 68712 | Tomb:3   | Killed a royal mummy
 68713 | Tomb:3   | 68713 ||| INVOKING Cleansing Flame.
 68714 | Tomb:3   | 68714 ||| INVOKING Cleansing Flame.
 68715 | Tomb:3   | 68715 ||| INVOKING Cleansing Flame.
 68715 | Tomb:3   | Killed a royal mummy
 68716 | Tomb:3   | 68716 ||| INVOKING Cleansing Flame.
 68716 | Tomb:3   | Noticed a royal mummy
 68717 | Tomb:3   | 68717 ||| INVOKING Cleansing Flame.
 68717 | Tomb:3   | Killed a royal mummy
 68717 | Tomb:3   | Noticed a royal mummy
 68718 | Tomb:3   | Reached skill level 25 in Invocations
 68718 | Tomb:3   | 68718 ||| INVOKING Cleansing Flame.
 68721 | Tomb:3   | 68721 ||| INVOKING Cleansing Flame.
 68721 | Tomb:3   | Killed a royal mummy
 68722 | Tomb:3   | 68722 ||| INVOKING Cleansing Flame.
 68722 | Tomb:3   | Killed a royal mummy
 68724 | Tomb:3   | 68724 ||| INVOKING Cleansing Flame.
 68726 | Tomb:3   | 68726 ||| INVOKING Cleansing Flame.
 69032 | Tomb:3   | Found the crystal ball of Wucad Mu {*channel}
 69043 | Tomb:3   | Identified the staff of the Battered Mouths {rPois rF++ rC+
                  | Str-4 Int+3 Poison}
 69049 | Tomb:3   | Identified the +2 troll leather armour "Gowiebeh" {Regen+
                  | rCorr Int+2}
 69087 | Tomb:3   | Identified the amulet of Birdsong {Faith Dex+5}
 69182 | Tomb:3   | Got a golden rune of Zot
 69188 | Tomb:3   | 69188 ||| PLANNING ABYSS
 69188 | Tomb:3   | 69188 ||| DROPPING +2 plate armour of cold resistance.
 69189 | Tomb:3   | 69189 ||| DROPPING +0 cloak of preservation.
 69190 | Tomb:3   | 69190 ||| DROPPING +1 helmet of intelligence.
 69191 | Tomb:3   | 69191 ||| DROPPING amulet of magic regeneration.
 69192 | Tomb:3   | 69192 ||| UPGRADING to amulet of Birdsong {Faith Dex+5}.
 69202 | Tomb:3   | 69202 ||| DROPPING amulet of faith.
 69203 | Tomb:3   | 69203 ||| DROPPING +6 ring of dexterity.
 69204 | Tomb:3   | 69204 ||| DROPPING 4 potions of attraction.
 69205 | Tomb:3   | 69205 ||| DROPPING 8 potions of lignification.
 69825 | Depths:3 | Voluntarily entered the Abyss.
 69943 | Abyss:1  | 69943 ||| Stepping ~*~*~tactically~*~*~ (stealth).
 69967 | Abyss:1  | 69967 ||| Stepping ~*~*~tactically~*~*~ (hiding).
 69968 | Abyss:1  | 69968 ||| Stepping ~*~*~tactically~*~*~ (hiding).
 69969 | Abyss:1  | 69969 ||| Stepping ~*~*~tactically~*~*~ (hiding).
 69970 | Abyss:1  | 69970 ||| Stepping ~*~*~tactically~*~*~ (hiding).
 70017 | Abyss:1  | 70017 ||| Stepping ~*~*~tactically~*~*~ (hiding).
 70029 | Abyss:1  | Lost mutation: You possess an exceptional clarity of mind.
                  | [a neqoxec]
 70047 | Abyss:1  | 70047 ||| Stepping ~*~*~tactically~*~*~ (stealth).
 70048 | Abyss:1  | 70048 ||| Stepping ~*~*~tactically~*~*~ (stealth).
 70071 | Abyss:1  | 70071 ||| Stepping ~*~*~tactically~*~*~ (hiding).
 70078 | Abyss:1  | 70078 ||| Stepping ~*~*~tactically~*~*~ (hiding).
 70090 | Abyss:1  | 70090 ||| Stepping ~*~*~tactically~*~*~ (hiding).
 70093 | Abyss:1  | 70093 ||| Stepping ~*~*~tactically~*~*~ (stealth).
 70096 | Abyss:1  | 70096 ||| Stepping ~*~*~tactically~*~*~ (stealth).
 70099 | Abyss:1  | 70099 ||| Stepping ~*~*~tactically~*~*~ (hiding).
 70102 | Abyss:1  | 70102 ||| Stepping ~*~*~tactically~*~*~ (stealth).
 70117 | Abyss:1  | 70117 ||| Stepping ~*~*~tactically~*~*~ (stealth).
 70119 | Abyss:1  | 70119 ||| Stepping ~*~*~tactically~*~*~ (hiding).
 70136 | Abyss:1  | 70136 ||| Stepping ~*~*~tactically~*~*~ (stealth).
 70138 | Abyss:1  | 70138 ||| Stepping ~*~*~tactically~*~*~ (stealth).
 70142 | Abyss:1  | 70142 ||| Stepping ~*~*~tactically~*~*~ (hiding).
 70166 | Abyss:1  | 70166 ||| Stepping ~*~*~tactically~*~*~ (stealth).
 70170 | Abyss:1  | 70170 ||| Stepping ~*~*~tactically~*~*~ (hiding).
 70260 | Abyss:1  | 70260 ||| Stepping ~*~*~tactically~*~*~ (stealth).
 70261 | Abyss:1  | 70261 ||| Stepping ~*~*~tactically~*~*~ (stealth).
 70263 | Abyss:1  | 70263 ||| Stepping ~*~*~tactically~*~*~ (stealth).
 70267 | Abyss:1  | 70267 ||| Stepping ~*~*~tactically~*~*~ (stealth).
 70273 | Abyss:1  | 70273 ||| Stepping ~*~*~tactically~*~*~ (stealth).
 70309 | Abyss:1  | Found a corrupted altar of Lugonu.
 70344 | Abyss:1  | 70344 ||| Stepping ~*~*~tactically~*~*~ (stealth).
 70346 | Abyss:1  | 70346 ||| Stepping ~*~*~tactically~*~*~ (stealth).
 70407 | Abyss:1  | 70407 ||| Stepping ~*~*~tactically~*~*~ (hiding).
 70426 | Abyss:1  | 70426 ||| Stepping ~*~*~tactically~*~*~ (hiding).
 70472 | Abyss:1  | 70472 ||| Stepping ~*~*~tactically~*~*~ (hiding).
 70548 | Abyss:1  | 70548 ||| Stepping ~*~*~tactically~*~*~ (stealth).
 70550 | Abyss:1  | 70550 ||| Stepping ~*~*~tactically~*~*~ (stealth).
 70583 | Abyss:1  | 70583 ||| Stepping ~*~*~tactically~*~*~ (hiding).
 70584 | Abyss:1  | 70584 ||| Stepping ~*~*~tactically~*~*~ (hiding).
 70611 | Abyss:1  | 70611 ||| Stepping ~*~*~tactically~*~*~ (stealth).
 70634 | Abyss:1  | Reached skill level 26 in Invocations
 70694 | Abyss:1  | 70694 ||| Stepping ~*~*~tactically~*~*~ (hiding).
 70702 | Abyss:1  | 70702 ||| Stepping ~*~*~tactically~*~*~ (hiding).
 70704 | Abyss:1  | 70704 ||| Stepping ~*~*~tactically~*~*~ (hiding).
 70710 | Abyss:1  | 70710 ||| Stepping ~*~*~tactically~*~*~ (hiding).
 70722 | Abyss:1  | Found a corrupted altar of Lugonu.
 70725 | Abyss:1  | 70725 ||| Stepping ~*~*~tactically~*~*~ (stealth).
 70750 | Abyss:1  | Found a blossoming altar of Fedhas.
 70784 | Abyss:1  | 70784 ||| Stepping ~*~*~tactically~*~*~ (stealth).
 70806 | Abyss:1  | 70806 ||| INVOKING Summon Divine Warrior.
 70810 | Abyss:1  | 70810 ||| INVOKING Cleansing Flame.
 70811 | Abyss:1  | 70811 ||| INVOKING Cleansing Flame.
 70819 | Abyss:1  | 70819 ||| Stepping ~*~*~tactically~*~*~ (stealth).
 71122 | Abyss:1  | 71122 ||| Stepping ~*~*~tactically~*~*~ (hiding).
 71338 | Abyss:1  | Noticed a dread lich
 71341 | Abyss:1  | 71341 ||| INVOKING Summon Divine Warrior.
 71346 | Abyss:1  | 71346 ||| INVOKING Cleansing Flame.
 71347 | Abyss:1  | Killed a dread lich
 71419 | Abyss:4  | Found a shimmering altar of Xom.
 71444 | Abyss:4  | 71444 ||| Stepping ~*~*~tactically~*~*~ (stealth).
 71465 | Abyss:4  | 71465 ||| Stepping ~*~*~tactically~*~*~ (stealth).
 71467 | Abyss:4  | 71467 ||| INVOKING Summon Divine Warrior.
 71473 | Abyss:4  | 71473 ||| INVOKING Cleansing Flame.
 71613 | Abyss:4  | 71613 ||| Stepping ~*~*~tactically~*~*~ (hiding).
 71619 | Abyss:4  | Found a corrupted altar of Lugonu.
 71649 | Abyss:4  | Reached skill level 27 in Invocations
 71661 | Abyss:4  | 71661 ||| INVOKING Summon Divine Warrior.
 71665 | Abyss:4  | 71665 ||| INVOKING Cleansing Flame.
 71666 | Abyss:4  | 71666 ||| INVOKING Cleansing Flame.
 71738 | Abyss:4  | Gained mutation: You sometimes lose your temper in combat.
                  | [a cacodemon]
 71743 | Abyss:4  | 71743 ||| DRINKING 5 potions of mutation.
 71743 | Abyss:4  | Lost mutation: You are robust. (+10% HP) [potion of
                  | mutation]
 71743 | Abyss:4  | Lost mutation: [Your body sometimes deteriorates upon
                  | taking damage.] [potion of mutation]
 71743 | Abyss:4  | Lost mutation: You sometimes lose your temper in combat.
                  | [potion of mutation]
 71743 | Abyss:4  | Lost mutation: You occasionally shout uncontrollably at
                  | your foes. [potion of mutation]
 71907 | Abyss:4  | Paralysed by accursed screaming for 1 turns
 72312 | Abyss:4  | 72312 ||| Stepping ~*~*~tactically~*~*~ (stealth).
 72324 | Abyss:4  | Found a corrupted altar of Lugonu.
 72336 | Abyss:4  | 72336 ||| Stepping ~*~*~tactically~*~*~ (hiding).
 72371 | Abyss:4  | 72371 ||| Stepping ~*~*~tactically~*~*~ (stealth).
 72385 | Abyss:4  | 72385 ||| Stepping ~*~*~tactically~*~*~ (stealth).
 72397 | Abyss:4  | 72397 ||| Stepping ~*~*~tactically~*~*~ (stealth).
 72409 | Abyss:4  | 72409 ||| Stepping ~*~*~tactically~*~*~ (hiding).
 72554 | Abyss:4  | 72554 ||| Stepping ~*~*~tactically~*~*~ (stealth).
 72555 | Abyss:4  | 72555 ||| Stepping ~*~*~tactically~*~*~ (stealth).
 72557 | Abyss:4  | 72557 ||| Stepping ~*~*~tactically~*~*~ (hiding).
 72584 | Abyss:4  | 72584 ||| Stepping ~*~*~tactically~*~*~ (hiding).
 72587 | Abyss:4  | 72587 ||| Stepping ~*~*~tactically~*~*~ (stealth).
 72615 | Abyss:4  | 72615 ||| Stepping ~*~*~tactically~*~*~ (cloud).
 72620 | Abyss:4  | 72620 ||| Stepping ~*~*~tactically~*~*~ (hiding).
 72628 | Abyss:4  | 72628 ||| Stepping ~*~*~tactically~*~*~ (stealth).
 72637 | Abyss:4  | Noticed a dread lich
 72637 | Abyss:4  | 72637 ||| INVOKING Summon Divine Warrior.
 72639 | Abyss:4  | 72639 ||| INVOKING Summon Divine Warrior.
 72645 | Abyss:4  | 72645 ||| INVOKING Cleansing Flame.
 72682 | Abyss:4  | 72682 ||| INVOKING Cleansing Flame.
 72710 | Abyss:4  | 72710 ||| Stepping ~*~*~tactically~*~*~ (cloud).
 72854 | Abyss:4  | Reached skill level 24 in Armour
 73040 | Abyss:4  | Found a corrupted altar of Lugonu.
 73049 | Abyss:4  | 73049 ||| INVOKING Cleansing Flame.
 73064 | Abyss:4  | Found a corrupted altar of Lugonu.
 73247 | Abyss:4  | Reached skill level 12 in Dodging
 73247 | Abyss:4  | Found a corrupted altar of Lugonu.
 73268 | Abyss:4  | 73268 ||| INVOKING Cleansing Flame.
 73282 | Abyss:4  | Found a corrupted altar of Lugonu.
 73283 | Abyss:4  | Found a corrupted altar of Lugonu.
 73340 | Abyss:4  | Found a corrupted altar of Lugonu.
 73521 | Abyss:4  | Paralysed by you for 2 turns
 73572 | Abyss:4  | 73572 ||| Stepping ~*~*~tactically~*~*~ (stealth).
 73608 | Abyss:4  | 73608 ||| Stepping ~*~*~tactically~*~*~ (stealth).
 73631 | Abyss:4  | 73631 ||| Stepping ~*~*~tactically~*~*~ (stealth).
 73655 | Abyss:4  | 73655 ||| Stepping ~*~*~tactically~*~*~ (stealth).
 73656 | Abyss:4  | 73656 ||| Stepping ~*~*~tactically~*~*~ (stealth).
 73695 | Abyss:4  | 73695 ||| Stepping ~*~*~tactically~*~*~ (stealth).
 73696 | Abyss:4  | 73696 ||| Stepping ~*~*~tactically~*~*~ (stealth).
 73704 | Abyss:4  | 73704 ||| Stepping ~*~*~tactically~*~*~ (stealth).
 73725 | Abyss:4  | 73725 ||| Stepping ~*~*~tactically~*~*~ (stealth).
 73730 | Abyss:4  | 73730 ||| Stepping ~*~*~tactically~*~*~ (stealth).
 73735 | Abyss:4  | 73735 ||| Stepping ~*~*~tactically~*~*~ (hiding).
 73751 | Abyss:4  | 73751 ||| Stepping ~*~*~tactically~*~*~ (stealth).
 73767 | Abyss:4  | 73767 ||| Stepping ~*~*~tactically~*~*~ (stealth).
 73780 | Abyss:4  | 73780 ||| Stepping ~*~*~tactically~*~*~ (stealth).
 73820 | Abyss:4  | 73820 ||| Stepping ~*~*~tactically~*~*~ (hiding).
 73826 | Abyss:4  | 73826 ||| Stepping ~*~*~tactically~*~*~ (hiding).
 73839 | Abyss:4  | 73839 ||| Stepping ~*~*~tactically~*~*~ (hiding).
 73855 | Abyss:4  | Got an abyssal rune of Zot
 73891 | Abyss:4  | 73891 ||| Stepping ~*~*~tactically~*~*~ (stealth).
 73894 | Abyss:4  | 73894 ||| Stepping ~*~*~tactically~*~*~ (stealth).
 73966 | Abyss:4  | 73966 ||| Stepping ~*~*~tactically~*~*~ (stealth).
 74017 | Abyss:4  | 74017 ||| Stepping ~*~*~tactically~*~*~ (stealth).
 74020 | Abyss:4  | 74020 ||| Stepping ~*~*~tactically~*~*~ (stealth).
 74028 | Abyss:4  | 74028 ||| Stepping ~*~*~tactically~*~*~ (stealth).
 74039 | Abyss:4  | 74039 ||| Stepping ~*~*~tactically~*~*~ (stealth).
 74056 | Abyss:4  | 74056 ||| Stepping ~*~*~tactically~*~*~ (stealth).
 74058 | Abyss:4  | 74058 ||| Stepping ~*~*~tactically~*~*~ (stealth).
 74064 | Abyss:4  | 74064 ||| Stepping ~*~*~tactically~*~*~ (stealth).
 74077 | Abyss:4  | 74077 ||| Stepping ~*~*~tactically~*~*~ (stealth).
 74078 | Abyss:4  | 74078 ||| Stepping ~*~*~tactically~*~*~ (stealth).
 74088 | Abyss:4  | 74088 ||| Stepping ~*~*~tactically~*~*~ (stealth).
 74093 | Abyss:4  | 74093 ||| Stepping ~*~*~tactically~*~*~ (stealth).
 74098 | Abyss:4  | 74098 ||| Stepping ~*~*~tactically~*~*~ (hiding).
 74127 | Abyss:4  | 74127 ||| Stepping ~*~*~tactically~*~*~ (hiding).
 74142 | Abyss:4  | 74142 ||| Stepping ~*~*~tactically~*~*~ (stealth).
 74157 | Abyss:4  | 74157 ||| Stepping ~*~*~tactically~*~*~ (stealth).
 74164 | Abyss:4  | 74164 ||| Stepping ~*~*~tactically~*~*~ (stealth).
 74167 | Abyss:4  | 74167 ||| Stepping ~*~*~tactically~*~*~ (hiding).
 74169 | Abyss:4  | 74169 ||| Stepping ~*~*~tactically~*~*~ (hiding).
 74170 | Abyss:4  | 74170 ||| Stepping ~*~*~tactically~*~*~ (hiding).
 74174 | Abyss:4  | 74174 ||| Stepping ~*~*~tactically~*~*~ (hiding).
 74202 | Abyss:4  | 74202 ||| Stepping ~*~*~tactically~*~*~ (stealth).
 74203 | Abyss:4  | 74203 ||| Stepping ~*~*~tactically~*~*~ (stealth).
 74207 | Abyss:4  | 74207 ||| Stepping ~*~*~tactically~*~*~ (stealth).
 74210 | Abyss:4  | 74210 ||| Stepping ~*~*~tactically~*~*~ (stealth).
 74216 | Abyss:4  | 74216 ||| Stepping ~*~*~tactically~*~*~ (hiding).
 74217 | Abyss:4  | 74217 ||| Stepping ~*~*~tactically~*~*~ (stealth).
 74218 | Abyss:4  | 74218 ||| Stepping ~*~*~tactically~*~*~ (hiding).
 74219 | Abyss:4  | 74219 ||| Stepping ~*~*~tactically~*~*~ (stealth).
 74266 | Abyss:4  | 74266 ||| Stepping ~*~*~tactically~*~*~ (stealth).
 74267 | Abyss:4  | 74267 ||| Stepping ~*~*~tactically~*~*~ (stealth).
 74334 | Abyss:4  | Gained mutation: You are weak. (Str -2) [a neqoxec]
 74360 | Abyss:4  | 74360 ||| Stepping ~*~*~tactically~*~*~ (stealth).
 74361 | Abyss:4  | 74361 ||| Stepping ~*~*~tactically~*~*~ (stealth).
 74366 | Abyss:4  | 74366 ||| Stepping ~*~*~tactically~*~*~ (stealth).
 74370 | Abyss:4  | 74370 ||| Stepping ~*~*~tactically~*~*~ (stealth).
 74389 | Abyss:4  | 74389 ||| Stepping ~*~*~tactically~*~*~ (stealth).
 74391 | Abyss:4  | 74391 ||| Stepping ~*~*~tactically~*~*~ (stealth).
 74413 | Abyss:4  | 74413 ||| Stepping ~*~*~tactically~*~*~ (stealth).
 74419 | Abyss:4  | 74419 ||| Stepping ~*~*~tactically~*~*~ (stealth).
 74457 | Abyss:4  | 74457 ||| Stepping ~*~*~tactically~*~*~ (stealth).
 74462 | Abyss:4  | 74462 ||| INVOKING Summon Divine Warrior.
 74469 | Abyss:4  | 74469 ||| INVOKING Cleansing Flame.
 74475 | Abyss:4  | 74475 ||| INVOKING Cleansing Flame.
 74476 | Abyss:4  | 74476 ||| INVOKING Cleansing Flame.
 74511 | Abyss:4  | 74511 ||| Stepping ~*~*~tactically~*~*~ (cloud).
 74514 | Abyss:4  | 74514 ||| Stepping ~*~*~tactically~*~*~ (cloud).
 74555 | Abyss:4  | 74555 ||| Stepping ~*~*~tactically~*~*~ (hiding).
 74589 | Abyss:4  | Reached skill level 1 in Short Blades
 74593 | Abyss:4  | 74593 ||| Stepping ~*~*~tactically~*~*~ (hiding).
 74635 | Abyss:4  | Paralysed by accursed screaming for 1 turns
 74645 | Abyss:4  | Paralysed by accursed screaming for 2 turns
 74648 | Abyss:4  | 74648 ||| DRINKING 19 potions of curing.
 74648 | Abyss:4  | 74648 ||| (to cure confusion)
 74649 | Abyss:4  | 74649 ||| INVOKING Summon Divine Warrior.
 74654 | Abyss:4  | Paralysed by accursed screaming for 1 turns
 74655 | Abyss:4  | HP: 43/197 [starcursed mass/accursed screaming (11)]
 74656 | Abyss:4  | 74656 ||| READING 5 scrolls of teleportation.
 74657 | Abyss:4  | 74657 ||| DRINKING 6 potions of heal wounds.
 74657 | Abyss:4  | HP: 20/197 [alligator snapping turtle (shapeshifter) (27)]
 74658 | Abyss:4  | 74658 ||| DRINKING 5 potions of heal wounds.
 74659 | Abyss:4  | 74659 ||| DRINKING 4 potions of heal wounds.
 74659 | Abyss:4  | HP: 5/197 [starcursed mass/accursed screaming (20)]
 74659 | Abyss:4  | Paralysed by accursed screaming for 2 turns
 74661 | Abyss:4  | 74661 ||| DRINKING 3 potions of heal wounds.
 74661 | Abyss:4  | Killed from afar by a starcursed mass

Levels and vault maps discovered:
D:1:      matt_arrival_los_fun, layout_loops_ring,
          shapermc_ecumenical_altar_totnotflames
D:2:      minmay_chambers_of_twos, layout_rooms
D:3:      layout_loops_corners, mainiacjoe_overflow_divided_tiny,
          portal_sewer_entry_e, minmay_pentomino_pile
D:4:      layout_loops_cross, nicolae_half_adder, uniq_natasha
D:5:      layout_rooms, pdpol_temple_overflow_zin_treasury_gozag_greed,
          mainiacjoe_overflow_alcove_2, nicolae_uskayaw_suspiria,
          mainiacjoe_overflow_cross_hatched, serial_shops,
          nicolae_shop_overgrown_old_shop, minmay_misc_feat_five,
          nrook_pool_corridor, minmay_misc_feat_columns, nrook_loot_triangle
D:6:      layout_loops_ring, nicolae_overflow_crystal_walls,
          minmay_temple_entry_from_below_a, serial_shops, shop,
          kennysheep_potato
D:7:      layout_loops_corners, general_overflow_altar, serial_shops, shop,
          kennysheep_little_box, nicolae_shop_tiny_statue_garden,
          hangedman_decor_clover_reticule
D:8:      layout_loops_ring, uniq_psyche
D:9:      layout_small_grid, mainiacjoe_overflow_alcove_1
D:10:     layout_rooms, lair_entry_dummy
D:11:     layout_loops_ring, nicolae_nh_vlads_tower
D:12:     layout_roguey, david_orc_5, serial_shops, shop, uniq_fannar
D:13:     nicolae_whirlpool, layout_long_grid, erik_vaults_2
D:14:     layout_cave_pods, serial_shops, nicolae_shop_statue_plus,
          nicolae_ru_awakened_eye
D:15:     gammafunk_enter_depths_forms, layout_irregular_city,
          hangedman_decor_points
Temple:   ebering_untended_altars
Lair:1:   layout_loops_ring, enter_volcano_3, grunt_megastairs_3,
          infiniplex_staircase_pool
Lair:2:   lemuel_slime, layout_chaotic_city, spider_nest_entry_webs,
          gauntlet_entry_generic, st_stairs_12, serial_bayou_shore_a
Lair:3:   layout_roguey, minmay_shoals_entry_centaurs, grunt_megastairs_4
Lair:4:   layout_roguey, nicolae_slime_entry_field_trip,
          portal_ice_cave_demonic_guard
Lair:5:   evilmike_catoblepas_cave, layout_cave_pods, gammafunk_ghost_split,
          ldierk_geyser, lemuel_fruit_fields, lemuel_fruit_tree,
          serial_bayou_shore_b
Shoals:1: layout_shoals, uniq_jorgrun
Shoals:2: layout_shoals, st_sunken_huts
Shoals:3: cheibrodos_shoals_satyrical_garden, layout_shoals,
          ebering_ghost_gozag, argonaut_gorgonesque
Shoals:4: shoals_end_grunt_ice, layout_shoals, serial_shops, statue_bzr,
          nicolae_shoals_the_drawing_of_the_three, uniq_roxanne, uniq_polyphemus
Spider:1: layout_chambers, uniq_nikola
Spider:2: nicolae_spider_hilbert_zone_4 [nicolae_spider_hilbert_4_sides_2_open,
          nicolae_spider_hilbert_4_sides_1_open,
          nicolae_spider_hilbert_4_sides_1_open,
          nicolae_spider_hilbert_4_sides_1_open,
          nicolae_spider_hilbert_4_sides_1_open,
          nicolae_spider_hilbert_2_sides_1_open,
          nicolae_spider_hilbert_2_sides_1_open,
          nicolae_spider_hilbert_2_sides_1_open,
          nicolae_spider_hilbert_2_sides_1_open,
          nicolae_spider_hilbert_6_sides_1_open,
          nicolae_spider_hilbert_6_sides_1_open,
          nicolae_spider_hilbert_3_sides_1_open,
          nicolae_spider_hilbert_3_sides_1_open]
Spider:3: spiders_nest_scorpion_pit, hangedman_spider_tarantella_strand
Spider:4: hellmonk_spider_rune_endless_swarm, drop_trap, uniq_aizul
Slime:1:  layout_caves, cheibrodos_slime_lost_civilization_4
Slime:2:  layout_caves, nicolae_slime_barrier
Slime:3:  layout_caves
Slime:4:  layout_caves
Slime:5
Orc:1:    lemuel_ogre_cave, layout_caves, nicolae_shop_overcharged_wands
Orc:2:    pf_orc_diabolical, layout_caves, serial_shops, shop_statue
Vaults:1: v_misc_10, ontoclasm_vaults_ring_square, v_alt_pattern_4,
          nicolae_vaults_tetromino_Z_1, hangedman_vaults_capsules,
          v_alt_pattern_1, nicolae_vaults_little_ls, hangedman_vaults_trim,
          v_misc_15, hangedman_vaults_maws, nicolae_vaults_little_squares_3,
          layout_vaults_omnigrid, serial_shops,
          nicolae_shop_bloodbath_and_beyond
Vaults:2: minmay_crypt_entry_necro_gods, hangedman_vaults_snaps,
          nicolae_vaults_little_squares_6, nicolae_vaults_border_crossing,
          vaults_room_grunt_arrival_ludios, nicolae_vaults_sesquioval_fish,
          vaults_room_semicircle, vaults_room_fours, vaults_dpeg_diagonal,
          vaults_dpeg_ring, nicolae_vaults_angled_halls,
          nicolae_vaults_shelves_hall, layout_vaults_maze_bifur, serial_shops,
          nicolae_shop_back_alley_shop, uniq_boris
Vaults:3: nicolae_vaults_weapon_check, vaults_room_pools,
          nicolae_vaults_trapezoid_3, v_misc_24,
          vaults_mumra_minichess_inversion, vaults_mumra_bighexcomb,
          nicolae_vaults_variable_pillar_hall, nicolae_vaults_storage_closets_3,
          vaults_room_stairs_pillars, nicolae_vaults_taking_the_gang_shopping,
          v_misc_11, hangedman_vaults_stagger, v_misc_15, v_misc_24,
          layout_vaults_omnibox
Vaults:4: v_rooms_2, serial_ice_m, v_misc_13, nicolae_vaults_mitosis, v_rooms_4,
          nicolae_vaults_sealed_display, nicolae_vaults_little_squares_2,
          nicolae_vaults_heart-shaped_vault, nicolae_vaults_heart-shaped_vault,
          nicolae_vaults_statue_guard, layout_vaults_omnicross, serial_shops,
          nicolae_shop_advertising_works [nicolae_subvault_shop_adworks]
Vaults:5
Crypt:1:  layout_chaotic_city, minmay_misc_feat_ornament, grunt_ministairs_8,
          eino_tiny_chamber, serial_sigils_hangedman_etch
Crypt:2:  grunt_deathspiral_small, layout_catacombs, uniq_margery
Crypt:3:  david_glass_crypt, layout_gridlike, nicolae_tomb_entry_grand_gallery,
          infiniplex_enter_wizlab_water, small_statue_intersection,
          hellmonk_scarab_ruin
Tomb:1
Tomb:2
Tomb:3
Depths:1: layout_gridlike, serial_shops, nicolae_shop_window_shopping,
          lightli_too_deep, chequers_big_river, statue_in_the_mist_lemuel,
          minmay_three_doors
Depths:2: minmay_coctagon, layout_basic, hell_entry, grunt_pan_entry_in_and_out,
          nicolae_ashenzari_skybound, hangedman_abyss_or_decor_stabs,
          nicolae_blasting_shop, minmay_shop_grove, serial_bayou_shore_b,
          uniq_enchantress
Depths:3: nicolae_aperiodic_l_corner, layout_gridlike, enter_ziggurat_a,
          pf_coc_iceberg, serial_bayou_pond_b, abyss_entry, nicolae_titane,
          infiniplex_staircase_zigzag_2
Depths:4: grunt_x_marks_the_spot, layout_gridlike, hell_entry, serial_shops,
          bzr_entry_dummy
Zot:1:    layout_concentric_octagons
Zot:2:    layout_cathedral_of_symmetry, lemuel_elevator
Zot:3:    grunt_zot_stairs_mandelzot, layout_onion_interference,
          nicolae_rock_paper_scissors
Zot:4:    layout_cathedral_of_symmetry, skrybe_zot_glass_3, grunt_megastairs_2,
          uniq_grunn
Abyss:4:  base: Slime:2, hangedman_abyss_rune_flesh_and_stone, minivault_28,
          hangedman_grunt_abyss_rune_horror_hoard,
          hangedman_abyss_stitches_cave, evilmike_abyss_rune_ettins,
          hangedman_abyss_stitches_cave, hangedman_abyss_or_decor_stagger,
          evilmike_abyss_exit_8, evilmike_abyss_exit_mutagenic,
          nicolae_abyss_rune_star_stuff, nicolae_abyss_rune_star_stuff,
          minivault_22, evilmike_abyss_exit_plants,
          hangedman_abyss_rune_macabre_mess, guppyfry_abyss_exit_spiral_guarded,
          nicolae_abyss_rune_left_handed, nicolae_abyss_rune_left_handed,
          spicy_abyss_planar_alliance, evilmike_abyss_rune_siren_acolytes,
          grunt_abyss_rune_wretched_hive

Skill      XL: |  1  2  3  4  5  6  7  8  9 10 11 12 13 14 15 16 17 18 19 20 21 22 23 24 25 26 27 |
---------------+----------------------------------------------------------------------------------+-----
Axes           | 2 3 4 5 6 7 8 10 11 12 13 15 16 18 | 18.0
Fighting       | 4 6 7 8 9 10 11 12 13 15 17 18 19 21 22 24 26 | 26.6
Dodging        | 1 2 3 4 5 6 7 8 10 12 | 12.0
Armour         | 4 5 6 8 10 11 12 14 15 17 18 19 20 21 22 26 | 26.0
Shields        | 4 5 9 10 11 12 13 14 15 16 18 20 21 22 | 22.9
Throwing       | 1 2 4 5 6 7 8 9 10 11 13 14 | 14.0
Invocations    | 1 5 9 10 13 27 | 27.0
Short Blades   | 2 |  2.3

Action                     |  1- 3 |  4- 6 |  7- 9 | 10-12 | 13-15 | 16-18 | 19-21 | 22-24 | 25-27 || total
---------------------------+-------+-------+-------+-------+-------+-------+-------+-------+-------++-------
  Melee: War axe           |   112 |   277 |   217 |   278 |     4 |       |       |       |       ||   888
         Broad axe         |       |       |       |   100 |   564 |   941 |  1000 |  1384 |  2695 ||  6684
         Morningstar       |       |       |       |       |    23 |       |       |       |       ||    23
  Throw: Boomerang         |    22 |    99 |    19 |    57 |    33 |    19 |     6 |     8 |   608 ||   871
         Javelin           |       |       |       |    27 |   202 |   163 |   143 |   103 |   130 ||   768
 Invoke: Heroism           |       |       |       |    13 |    30 |    47 |    13 |    29 |    20 ||   152
         Finesse           |       |       |       |     3 |     9 |     5 |     4 |    10 |     4 ||    35
         Cleansing Flame   |       |       |       |       |       |       |       |       |   101 ||   101
         Summon Divine War |       |       |       |       |       |       |       |       |    23 ||    23
         Brand Weapon With |       |       |       |       |       |       |       |       |     1 ||     1
    Use: Scroll            |     2 |     7 |     7 |     7 |     6 |     4 |     4 |    11 |     9 ||    57
         Potion            |     1 |     2 |       |     1 |       |     3 |     4 |       |    17 ||    28
   Stab: Distracted        |       |       |       |     1 |       |       |       |       |     1 ||     2
         Petrified         |       |       |       |       |       |     4 |       |       |       ||     4
         Petrifying        |       |       |       |       |       |     3 |       |       |       ||     3
 Armour: Scale mail        |    40 |       |       |       |       |       |       |       |       ||    40
         Chain mail        |    33 |   189 |    12 |       |       |       |       |       |       ||   234
         Plate armour      |       |       |   115 |   160 |   289 |   600 |   345 |   363 |   829 ||  2701
  Dodge: Dodged            |    65 |   102 |    56 |    82 |   134 |   276 |   151 |   249 |   762 ||  1877
         Repelled          |       |       |       |     2 |     1 |     9 |     1 |       |    10 ||    23
  Block: Buckler           |    28 |    58 |    39 |    33 |       |       |       |       |       ||   158
         Kite shield       |       |       |       |   100 |   462 |   922 |   281 |       |       ||  1765
         Tower shield      |       |       |       |       |       |       |   379 |   895 |  2149 ||  3423

Table legend:
 A = Non-vault XP
 B = Vault XP
 C = Vault XP percentage of total XP
 D = Non-vault monster count
 E = Vault monster count
 F = Vault count percentage of total count
                 A         B        C        D         E       F
            +---------+---------+-------+---------+---------+-------
      Total | 1013237 |  843581 |  45.4 |    2100 |    1123 |  34.8
            +---------+---------+-------+---------+---------+-------
        D:1 |      44 |       0 |   0.0 |      28 |       0 |   0.0
        D:2 |      31 |      37 |  54.4 |      14 |       8 |  36.4
        D:3 |      35 |      41 |  53.9 |      12 |      13 |  52.0
        D:4 |     463 |     103 |  18.2 |      24 |       6 |  20.0
        D:5 |     780 |       0 |   0.0 |      19 |       0 |   0.0
        D:6 |     743 |     133 |  15.2 |      20 |       1 |   4.8
        D:7 |    1648 |       0 |   0.0 |      31 |       0 |   0.0
        D:8 |    1317 |     371 |  22.0 |      32 |       1 |   3.0
        D:9 |    2103 |       0 |   0.0 |      41 |       0 |   0.0
       D:10 |    4620 |       0 |   0.0 |      32 |       0 |   0.0
       D:11 |    1596 |    3150 |  66.4 |       5 |       9 |  64.3
       D:12 |    2852 |     794 |  21.8 |      18 |      22 |  55.0
       D:13 |    6352 |    7329 |  53.6 |      15 |      11 |  42.3
       D:14 |    6911 |       0 |   0.0 |      17 |       0 |   0.0
       D:15 |   10552 |    6989 |  39.8 |      21 |      12 |  36.4
     Lair:1 |    1870 |    2537 |  57.6 |       9 |      10 |  52.6
     Lair:2 |    7429 |    1823 |  19.7 |      27 |      24 |  47.1
     Lair:3 |    5368 |    6501 |  54.8 |      27 |      13 |  32.5
     Lair:4 |    8719 |    1000 |  10.3 |      27 |       8 |  22.9
     Lair:5 |   15421 |   10350 |  40.2 |      46 |      23 |  33.3
   Shoals:1 |   15279 |    1777 |  10.4 |      28 |       1 |   3.4
   Shoals:2 |   22300 |    5379 |  19.4 |      40 |       9 |  18.4
   Shoals:3 |   20019 |    5579 |  21.8 |      44 |      12 |  21.4
   Shoals:4 |    4692 |   25242 |  84.3 |      12 |      38 |  76.0
   Spider:1 |   15501 |    2279 |  12.8 |      39 |       1 |   2.5
   Spider:2 |   18588 |   10471 |  36.0 |      46 |      13 |  22.0
   Spider:3 |   14022 |    8136 |  36.7 |      33 |      22 |  40.0
   Spider:4 |   16241 |   24119 |  59.8 |      32 |      46 |  59.0
    Slime:1 |    5532 |       0 |   0.0 |      17 |       0 |   0.0
    Slime:2 |    9778 |       0 |   0.0 |      20 |       0 |   0.0
    Slime:3 |    4942 |       0 |   0.0 |       8 |       0 |   0.0
    Slime:4 |    7301 |       0 |   0.0 |      12 |       0 |   0.0
    Slime:5 |   14106 |   24797 |  63.7 |      34 |      18 |  34.6
      Orc:1 |    4160 |    7474 |  64.2 |      35 |      21 |  37.5
      Orc:2 |    3901 |   15921 |  80.3 |      52 |      64 |  55.2
   Vaults:1 |   23018 |   12816 |  35.8 |      28 |      20 |  41.7
   Vaults:2 |   25197 |   24613 |  49.4 |      40 |      27 |  40.3
   Vaults:3 |   18821 |   30902 |  62.1 |      26 |      38 |  59.4
   Vaults:4 |   19750 |   20472 |  50.9 |      32 |      33 |  50.8
   Vaults:5 |   29784 |  102754 |  77.5 |      46 |      84 |  64.6
    Crypt:1 |   26947 |    1792 |   6.2 |      39 |       2 |   4.9
    Crypt:2 |   20878 |   37476 |  64.2 |      31 |      35 |  53.0
    Crypt:3 |   22920 |   14309 |  38.4 |      30 |      24 |  44.4
     Tomb:1 |    2893 |  108917 |  97.4 |       7 |      66 |  90.4
     Tomb:2 |    7179 |   52214 |  87.9 |      19 |      67 |  77.9
     Tomb:3 |   18646 |   78208 |  80.7 |      41 |      84 |  67.2
   Depths:1 |   27914 |    5330 |  16.0 |      45 |       6 |  11.8
   Depths:2 |   19050 |   20339 |  51.6 |      27 |      16 |  37.2
   Depths:3 |   27376 |   47545 |  63.5 |      32 |      43 |  57.3
   Depths:4 |   21550 |   20657 |  48.9 |      27 |      17 |  38.6
      Zot:1 |   41507 |       0 |   0.0 |      31 |       0 |   0.0
      Zot:2 |   22983 |    1772 |   7.2 |      18 |       1 |   5.3
      Zot:3 |   30691 |   38235 |  55.5 |      31 |      30 |  49.2
      Zot:4 |   28539 |   11977 |  29.6 |      23 |       8 |  25.8
    Abyss:1 |   64018 |    2380 |   3.6 |     114 |       8 |   6.6
    Abyss:2 |    2109 |       0 |   0.0 |       2 |       0 |   0.0
    Abyss:4 |  256251 |   19091 |   6.9 |     494 |      27 |   5.2
      Sewer |       0 |     150 | 100.0 |       0 |      35 | 100.0
     WizLab |       0 |   14526 | 100.0 |       0 |      34 | 100.0
   Gauntlet |       0 |    4774 | 100.0 |       0 |      12 | 100.0
            +---------+---------+-------+---------+---------+-------
